Workbook
Name ca: #REF!
Name capitulo: #REF!

Sheet FTI_2 MBB002 
A1: FICHA TÉCNICA DE INDICADORES | E1: FICHA TÉCNICA DE INDICADORES | I1: FICHA TÉCNICA DE INDICADORES | M1: FICHA TÉCNICA DE INDICADORES | Q1: FICHA TÉCNICA DE INDICADORES | U1: FICHA TÉCNICA DE INDICADORES | Y1: FICHA TÉCNICA DE INDICADORES | AC1: FICHA TÉCNICA DE INDICADORES | AG1: FICHA TÉCNICA DE INDICADORES | AK1: FICHA TÉCNICA DE INDICADORES | AO1: FICHA TÉCNICA DE INDICADORES | AS1: FICHA TÉCNICA DE INDICADORES | AW1: FICHA TÉCNICA DE INDICADORES | BA1: FICHA TÉCNICA DE INDICADORES | BE1: FICHA TÉCNICA DE INDICADORES | BI1: FICHA TÉCNICA DE INDICADORES | BM1: FICHA TÉCNICA DE INDICADORES | BQ1: FICHA TÉCNICA DE INDICADORES | BU1: FICHA TÉCNICA DE INDICADORES | BY1: FICHA TÉCNICA DE INDICADORES | CC1: FICHA TÉCNICA DE INDICADORES | CG1: FICHA TÉCNICA DE INDICADORES | CK1: FICHA TÉCNICA DE INDICADORES | CO1: FICHA TÉCNICA DE INDICADORES | CS1: FICHA TÉCNICA DE INDICADORES | CW1: FICHA TÉCNICA DE INDICADORES | DA1: FICHA TÉCNICA DE INDICADORES | DE1: FICHA TÉCNICA DE INDICADORES | DI1: FICHA TÉCNICA DE INDICADORES | DM1: FICHA TÉCNICA DE INDICADORES | DQ1: FICHA TÉCNICA DE INDICADORES
A2: SANTIAGO DE ANAYA HIDALGO | E2: SANTIAGO DE ANAYA HIDALGO | I2: SANTIAGO DE ANAYA HIDALGO | M2: SANTIAGO DE ANAYA HIDALGO | Q2: SANTIAGO DE ANAYA HIDALGO | U2: SANTIAGO DE ANAYA HIDALGO | Y2: SANTIAGO DE ANAYA HIDALGO | AC2: SANTIAGO DE ANAYA HIDALGO | AG2: SANTIAGO DE ANAYA HIDALGO | AK2: SANTIAGO DE ANAYA HIDALGO | AO2: SANTIAGO DE ANAYA HIDALGO | AS2: SANTIAGO DE ANAYA HIDALGO | AW2: SANTIAGO DE ANAYA HIDALGO | BA2: SANTIAGO DE ANAYA HIDALGO | BE2: SANTIAGO DE ANAYA HIDALGO | BI2: SANTIAGO DE ANAYA HIDALGO | BM2: SANTIAGO DE ANAYA HIDALGO | BQ2: SANTIAGO DE ANAYA HIDALGO | BU2: SANTIAGO DE ANAYA HIDALGO | BY2: SANTIAGO DE ANAYA HIDALGO | CC2: SANTIAGO DE ANAYA HIDALGO | CG2: SANTIAGO DE ANAYA HIDALGO | CK2: SANTIAGO DE ANAYA HIDALGO | CO2: SANTIAGO DE ANAYA HIDALGO | CS2: SANTIAGO DE ANAYA HIDALGO | CW2: SANTIAGO DE ANAYA HIDALGO | DA2: SANTIAGO DE ANAYA HIDALGO | DE2: SANTIAGO DE ANAYA HIDALGO | DI2: SANTIAGO DE ANAYA HIDALGO | DM2: SANTIAGO DE ANAYA HIDALGO | DQ2: SANTIAGO DE ANAYA HIDALGO
A3: EJERCICIO 2025 | E3: EJERCICIO 2025 | I3: EJERCICIO 2025 | M3: EJERCICIO 2025 | Q3: EJERCICIO 2025 | U3: EJERCICIO 2025 | Y3: EJERCICIO 2025 | AC3: EJERCICIO 2025 | AG3: EJERCICIO 2025 | AK3: EJERCICIO 2025 | AO3: EJERCICIO 2025 | AS3: EJERCICIO 2025 | AW3: EJERCICIO 2025 | BA3: EJERCICIO 2025 | BE3: EJERCICIO 2025 | BI3: EJERCICIO 2025 | BM3: EJERCICIO 2025 | BQ3: EJERCICIO 2025 | BU3: EJERCICIO 2025 | BY3: EJERCICIO 2025 | CC3: EJERCICIO 2025 | CG3: EJERCICIO 2025 | CK3: EJERCICIO 2025 | CO3: EJERCICIO 2025 | CS3: EJERCICIO 2025 | CW3: EJERCICIO 2025 | DA3: EJERCICIO 2025 | DE3: EJERCICIO 2025 | DI3: EJERCICIO 2025 | DM3: EJERCICIO 2025 | DQ3: EJERCICIO 2025
A4: I. DATOS DE IDENTIFICACIÓN | E4: I. DATOS DE IDENTIFICACIÓN | I4: I. DATOS DE IDENTIFICACIÓN | M4: I. DATOS DE IDENTIFICACIÓN | Q4: I. DATOS DE IDENTIFICACIÓN | U4: I. DATOS DE IDENTIFICACIÓN | Y4: I. DATOS DE IDENTIFICACIÓN | AC4: I. DATOS DE IDENTIFICACIÓN | AG4: I. DATOS DE IDENTIFICACIÓN | AK4: I. DATOS DE IDENTIFICACIÓN | AO4: I. DATOS DE IDENTIFICACIÓN | AS4: I. DATOS DE IDENTIFICACIÓN | AW4: I. DATOS DE IDENTIFICACIÓN | BA4: I. DATOS DE IDENTIFICACIÓN | BE4: I. DATOS DE IDENTIFICACIÓN | BI4: I. DATOS DE IDENTIFICACIÓN | BM4: I. DATOS DE IDENTIFICACIÓN | BQ4: I. DATOS DE IDENTIFICACIÓN | BU4: I. DATOS DE IDENTIFICACIÓN | BY4: I. DATOS DE IDENTIFICACIÓN | CC4: I. DATOS DE IDENTIFICACIÓN | CG4: I. DATOS DE IDENTIFICACIÓN | CK4: I. DATOS DE IDENTIFICACIÓN | CO4: I. DATOS DE IDENTIFICACIÓN | CS4: I. DATOS DE IDENTIFICACIÓN | CW4: I. DATOS DE IDENTIFICACIÓN | DA4: I. DATOS DE IDENTIFICACIÓN | DE4: I. DATOS DE IDENTIFICACIÓN | DI4: I. DATOS DE IDENTIFICACIÓN | DM4: I. DATOS DE IDENTIFICACIÓN | DQ4: I. DATOS DE IDENTIFICACIÓN
A5: PROGRAMA PRESUPUESTARIO (PP) | C5: MBB002- SANTIAGO DE ANAYA UN MUNICIPIO QUE BUSCA EL BIENESTAR DEL PUEBLO. | E5: PROGRAMA PRESUPUESTARIO (PP) | G5: MBB002- SANTIAGO DE ANAYA UN MUNICIPIO QUE BUSCA EL BIENESTAR DEL PUEBLO. | I5: PROGRAMA PRESUPUESTARIO (PP) | K5: MBB002- SANTIAGO DE ANAYA UN MUNICIPIO QUE BUSCA EL BIENESTAR DEL PUEBLO. | M5: PROGRAMA PRESUPUESTARIO (PP) | O5: MBB002- SANTIAGO DE ANAYA UN MUNICIPIO QUE BUSCA EL BIENESTAR DEL PUEBLO. | Q5: PROGRAMA PRESUPUESTARIO (PP) | S5: MBB002- SANTIAGO DE ANAYA UN MUNICIPIO QUE BUSCA EL BIENESTAR DEL PUEBLO. | U5: PROGRAMA PRESUPUESTARIO (PP) | W5: MBB002- SANTIAGO DE ANAYA UN MUNICIPIO QUE BUSCA EL BIENESTAR DEL PUEBLO. | Y5: PROGRAMA PRESUPUESTARIO (PP) | AA5: MBB002- SANTIAGO DE ANAYA UN MUNICIPIO QUE BUSCA EL BIENESTAR DEL PUEBLO. | AC5: PROGRAMA PRESUPUESTARIO (PP) | AE5: MBB002- SANTIAGO DE ANAYA UN MUNICIPIO QUE BUSCA EL BIENESTAR DEL PUEBLO. | AG5: PROGRAMA PRESUPUESTARIO (PP) | AI5: MBB002- SANTIAGO DE ANAYA UN MUNICIPIO QUE BUSCA EL BIENESTAR DEL PUEBLO. | AK5: PROGRAMA PRESUPUESTARIO (PP) | AM5: MBB002- SANTIAGO DE ANAYA UN MUNICIPIO QUE BUSCA EL BIENESTAR DEL PUEBLO. | AO5: PROGRAMA PRESUPUESTARIO (PP) | AQ5: MBB002- SANTIAGO DE ANAYA UN MUNICIPIO QUE BUSCA EL BIENESTAR DEL PUEBLO. | AS5: PROGRAMA PRESUPUESTARIO (PP) | AU5: MBB002- SANTIAGO DE ANAYA UN MUNICIPIO QUE BUSCA EL BIENESTAR DEL PUEBLO. | AW5: PROGRAMA PRESUPUESTARIO (PP) | AY5: MBB002- SANTIAGO DE ANAYA UN MUNICIPIO QUE BUSCA EL BIENESTAR DEL PUEBLO. | BA5: PROGRAMA PRESUPUESTARIO (PP) | BC5: MBB002- SANTIAGO DE ANAYA UN MUNICIPIO QUE BUSCA EL BIENESTAR DEL PUEBLO. | BE5: PROGRAMA PRESUPUESTARIO (PP) | BG5: MBB002- SANTIAGO DE ANAYA UN MUNICIPIO QUE BUSCA EL BIENESTAR DEL PUEBLO. | BI5: PROGRAMA PRESUPUESTARIO (PP) | BK5: MBB002- SANTIAGO DE ANAYA UN MUNICIPIO QUE BUSCA EL BIENESTAR DEL PUEBLO. | BM5: PROGRAMA PRESUPUESTARIO (PP) | BO5: MBB002- SANTIAGO DE ANAYA UN MUNICIPIO QUE BUSCA EL BIENESTAR DEL PUEBLO. | BQ5: PROGRAMA PRESUPUESTARIO (PP) | BS5: MBB002- SANTIAGO DE ANAYA UN MUNICIPIO QUE BUSCA EL BIENESTAR DEL PUEBLO. | BU5: PROGRAMA PRESUPUESTARIO (PP) | BW5: MBB002- SANTIAGO DE ANAYA UN MUNICIPIO QUE BUSCA EL BIENESTAR DEL PUEBLO. | BY5: PROGRAMA PRESUPUESTARIO (PP) | CA5: MBB002- SANTIAGO DE ANAYA UN MUNICIPIO QUE BUSCA EL BIENESTAR DEL PUEBLO. | CC5: PROGRAMA PRESUPUESTARIO (PP) | CE5: MBB002- SANTIAGO DE ANAYA UN MUNICIPIO QUE BUSCA EL BIENESTAR DEL PUEBLO. | CG5: PROGRAMA PRESUPUESTARIO (PP) | CI5: MBB002- SANTIAGO DE ANAYA UN MUNICIPIO QUE BUSCA EL BIENESTAR DEL PUEBLO. | CK5: PROGRAMA PRESUPUESTARIO (PP) | CM5: MBB002- SANTIAGO DE ANAYA UN MUNICIPIO QUE BUSCA EL BIENESTAR DEL PUEBLO. | CO5: PROGRAMA PRESUPUESTARIO (PP) | CQ5: MBB002- SANTIAGO DE ANAYA UN MUNICIPIO QUE BUSCA EL BIENESTAR DEL PUEBLO. | CS5: PROGRAMA PRESUPUESTARIO (PP) | CU5: MBB002- SANTIAGO DE ANAYA UN MUNICIPIO QUE BUSCA EL BIENESTAR DEL PUEBLO. | CW5: PROGRAMA PRESUPUESTARIO (PP) | CY5: MBB002- SANTIAGO DE ANAYA UN MUNICIPIO QUE BUSCA EL BIENESTAR DEL PUEBLO. | DA5: PROGRAMA PRESUPUESTARIO (PP) | DC5: MBB002- SANTIAGO DE ANAYA UN MUNICIPIO QUE BUSCA EL BIENESTAR DEL PUEBLO. | DE5: PROGRAMA PRESUPUESTARIO (PP) | DG5: MBB002- SANTIAGO DE ANAYA UN MUNICIPIO QUE BUSCA EL BIENESTAR DEL PUEBLO. | DI5: PROGRAMA PRESUPUESTARIO (PP) | DK5: MBB002- SANTIAGO DE ANAYA UN MUNICIPIO QUE BUSCA EL BIENESTAR DEL PUEBLO. | DM5: PROGRAMA PRESUPUESTARIO (PP) | DO5: MBB002- SANTIAGO DE ANAYA UN MUNICIPIO QUE BUSCA EL BIENESTAR DEL PUEBLO. | DQ5: PROGRAMA PRESUPUESTARIO (PP) | DS5: MBB002- SANTIAGO DE ANAYA UN MUNICIPIO QUE BUSCA EL BIENESTAR DEL PUEBLO.
A6: UNIDAD RESPONSABLE | C6: ='DES01 2025'!F141 -> SISTEMA DIF MUNICIPAL | E6: UNIDAD RESPONSABLE | G6: =+'DES01 2025'!F142 -> SISTEMA DIF MUNICIPAL | I6: UNIDAD RESPONSABLE | K6: =+'DES01 2025'!F143 -> SISTEMA DIF MUNICIPAL | M6: UNIDAD RESPONSABLE | O6: =+'DES01 2025'!F144 -> SISTEMA DIF MUNICIPAL | Q6: UNIDAD RESPONSABLE | S6: =+'DES01 2025'!F145 -> SISTEMA DIF MUNICIPAL | U6: UNIDAD RESPONSABLE | W6: =+'DES01 2025'!F146 -> SISTEMA DIF MUNICIPAL | Y6: UNIDAD RESPONSABLE | AA6: =+'DES01 2025'!F147 -> SISTEMA DIF MUNICIPAL | AC6: UNIDAD RESPONSABLE | AE6: =+'DES01 2025'!F148 -> SISTEMA DIF MUNICIPAL | AG6: UNIDAD RESPONSABLE | AI6: =+'DES01 2025'!F149 -> SISTEMA DIF MUNICIPAL | AK6: UNIDAD RESPONSABLE | AM6: =+'DES01 2025'!F150 -> SISTEMA DIF MUNICIPAL | AO6: UNIDAD RESPONSABLE | AQ6: =+'DES01 2025'!F151 -> SISTEMA DIF MUNICIPAL | AS6: UNIDAD RESPONSABLE | AU6: =+'DES01 2025'!F152 -> DESARROLLO SOCIAL | AW6: UNIDAD RESPONSABLE | AY6: =+'DES01 2025'!F153 -> DESARROLLO SOCIAL | BA6: UNIDAD RESPONSABLE | BC6: =+'DES01 2025'!F154 -> DESARROLLO SOCIAL | BE6: UNIDAD RESPONSABLE | BG6: =+'DES01 2025'!F155 -> DESARROLLO SOCIAL | BI6: UNIDAD RESPONSABLE | BK6: =+'DES01 2025'!F156 -> ENLACE DE ATENCIÓN DEL ADULTO MAYOR | BM6: UNIDAD RESPONSABLE | BO6: =+'DES01 2025'!F157 -> ENLACE DE ATENCIÓN DEL ADULTO MAYOR | BQ6: UNIDAD RESPONSABLE | BS6: =+'DES01 2025'!F158 -> ENLACE DE ATENCIÓN DEL ADULTO MAYOR | BU6: UNIDAD RESPONSABLE | BW6: =+'DES01 2025'!F159 -> IMJUVE Y DEPORTE | BY6: UNIDAD RESPONSABLE | CA6: =+'DES01 2025'!F160 -> IMJUVE Y DEPORTE | CC6: UNIDAD RESPONSABLE | CE6: =+'DES01 2025'!F161 -> IMJUVE Y DEPORTE | CG6: UNIDAD RESPONSABLE | CI6: =+'DES01 2025'!F162 -> COMUNIDADES INDÍGENAS | CK6: UNIDAD RESPONSABLE | CM6: =+'DES01 2025'!F163 -> COMUNIDADES INDÍGENAS | CO6: UNIDAD RESPONSABLE | CQ6: =+'DES01 2025'!F164 -> COMUNIDADES INDÍGENAS | CS6: UNIDAD RESPONSABLE | CU6: =+'DES01 2025'!$F165 -> INSTANCIA MUNICIPAL PARA EL DESARROLLO DE LAS MUJERES | CW6: UNIDAD RESPONSABLE | CY6: =+'DES01 2025'!$F166 -> INSTANCIA MUNICIPAL PARA EL DESARROLLO DE LAS MUJERES | DA6: UNIDAD RESPONSABLE | DC6: =+'DES01 2025'!$F167 -> INSTANCIA MUNICIPAL PARA EL DESARROLLO DE LAS MUJERES | DE6: UNIDAD RESPONSABLE | DG6: =+'DES01 2025'!$F168 -> SIPINNA | DI6: UNIDAD RESPONSABLE | DK6: =+'DES01 2025'!$F169 -> SIPINNA | DM6: UNIDAD RESPONSABLE | DO6: =+'DES01 2025'!$F170 -> SIPINNA | DQ6: UNIDAD RESPONSABLE | DS6: =+'DES01 2025'!$F171 -> SIPINNA
A7: EJE DEL PLAN MUNICIPAL DE DESARROLLO | C7: EJE 2. SANTIAGO DE ANAYA UN MUNICIPIO QUE BUSCA EL BIENESTAR DEL PUEBLO. | E7: EJE DEL PLAN MUNICIPAL DE DESARROLLO | G7: =C7 -> EJE 2. SANTIAGO DE ANAYA UN MUNICIPIO QUE BUSCA EL BIENESTAR DEL PUEBLO. | I7: EJE DEL PLAN MUNICIPAL DE DESARROLLO | K7: =G7 -> EJE 2. SANTIAGO DE ANAYA UN MUNICIPIO QUE BUSCA EL BIENESTAR DEL PUEBLO. | M7: EJE DEL PLAN MUNICIPAL DE DESARROLLO | O7: =K7 -> EJE 2. SANTIAGO DE ANAYA UN MUNICIPIO QUE BUSCA EL BIENESTAR DEL PUEBLO. | Q7: EJE DEL PLAN MUNICIPAL DE DESARROLLO | S7: =O7 -> EJE 2. SANTIAGO DE ANAYA UN MUNICIPIO QUE BUSCA EL BIENESTAR DEL PUEBLO. | U7: EJE DEL PLAN MUNICIPAL DE DESARROLLO | W7: =S7 -> EJE 2. SANTIAGO DE ANAYA UN MUNICIPIO QUE BUSCA EL BIENESTAR DEL PUEBLO. | Y7: EJE DEL PLAN MUNICIPAL DE DESARROLLO | AA7: =W7 -> EJE 2. SANTIAGO DE ANAYA UN MUNICIPIO QUE BUSCA EL BIENESTAR DEL PUEBLO. | AC7: EJE DEL PLAN MUNICIPAL DE DESARROLLO | AE7: =AA7 -> EJE 2. SANTIAGO DE ANAYA UN MUNICIPIO QUE BUSCA EL BIENESTAR DEL PUEBLO. | AG7: EJE DEL PLAN MUNICIPAL DE DESARROLLO | AI7: =AE7 -> EJE 2. SANTIAGO DE ANAYA UN MUNICIPIO QUE BUSCA EL BIENESTAR DEL PUEBLO. | AK7: EJE DEL PLAN MUNICIPAL DE DESARROLLO | AM7: =AI7 -> EJE 2. SANTIAGO DE ANAYA UN MUNICIPIO QUE BUSCA EL BIENESTAR DEL PUEBLO. | AO7: EJE DEL PLAN MUNICIPAL DE DESARROLLO | AQ7: =+AM7 -> EJE 2. SANTIAGO DE ANAYA UN MUNICIPIO QUE BUSCA EL BIENESTAR DEL PUEBLO. | AS7: EJE DEL PLAN MUNICIPAL DE DESARROLLO | AU7: =+AQ7 -> EJE 2. SANTIAGO DE ANAYA UN MUNICIPIO QUE BUSCA EL BIENESTAR DEL PUEBLO. | AW7: EJE DEL PLAN MUNICIPAL DE DESARROLLO | AY7: =+AU7 -> EJE 2. SANTIAGO DE ANAYA UN MUNICIPIO QUE BUSCA EL BIENESTAR DEL PUEBLO. | BA7: EJE DEL PLAN MUNICIPAL DE DESARROLLO | BC7: =AY7 -> EJE 2. SANTIAGO DE ANAYA UN MUNICIPIO QUE BUSCA EL BIENESTAR DEL PUEBLO. | BE7: EJE DEL PLAN MUNICIPAL DE DESARROLLO | BG7: =BC7 -> EJE 2. SANTIAGO DE ANAYA UN MUNICIPIO QUE BUSCA EL BIENESTAR DEL PUEBLO. | BI7: EJE DEL PLAN MUNICIPAL DE DESARROLLO | BK7: =BG7 -> EJE 2. SANTIAGO DE ANAYA UN MUNICIPIO QUE BUSCA EL BIENESTAR DEL PUEBLO. | BM7: EJE DEL PLAN MUNICIPAL DE DESARROLLO | BO7: =BK7 -> EJE 2. SANTIAGO DE ANAYA UN MUNICIPIO QUE BUSCA EL BIENESTAR DEL PUEBLO. | BQ7: EJE DEL PLAN MUNICIPAL DE DESARROLLO | BS7: =BO7 -> EJE 2. SANTIAGO DE ANAYA UN MUNICIPIO QUE BUSCA EL BIENESTAR DEL PUEBLO. | BU7: EJE DEL PLAN MUNICIPAL DE DESARROLLO | BW7: =BS7 -> EJE 2. SANTIAGO DE ANAYA UN MUNICIPIO QUE BUSCA EL BIENESTAR DEL PUEBLO. | BY7: EJE DEL PLAN MUNICIPAL DE DESARROLLO | CA7: =BW7 -> EJE 2. SANTIAGO DE ANAYA UN MUNICIPIO QUE BUSCA EL BIENESTAR DEL PUEBLO. | CC7: EJE DEL PLAN MUNICIPAL DE DESARROLLO | CE7: =CA7 -> EJE 2. SANTIAGO DE ANAYA UN MUNICIPIO QUE BUSCA EL BIENESTAR DEL PUEBLO. | CG7: EJE DEL PLAN MUNICIPAL DE DESARROLLO | CI7: =CE7 -> EJE 2. SANTIAGO DE ANAYA UN MUNICIPIO QUE BUSCA EL BIENESTAR DEL PUEBLO. | CK7: EJE DEL PLAN MUNICIPAL DE DESARROLLO | CM7: =CI7 -> EJE 2. SANTIAGO DE ANAYA UN MUNICIPIO QUE BUSCA EL BIENESTAR DEL PUEBLO. | CO7: EJE DEL PLAN MUNICIPAL DE DESARROLLO | CQ7: =+'DES01 2025'!D164 -> EJE 1: UN GOBIERNO CERCANO, JUSTO Y HONESTO DE LA MANO CON EL PUEBLO DE SANTIAGO DE ANAYA | CS7: EJE DEL PLAN MUNICIPAL DE DESARROLLO | CU7: =+'DES01 2025'!$D165 -> EJE 1: UN GOBIERNO CERCANO, JUSTO Y HONESTO DE LA MANO CON EL PUEBLO DE SANTIAGO DE ANAYA | CW7: EJE DEL PLAN MUNICIPAL DE DESARROLLO | CY7: =+'DES01 2025'!$D166 -> EJE 1: UN GOBIERNO CERCANO, JUSTO Y HONESTO DE LA MANO CON EL PUEBLO DE SANTIAGO DE ANAYA | DA7: EJE DEL PLAN MUNICIPAL DE DESARROLLO | DC7: =+'DES01 2025'!$D167 -> EJE 1: UN GOBIERNO CERCANO, JUSTO Y HONESTO DE LA MANO CON EL PUEBLO DE SANTIAGO DE ANAYA | DE7: EJE DEL PLAN MUNICIPAL DE DESARROLLO | DG7: =+'DES01 2025'!$D168 -> EJE 1: UN GOBIERNO CERCANO, JUSTO Y HONESTO DE LA MANO CON EL PUEBLO DE SANTIAGO DE ANAYA | DI7: EJE DEL PLAN MUNICIPAL DE DESARROLLO | DK7: =+'DES01 2025'!$D169 -> EJE 1: UN GOBIERNO CERCANO, JUSTO Y HONESTO DE LA MANO CON EL PUEBLO DE SANTIAGO DE ANAYA | DM7: EJE DEL PLAN MUNICIPAL DE DESARROLLO | DO7: =+'DES01 2025'!$D170 -> EJE 1: UN GOBIERNO CERCANO, JUSTO Y HONESTO DE LA MANO CON EL PUEBLO DE SANTIAGO DE ANAYA | DQ7: EJE DEL PLAN MUNICIPAL DE DESARROLLO | DS7: =+'DES01 2025'!$D171 -> EJE TRANSVERSAL SERVICIOS PÚBLICOS MUNICIPALES INTEGRALES Y SOSTENIBLES
A9: CLASIFICACIÓN DEL PROGRAMA | C9: MBB002- | E9: CLASIFICACIÓN DEL PROGRAMA | G9: =C9 -> MBB002- | I9: CLASIFICACIÓN DEL PROGRAMA | K9: =G9 -> MBB002- | M9: CLASIFICACIÓN DEL PROGRAMA | O9: =K9 -> MBB002- | Q9: CLASIFICACIÓN DEL PROGRAMA | S9: =O9 -> MBB002- | U9: CLASIFICACIÓN DEL PROGRAMA | W9: =S9 -> MBB002- | Y9: CLASIFICACIÓN DEL PROGRAMA | AA9: =W9 -> MBB002- | AC9: CLASIFICACIÓN DEL PROGRAMA | AE9: =AA9 -> MBB002- | AG9: CLASIFICACIÓN DEL PROGRAMA | AI9: =AE9 -> MBB002- | AK9: CLASIFICACIÓN DEL PROGRAMA | AM9: =AI9 -> MBB002- | AO9: CLASIFICACIÓN DEL PROGRAMA | AQ9: =AM9 -> MBB002- | AS9: CLASIFICACIÓN DEL PROGRAMA | AU9: =AQ9 -> MBB002- | AW9: CLASIFICACIÓN DEL PROGRAMA | AY9: =AU9 -> MBB002- | BA9: CLASIFICACIÓN DEL PROGRAMA | BC9: =AY9 -> MBB002- | BE9: CLASIFICACIÓN DEL PROGRAMA | BG9: =BC9 -> MBB002- | BI9: CLASIFICACIÓN DEL PROGRAMA | BK9: =BG9 -> MBB002- | BM9: CLASIFICACIÓN DEL PROGRAMA | BO9: =BK9 -> MBB002- | BQ9: CLASIFICACIÓN DEL PROGRAMA | BS9: =BO9 -> MBB002- | BU9: CLASIFICACIÓN DEL PROGRAMA | BW9: =BS9 -> MBB002- | BY9: CLASIFICACIÓN DEL PROGRAMA | CA9: =BW9 -> MBB002- | CC9: CLASIFICACIÓN DEL PROGRAMA | CE9: =CA9 -> MBB002- | CG9: CLASIFICACIÓN DEL PROGRAMA | CI9: =CE9 -> MBB002- | CK9: CLASIFICACIÓN DEL PROGRAMA | CM9: =CI9 -> MBB002- | CO9: CLASIFICACIÓN DEL PROGRAMA | CQ9: =CM9 -> MBB002- | CS9: CLASIFICACIÓN DEL PROGRAMA | CU9: =CQ9 -> MBB002- | CW9: CLASIFICACIÓN DEL PROGRAMA | CY9: =CU9 -> MBB002- | DA9: CLASIFICACIÓN DEL PROGRAMA | DC9: =CY9 -> MBB002- | DE9: CLASIFICACIÓN DEL PROGRAMA | DG9: =DC9 -> MBB002- | DI9: CLASIFICACIÓN DEL PROGRAMA | DK9: =DG9 -> MBB002- | DM9: CLASIFICACIÓN DEL PROGRAMA | DO9: =DK9 -> MBB002- | DQ9: CLASIFICACIÓN DEL PROGRAMA | DS9: =DO9 -> MBB002-
A10: II. DATOS DE IDENTIFICACIÓN DEL INDICADOR | E10: II. DATOS DE IDENTIFICACIÓN DEL INDICADOR | I10: II. DATOS DE IDENTIFICACIÓN DEL INDICADOR | M10: II. DATOS DE IDENTIFICACIÓN DEL INDICADOR | Q10: II. DATOS DE IDENTIFICACIÓN DEL INDICADOR | U10: II. DATOS DE IDENTIFICACIÓN DEL INDICADOR | Y10: II. DATOS DE IDENTIFICACIÓN DEL INDICADOR | AC10: II. DATOS DE IDENTIFICACIÓN DEL INDICADOR | AG10: II. DATOS DE IDENTIFICACIÓN DEL INDICADOR | AK10: II. DATOS DE IDENTIFICACIÓN DEL INDICADOR | AO10: II. DATOS DE IDENTIFICACIÓN DEL INDICADOR | AS10: II. DATOS DE IDENTIFICACIÓN DEL INDICADOR | AW10: II. DATOS DE IDENTIFICACIÓN DEL INDICADOR | BA10: II. DATOS DE IDENTIFICACIÓN DEL INDICADOR | BE10: II. DATOS DE IDENTIFICACIÓN DEL INDICADOR | BI10: II. DATOS DE IDENTIFICACIÓN DEL INDICADOR | BM10: II. DATOS DE IDENTIFICACIÓN DEL INDICADOR | BQ10: II. DATOS DE IDENTIFICACIÓN DEL INDICADOR | BU10: II. DATOS DE IDENTIFICACIÓN DEL INDICADOR | BY10: II. DATOS DE IDENTIFICACIÓN DEL INDICADOR | CC10: II. DATOS DE IDENTIFICACIÓN DEL INDICADOR | CG10: II. DATOS DE IDENTIFICACIÓN DEL INDICADOR | CK10: II. DATOS DE IDENTIFICACIÓN DEL INDICADOR | CO10: II. DATOS DE IDENTIFICACIÓN DEL INDICADOR | CS10: II. DATOS DE IDENTIFICACIÓN DEL INDICADOR | CW10: II. DATOS DE IDENTIFICACIÓN DEL INDICADOR | DA10: II. DATOS DE IDENTIFICACIÓN DEL INDICADOR | DE10: II. DATOS DE IDENTIFICACIÓN DEL INDICADOR | DI10: II. DATOS DE IDENTIFICACIÓN DEL INDICADOR | DM10: II. DATOS DE IDENTIFICACIÓN DEL INDICADOR | DQ10: II. DATOS DE IDENTIFICACIÓN DEL INDICADOR
A11: NOMBRE DEL INDICADOR | E11: NOMBRE DEL INDICADOR | I11: NOMBRE DEL INDICADOR | M11: NOMBRE DEL INDICADOR | Q11: NOMBRE DEL INDICADOR | U11: NOMBRE DEL INDICADOR | Y11: NOMBRE DEL INDICADOR | AC11: NOMBRE DEL INDICADOR | AG11: NOMBRE DEL INDICADOR | AK11: NOMBRE DEL INDICADOR | AO11: NOMBRE DEL INDICADOR | AS11: NOMBRE DEL INDICADOR | AW11: NOMBRE DEL INDICADOR | BA11: NOMBRE DEL INDICADOR | BE11: NOMBRE DEL INDICADOR | BI11: NOMBRE DEL INDICADOR | BM11: NOMBRE DEL INDICADOR | BQ11: NOMBRE DEL INDICADOR | BU11: NOMBRE DEL INDICADOR | BY11: NOMBRE DEL INDICADOR | CC11: NOMBRE DEL INDICADOR | CG11: NOMBRE DEL INDICADOR | CK11: NOMBRE DEL INDICADOR | CO11: NOMBRE DEL INDICADOR | CS11: NOMBRE DEL INDICADOR | CW11: NOMBRE DEL INDICADOR | DA11: NOMBRE DEL INDICADOR | DE11: NOMBRE DEL INDICADOR | DI11: NOMBRE DEL INDICADOR | DM11: NOMBRE DEL INDICADOR | DQ11: NOMBRE DEL INDICADOR
A12: ='DES01 2025'!J141 -> Porcentaje de población en situación de pobreza extrema. | E12: ='DES01 2025'!J142 -> Porcentajde de por acceso a la seguridad social | I12: ='DES01 2025'!J143 -> Porcentaje de servicios entregados a la ciudadana en favor del cuidado de la salud | M12: ='DES01 2025'!J144 -> Porcentaje de pacientes beneficiados con terapias de rehabilitación otorgadas por la UBR. | Q12: ='DES01 2025'!J145 -> Porcentaje de terapia ocupacional brindada a la ciudadanía | U12: ='DES01 2025'!J146 -> Porcentaje de terapias de lenguaje brindadas a la ciudadanía. | Y12: ='DES01 2025'!J147 -> Porcentaje de consultas otorgadas a la población que necesita del servicio. | AC12: ='DES01 2025'!J148 -> Porcentaje de consultas de especialidades otorgadas a la población vulnerable | AG12: ='DES01 2025'!J149 -> Porcentaje de servicios de radiología ofrecidos a la población | AK12: ='DES01 2025'!J150 -> Porcentaje de pacientes beneficiados con servicios dentales. | AO12: ='DES01 2025'!J151 -> Porcentaje de traslados realizados a pacientes que lo solicitaron. | AS12: ='DES01 2025'!J152 -> Porcentaje de programas sociales realizados en favor de los grupos vulnerables | AW12: ='DES01 2025'!J153 -> Porcentaje de familias beneficiadas con programas de mejoramiento de vivienda | BA12: ='DES01 2025'!J154 -> Porcentaje de personas beneficiadas con el programa de cuarto dormitorio y piso firme. | BE12: ='DES01 2025'!J155 -> Porcentaje de beneficiarios con la Expo-Economía social | BI12: ='DES01 2025'!J156 -> Porcentaje de acciones realizadas que integran a la población adulta | BM12: ='DES01 2025'!J157 -> Porcentaje de sesiones para la atención de los adultos mayores. | BQ12: ='DES01 2025'!J158 -> Porcentaje de talleres realizados para la elaboración de manualidades | BU12: ='DES01 2025'!J159 -> Porcentaje de actividades que promueven el deporte y la participación activa de los jovenes | BY12: ='DES01 2025'!J160 -> Porcentaje de servicios ofecidos para las juventudes Santiaguenses | CC12: ='DES01 2025'!J161 -> Porcentaje de mantenimientos realizados a los espacios deportivos en el municipio. | CG12: ='DES01 2025'!J162 -> Porcentaje de localidades del municipio que han sido registradas como comunidades indígenas. | CK12: ='DES01 2025'!J163 -> Porcentaje de representantes indígenas promovidos en las comunidades. | CO12: ='DES01 2025'!J164 -> Porcentaje de talleres realizados de la lengua materna hñahñú. | CS12: ='DES01 2025'!$J165 -> Porcentaje de acciones para fortalecer a las mujeres Santiaguenses | CW12: ='DES01 2025'!$J166 -> Porcentaje de capacitaciones realizadas para la erradicación de la violencia de genero en el gobierno municipal. | DA12: ='DES01 2025'!$J167 -> Porcentaje de asesorias psicológicas y jurídicas realizadas a mujeres. | DE12: ='DES01 2025'!$J168 -> Porcentaje de acciones para contribuir al fortalecimiento de la protección de los derechos de las niñas, niños y adolescentes de Santiago de Anaya. | DI12: ='DES01 2025'!$J169 -> Porcentaje de difusiones de información sobre la protección y difusión de los derechos de las NNA y prevención de violencia. | DM12: ='DES01 2025'!$J170 -> Porcentaje de talleres enfocados a promover los derechos de las niñas, niños y adolescentes. | DQ12: ='DES01 2025'!$J171 -> Porcentaje de asesorías jurídicas realizadas para hacer valer y respectar los derechos de las NNA.
A14: IDENTIFICACIÓN DEL INDICADOR | B14: ='DES01 2025'!I141 -> MBB00201 | C14: DIMENSIÓN A MEDIR | D14: ='DES01 2025'!N141 -> Eficacia | E14: IDENTIFICACIÓN DEL INDICADOR | F14: ='DES01 2025'!I142 -> MBB00202 | G14: DIMENSIÓN A MEDIR | H14: ='DES01 2025'!N142 -> Eficacia | I14: IDENTIFICACIÓN DEL INDICADOR | J14: ='DES01 2025'!I143 -> MBB00203 | K14: DIMENSIÓN A MEDIR | L14: ='DES01 2025'!N143 -> Eficiencia | M14: IDENTIFICACIÓN DEL INDICADOR | N14: ='DES01 2025'!I144 -> MBB00204 | O14: DIMENSIÓN A MEDIR | P14: ='DES01 2025'!N144 -> Eficiencia | Q14: IDENTIFICACIÓN DEL INDICADOR | R14: ='DES01 2025'!I145 -> MBB00205 | S14: DIMENSIÓN A MEDIR | T14: ='DES01 2025'!N145 -> Eficiencia | U14: IDENTIFICACIÓN DEL INDICADOR | V14: ='DES01 2025'!I146 -> MBB00206 | W14: DIMENSIÓN A MEDIR | X14: ='DES01 2025'!N146 -> Eficiencia | Y14: IDENTIFICACIÓN DEL INDICADOR | Z14: ='DES01 2025'!I147 -> MBB00207 | AA14: DIMENSIÓN A MEDIR | AB14: ='DES01 2025'!N147 -> Eficiencia | AC14: IDENTIFICACIÓN DEL INDICADOR | AD14: ='DES01 2025'!I148 -> MBB00208 | AE14: DIMENSIÓN A MEDIR | AF14: ='DES01 2025'!N148 -> Eficiencia | AG14: IDENTIFICACIÓN DEL INDICADOR | AH14: ='DES01 2025'!I149 -> MBB00209 | AI14: DIMENSIÓN A MEDIR | AJ14: ='DES01 2025'!N149 -> Eficiencia | AK14: IDENTIFICACIÓN DEL INDICADOR | AL14: ='DES01 2025'!I150 -> MBB00210 | AM14: DIMENSIÓN A MEDIR | AN14: ='DES01 2025'!N150 -> Eficiencia | AO14: IDENTIFICACIÓN DEL INDICADOR | AP14: ='DES01 2025'!I151 -> MBB00211 | AQ14: DIMENSIÓN A MEDIR | AR14: ='DES01 2025'!N151 -> Eficiencia | AS14: IDENTIFICACIÓN DEL INDICADOR | AT14: ='DES01 2025'!I152 -> MBB00212 | AU14: DIMENSIÓN A MEDIR | AV14: ='DES01 2025'!N152 -> Eficacia | AW14: IDENTIFICACIÓN DEL INDICADOR | AX14: ='DES01 2025'!I153 -> MBB00213 | AY14: DIMENSIÓN A MEDIR | AZ14: ='DES01 2025'!N153 -> Eficiencia | BA14: IDENTIFICACIÓN DEL INDICADOR | BB14: ='DES01 2025'!I154 -> MBB00214 | BC14: DIMENSIÓN A MEDIR | BD14: ='DES01 2025'!N154 -> Eficiencia | BE14: IDENTIFICACIÓN DEL INDICADOR | BF14: ='DES01 2025'!I155 -> MBB00215 | BG14: DIMENSIÓN A MEDIR | BH14: ='DES01 2025'!N155 -> Eficiencia | BI14: IDENTIFICACIÓN DEL INDICADOR | BJ14: ='DES01 2025'!I156 -> MBB00216 | BK14: DIMENSIÓN A MEDIR | BL14: ='DES01 2025'!N156 -> Eficiencia | BM14: IDENTIFICACIÓN DEL INDICADOR | BN14: ='DES01 2025'!I157 -> MBB00217 | BO14: DIMENSIÓN A MEDIR | BP14: ='DES01 2025'!N157 -> Eficiencia | BQ14: IDENTIFICACIÓN DEL INDICADOR | BR14: ='DES01 2025'!I158 -> MBB00218 | BS14: DIMENSIÓN A MEDIR | BT14: ='DES01 2025'!N158 -> Eficiencia | BU14: IDENTIFICACIÓN DEL INDICADOR | BV14: ='DES01 2025'!I159 -> MBB00219 | BW14: DIMENSIÓN A MEDIR | BX14: ='DES01 2025'!N159 -> Eficiencia | BY14: IDENTIFICACIÓN DEL INDICADOR | BZ14: ='DES01 2025'!I160 -> MBB00220 | CA14: DIMENSIÓN A MEDIR | CB14: ='DES01 2025'!N160 -> Eficiencia | CC14: IDENTIFICACIÓN DEL INDICADOR | CD14: ='DES01 2025'!I161 -> MBB00221 | CE14: DIMENSIÓN A MEDIR | CF14: ='DES01 2025'!N161 -> Eficacia | CG14: IDENTIFICACIÓN DEL INDICADOR | CH14: ='DES01 2025'!I162 -> MBB00222 | CI14: DIMENSIÓN A MEDIR | CJ14: ='DES01 2025'!N162 -> Eficacia | CK14: IDENTIFICACIÓN DEL INDICADOR | CL14: ='DES01 2025'!I163 -> MBB00223 | CM14: DIMENSIÓN A MEDIR | CN14: ='DES01 2025'!N163 -> Eficiencia | CO14: IDENTIFICACIÓN DEL INDICADOR | CP14: ='DES01 2025'!I164 -> MBB00224 | CQ14: DIMENSIÓN A MEDIR | CR14: ='DES01 2025'!N164 -> Eficiencia | CS14: IDENTIFICACIÓN DEL INDICADOR | CT14: ='DES01 2025'!$I165 -> MBB00225 | CU14: DIMENSIÓN A MEDIR | CV14: ='DES01 2025'!$N165 -> Calidad | CW14: IDENTIFICACIÓN DEL INDICADOR | CX14: ='DES01 2025'!$I166 -> MBB00226 | CY14: DIMENSIÓN A MEDIR | CZ14: ='DES01 2025'!$N166 -> Eficiencia | DA14: IDENTIFICACIÓN DEL INDICADOR | DB14: ='DES01 2025'!$I167 -> MBB00227 | DC14: DIMENSIÓN A MEDIR | DD14: ='DES01 2025'!$N167 -> Eficiencia | DE14: IDENTIFICACIÓN DEL INDICADOR | DF14: ='DES01 2025'!$I168 -> MBB00228 | DG14: DIMENSIÓN A MEDIR | DH14: ='DES01 2025'!$N168 -> Calidad | DI14: IDENTIFICACIÓN DEL INDICADOR | DJ14: ='DES01 2025'!$I169 -> MBB00229 | DK14: DIMENSIÓN A MEDIR | DL14: ='DES01 2025'!$N169 -> Eficiencia | DM14: IDENTIFICACIÓN DEL INDICADOR | DN14: ='DES01 2025'!$I170 -> MBB00230 | DO14: DIMENSIÓN A MEDIR | DP14: ='DES01 2025'!$N170 -> Eficiencia | DQ14: IDENTIFICACIÓN DEL INDICADOR | DR14: ='DES01 2025'!$I171 -> MBB00231 | DS14: DIMENSIÓN A MEDIR | DT14: ='DES01 2025'!$N171 -> Eficiencia
A16: NIVEL | C16: ='DES01 2025'!G141 -> Fin | E16: NIVEL | G16: ='DES01 2025'!G142 -> Propósito | I16: NIVEL | K16: ='DES01 2025'!G143 -> Componente 1 | M16: NIVEL | O16: ='DES01 2025'!G144 -> Actividad 1.1 | Q16: NIVEL | S16: ='DES01 2025'!G145 -> Actividad 1.2 | U16: NIVEL | W16: ='DES01 2025'!G146 -> Actividad 1.3 | Y16: NIVEL | AA16: ='DES01 2025'!G147 -> Actividad 1.4 | AC16: NIVEL | AE16: ='DES01 2025'!G148 -> Actividad 1.5 | AG16: NIVEL | AI16: ='DES01 2025'!G149 -> Actividad 1.6 | AK16: NIVEL | AM16: ='DES01 2025'!G150 -> Actividad 1.7 | AO16: NIVEL | AQ16: ='DES01 2025'!G151 -> Actividad 1.8 | AS16: NIVEL | AU16: ='DES01 2025'!G152 -> Componente 2 | AW16: NIVEL | AY16: ='DES01 2025'!G153 -> Actividad.2.1 | BA16: NIVEL | BC16: ='DES01 2025'!G154 -> Actividad.2.2 | BE16: NIVEL | BG16: ='DES01 2025'!G155 -> Actividad.2.3 | BI16: NIVEL | BK16: ='DES01 2025'!G156 -> Componente 3 | BM16: NIVEL | BO16: ='DES01 2025'!G157 -> Actividad 3.1 | BQ16: NIVEL | BS16: ='DES01 2025'!G158 -> Actividad 3.2 | BU16: NIVEL | BW16: ='DES01 2025'!G159 -> Componente 4 | BY16: NIVEL | CA16: ='DES01 2025'!G160 -> Actividad 4.1 | CC16: NIVEL | CE16: ='DES01 2025'!G161 -> Actividad 4.2 | CG16: NIVEL | CI16: ='DES01 2025'!G162 -> Componente 5 | CK16: NIVEL | CM16: ='DES01 2025'!G163 -> Actividad 5.1 | CO16: NIVEL | CQ16: ='DES01 2025'!G164 -> Actividad 5.2 | CS16: NIVEL | CU16: ='DES01 2025'!$G165 -> Componente 6 | CW16: NIVEL | CY16: ='DES01 2025'!$G166 -> Actividad 6.1 | DA16: NIVEL | DC16: ='DES01 2025'!$G167 -> Actividad 6.2 | DE16: NIVEL | DG16: ='DES01 2025'!$G168 -> Componente 7 | DI16: NIVEL | DK16: ='DES01 2025'!$G169 -> Actividad 7.1 | DM16: NIVEL | DO16: ='DES01 2025'!$G170 -> Actividad 7.2 | DQ16: NIVEL | DS16: ='DES01 2025'!$G171 -> Actividad 7.3
A17: DEFINICIÓN | E17: DEFINICIÓN | I17: DEFINICIÓN | M17: DEFINICIÓN | Q17: DEFINICIÓN | U17: DEFINICIÓN | Y17: DEFINICIÓN | AC17: DEFINICIÓN | AG17: DEFINICIÓN | AK17: DEFINICIÓN | AO17: DEFINICIÓN | AS17: DEFINICIÓN | AW17: DEFINICIÓN | BA17: DEFINICIÓN | BE17: DEFINICIÓN | BI17: DEFINICIÓN | BM17: DEFINICIÓN | BQ17: DEFINICIÓN | BU17: DEFINICIÓN | BY17: DEFINICIÓN | CC17: DEFINICIÓN | CG17: DEFINICIÓN | CK17: DEFINICIÓN | CO17: DEFINICIÓN | CS17: DEFINICIÓN | CW17: DEFINICIÓN | DA17: DEFINICIÓN | DE17: DEFINICIÓN | DI17: DEFINICIÓN | DM17: DEFINICIÓN | DQ17: DEFINICIÓN
A18: ='DES01 2025'!L141 -> Personas que presentan tres o más carencias sociales y que, además, se encuentran por debajo de la línea de pobreza extrema por ingresos. | E18: ='DES01 2025'!L142 -> Este indicador refleja el porcentaje de personas que presentan la carencia por acceso a la seguridad social en términos de la medición multidimensional de la pobreza. | I18: ='DES01 2025'!L143 -> Se refiere al porcentaje de los servicios que están disponibles para atención de enfermedades en el Sistema Dif Municipal. | M18: ='DES01 2025'!L144 -> Se refiere al porcentaje de pacientes con algún tipo de dificultad en su movilidad que recibieron terapia por la unidad básica de rehabilitación . | Q18: ='DES01 2025'!L145 -> Mide el porcentaje de terapias de lenguaje brindadas a población vulnerable ofreciendo un tratamiento que puede ayudar a mejorar las habilidades de comunicación. | U18: ='DES01 2025'!L146 -> Mide el porcentaje de terapias de lenguaje brindadas a población vulnerable ofreciendo un tratamiento que puede ayudar a mejorar las habilidades de comunicación. | Y18: ='DES01 2025'!L147 -> Se refiere al porcentaje de consultas generales otorgadas a la población, dando atención a la población vulnerable. | AC18: ='DES01 2025'!L148 -> Se refiere al porcentaje de consultas de especialidad otorgadas a la población, dando atención a la población vulnerable. | AG18: ='DES01 2025'!L149 -> Mide el total de servicios de radiología e imagen ofrecidos a la población vulnerable que necesito del servicio sobre los servicios proyectados | AK18: ='DES01 2025'!L150 -> Se refiere al porcentaje de consultas y o servicios dentales otorgadas a la población, dando atención a la población vulnerable. | AO18: ='DES01 2025'!L151 -> Se refiere al porcentaje de traslados realizados a población vulnerable dentro y fuera del municipio. | AS18: ='DES01 2025'!L152 -> Este indicador se refiere a la cantidad de programas sociales que se ofrecen en el gobienro municipal en favor de las personas más vulnerables | AW18: ='DES01 2025'!L153 -> Se refiere al porcentaje de familias del municipio que se benefician con algun programa de mejoramiento de vivienda (tinacos, calentadores solares, laminas, colchones) de acuerdo a las familias programas. | BA18: ='DES01 2025'!L154 -> Se refiere al porcentaje de población que se beneficia con el programa de cuarto dormitorio y piso firme de acuerdo a las reglas de operación del programa. | BE18: ='DES01 2025'!L155 -> Se refiere al porcentaje de beneficiados con la Expo Economía Social para la adquisición de productos diversos como lo son calentadores solares, tinacos y tanques de almacenamiento, colchones, camas y herramientas de trabajo. | BI18: ='DES01 2025'!L156 -> Este indicador presenta el numero de actividades que se realizan en favor de los adultos mayores dentro del municipio. | BM18: ='DES01 2025'!L157 -> Se refiere al total de sesiones realizadas con actividades fisicas, dinamicas, manualidades, talleres preventivos e informativos con los grupos de las diferentes comunidades del municipio, para fomentar una cultura de respeto y trato digno, fortalecer lazos familiares, asi como fomentar las acciones tendientes a procurar una atencion oportuna y de calidad a los adultos mayores. | BQ18: ='DES01 2025'!L158 -> Se refiere al porcentaje de asistentes en los talleres de elaboración de manualidades que sirven como terapia ocupacional. | BU18: ='DES01 2025'!L159 -> Este indicador representa el numero de servicios que se brindan en la Instacia Municipal de la Juventud | BY18: ='DES01 2025'!L160 -> Este indicador representa el numero de acciones que realiza la administración municipal en favor del deporte y de las juventudes. | CC18: ='DES01 2025'!L161 -> Se refiere al porcentaje de centros deportivos acondicionados con la intervención del municipio. | CG18: ='DES01 2025'!L162 -> Indica el numero de localidades que se han registrado como comunidades indígenas mediante un procedimiento formal ante las Instancias correspondientes. | CK18: ='DES01 2025'!L163 -> Se refiere al porcentaje de comunidades que tienen a una figura como representante de su comunidad indígena, por lo general es el delegado municipal. | CO18: ='DES01 2025'!L164 -> Se refiere al porcentaje de talleres que buscan el rescate de la lengua materna Hñahñú en nuestro municipio para preservar la lengua. | CS18: ='DES01 2025'!$L165 -> Este indicador representa el numero de acciones que se realizan en favor de las mujeres Santiaguenses a través de la Instacia Municipal para el Desarrollo de las Mujeres | CW18: ='DES01 2025'!$L166 -> Se refiere al porcentaje de capacitaciones en temas de erradicación de la violencia de genero realizadas e la administración municipal | DA18: ='DES01 2025'!$L167 -> Indica la capacidad de atender la solicitud de asesoría psicológica y jurídica para las mujeres del municipio. | DE18: ='DES01 2025'!$L168 -> Este indicador representa el numero de acciones que se realizan en favor de garantizar lo derechos de los niños, niñas y adolescentes. | DI18: ='DES01 2025'!$L169 -> Se refiere al cumplimiento de difusiones en diferentes medios de comunicación, sobre los derechos de los NNA, como lo son Facebook, WhatsApp. | DM18: ='DES01 2025'!$L170 -> Se refiere al porcentaje de talleres /o conferencias realizadas para el reconocimiento sobre los derechos de los NNA orientado principalmente a Instituciones educativas nivel básico. | DQ18: ='DES01 2025'!$L171 -> Se refiere al porcentaje de asesorías jurídicas otorgadas a familiares de NNA para hacer valer y respectar los derechos de las NNA
A20: MÉTODO DE CÁLCULO | B20: ='DES01 2025'!K141 -> Pobreza a nivel municipal https://www.coneval.org.mx/Medicion/Paginas/Pobreza-municipio-2010-2020.aspx | C20: UNIDAD DE MEDIDA | D20: ='DES01 2025'!Y141 -> Porcentaje | E20: MÉTODO DE CÁLCULO | F20: ='DES01 2025'!K142 -> Pobreza a nivel municipal https://www.coneval.org.mx/Medicion/Paginas/Pobreza-municipio-2010-2020.aspx | G20: UNIDAD DE MEDIDA | H20: ='DES01 2025'!Y142 -> Porcentaje | I20: MÉTODO DE CÁLCULO | J20: ='DES01 2025'!K143 -> %SR= (Total de servicios prestados/ Total de servicios disponibles) *100 | K20: UNIDAD DE MEDIDA | L20: ='DES01 2025'!Y143 -> Porcentaje | M20: MÉTODO DE CÁLCULO | N20: ='DES01 2025'!K144 -> %TPB= (Total de pacientes atendidos con terapias físicas/Total de terapias programadas)*100 | O20: UNIDAD DE MEDIDA | P20: ='DES01 2025'!Y144 -> Porcentaje | Q20: MÉTODO DE CÁLCULO | R20: ='DES01 2025'!K145 -> %TOR=Total de terapias ocupacionales realizadas/Total de terapias proyectadas*100 | S20: UNIDAD DE MEDIDA | T20: ='DES01 2025'!Y145 -> Porcentaje | U20: MÉTODO DE CÁLCULO | V20: ='DES01 2025'!K146 -> %TLR=(Total de terapias de lenguaje realizadas / Total de terapias proyectadas) *100 | W20: UNIDAD DE MEDIDA | X20: ='DES01 2025'!Y146 -> Porcentaje | Y20: MÉTODO DE CÁLCULO | Z20: ='DES01 2025'!K147 -> %CGO=(Total de consultas otorgadas / Total de consultas proyectadas)*100 | AA20: UNIDAD DE MEDIDA | AB20: ='DES01 2025'!Y147 -> Porcentaje | AC20: MÉTODO DE CÁLCULO | AD20: ='DES01 2025'!K148 -> %CGO=(Total de consultas de especialidad otorgadas / Total de consultas proyectadas)*100 | AE20: UNIDAD DE MEDIDA | AF20: ='DES01 2025'!Y148 -> Porcentaje | AG20: MÉTODO DE CÁLCULO | AH20: ='DES01 2025'!K149 -> %SR=(Servicios de radiología realizados / Total de servicios proyectados)*100 | AI20: UNIDAD DE MEDIDA | AJ20: ='DES01 2025'!Y149 -> Porcentaje | AK20: MÉTODO DE CÁLCULO | AL20: ='DES01 2025'!K150 -> %SD=(Total de consultas o servicios dentales otorgadas / Total de consultas proyectadas)*100 | AM20: UNIDAD DE MEDIDA | AN20: ='DES01 2025'!Y150 -> Porcentaje | AO20: MÉTODO DE CÁLCULO | AP20: ='DES01 2025'!K151 -> %TR=(Total de traslados realizados / Total de traslados proyectados)*100 | AQ20: UNIDAD DE MEDIDA | AR20: ='DES01 2025'!Y151 -> Porcentaje | AS20: MÉTODO DE CÁLCULO | AT20: ='DES01 2025'!K152 -> %PPR=(Total de programas sociales ofrecidos/total de programas sociales programados)*100 | AU20: UNIDAD DE MEDIDA | AV20: ='DES01 2025'!Y152 -> Porcentaje | AW20: MÉTODO DE CÁLCULO | AX20: ='DES01 2025'!K153 -> %FBP=(Total de familias beneficiadas con el programa/Total de familias proyectadas a beneficiar)*100 | AY20: UNIDAD DE MEDIDA | AZ20: ='DES01 2025'!Y153 -> Porcentaje | BA20: MÉTODO DE CÁLCULO | BB20: ='DES01 2025'!K154 -> %CD= (Total de beneficiarios con cuarto dormitorio / Total de personas candidatas al programa) *100 | BC20: UNIDAD DE MEDIDA | BD20: ='DES01 2025'!Y154 -> Porcentaje | BE20: MÉTODO DE CÁLCULO | BF20: ='DES01 2025'!K155 -> %BES= (Total de ciudadanos que adquirieron productos a bajo costo / Total de personas que proyectan beneficiar )*100 | BG20: UNIDAD DE MEDIDA | BH20: ='DES01 2025'!Y155 -> Porcentaje | BI20: MÉTODO DE CÁLCULO | BJ20: ='DES01 2025'!K156 -> %ARAD= (Total de acciones realizadas/Total de acciones programadas)*100 | BK20: UNIDAD DE MEDIDA | BL20: ='DES01 2025'!Y156 -> Porcentaje | BM20: MÉTODO DE CÁLCULO | BN20: ='DES01 2025'!K157 -> %TB=(Total de sesiones realizadas / Total de sesiones programados) *100 | BO20: UNIDAD DE MEDIDA | BP20: ='DES01 2025'!Y157 -> Porcentaje | BQ20: MÉTODO DE CÁLCULO | BR20: ='DES01 2025'!K158 -> %TR= (Total de talleres realizados / Total de talleres progrados) *100 | BS20: UNIDAD DE MEDIDA | BT20: ='DES01 2025'!Y158 -> Porcentaje | BU20: MÉTODO DE CÁLCULO | BV20: ='DES01 2025'!K159 -> %ARDJ=(Total de actividades realizadas/Total de actividades programadas)*100 | BW20: UNIDAD DE MEDIDA | BX20: ='DES01 2025'!Y159 -> Porcentaje | BY20: MÉTODO DE CÁLCULO | BZ20: ='DES01 2025'!K160 -> %(Total de servicios brindados/Total de servicios disponibles)*100 | CA20: UNIDAD DE MEDIDA | CB20: ='DES01 2025'!Y160 -> Porcentaje | CC20: MÉTODO DE CÁLCULO | CD20: ='DES01 2025'!K161 -> %MED= (Total de espacios deportivos que reciben mantenimiento / Total de espacios deportivos en el Municipio)*100 | CE20: UNIDAD DE MEDIDA | CF20: ='DES01 2025'!Y161 -> Porcentaje | CG20: MÉTODO DE CÁLCULO | CH20: ='DES01 2025'!K162 -> %LRCI= (Total de localidades registradas como comunidades indígenas / Total de comunidades en el Municipio)*100 | CI20: UNIDAD DE MEDIDA | CJ20: ='DES01 2025'!Y162 -> Porcentaje | CK20: MÉTODO DE CÁLCULO | CL20: ='DES01 2025'!K163 -> %RI= (Total de comunidades con representantes indígenas / Total de comunidades registradas como indígenas) *100 | CM20: UNIDAD DE MEDIDA | CN20: ='DES01 2025'!Y163 -> Porcentaje | CO20: MÉTODO DE CÁLCULO | CP20: ='DES01 2025'!K164 -> %TLM= (Total de talleres impartidos / Total de talleres proyectados a realizar) *100 | CQ20: UNIDAD DE MEDIDA | CR20: ='DES01 2025'!Y164 -> Porcentaje | CS20: MÉTODO DE CÁLCULO | CT20: ='DES01 2025'!$K165 -> %ARM=(Total de acciones realizadas/ Total de acciones programadas)*100 | CU20: UNIDAD DE MEDIDA | CV20: ='DES01 2025'!$Y165 -> Porcentaje | CW20: MÉTODO DE CÁLCULO | CX20: ='DES01 2025'!$K166 -> %CR= (Total de capacitaciones realizadas / Total de capacitaciones proyectadas) *100 | CY20: UNIDAD DE MEDIDA | CZ20: ='DES01 2025'!$Y166 -> Porcentaje | DA20: MÉTODO DE CÁLCULO | DB20: ='DES01 2025'!$K167 -> %APR=(Total de asesorías realizadas/Total de asesorías solicitadas/programadas)*100 | DC20: UNIDAD DE MEDIDA | DD20: ='DES01 2025'!$Y167 -> Porcentaje | DE20: MÉTODO DE CÁLCULO | DF20: ='DES01 2025'!$K168 -> %(Total de acciones realizadas/Total de acciones programadas)*100 | DG20: UNIDAD DE MEDIDA | DH20: ='DES01 2025'!$Y168 -> Porcentaje | DI20: MÉTODO DE CÁLCULO | DJ20: ='DES01 2025'!$K169 -> %DR=(Total de difusiones realizadas/Total de difusiones programadas)*100 | DK20: UNIDAD DE MEDIDA | DL20: ='DES01 2025'!$Y169 -> Porcentaje | DM20: MÉTODO DE CÁLCULO | DN20: ='DES01 2025'!$K170 -> %CR=(Total de talleres realizados/Total de talleres programados )*100 | DO20: UNIDAD DE MEDIDA | DP20: ='DES01 2025'!$Y170 -> Porcentaje | DQ20: MÉTODO DE CÁLCULO | DR20: ='DES01 2025'!$K171 -> %AJ=(Total de asesorías realizadas/Total de asesorías solicitadas y programadas)*100 | DS20: UNIDAD DE MEDIDA | DT20: ='DES01 2025'!$Y171 -> Porcentaje
A22: DESAGREGACIÓN GEOGRÁFICA | B22: Municipal | C22: FRECUENCIA DE MEDICIÓN | D22: ='DES01 2025'!O141 -> Quinquenal | E22: DESAGREGACIÓN GEOGRÁFICA | F22: Municipal | G22: FRECUENCIA DE MEDICIÓN | H22: ='DES01 2025'!O142 -> Quinquenal | I22: DESAGREGACIÓN GEOGRÁFICA | J22: Municipal | K22: FRECUENCIA DE MEDICIÓN | L22: ='DES01 2025'!O143 -> Semestral | M22: DESAGREGACIÓN GEOGRÁFICA | N22: Municipal | O22: FRECUENCIA DE MEDICIÓN | P22: ='DES01 2025'!O144 -> Trimestral | Q22: DESAGREGACIÓN GEOGRÁFICA | R22: Municipal | S22: FRECUENCIA DE MEDICIÓN | T22: ='DES01 2025'!O145 -> Trimestral | U22: DESAGREGACIÓN GEOGRÁFICA | V22: Municipal | W22: FRECUENCIA DE MEDICIÓN | X22: ='DES01 2025'!O146 -> Trimestral | Y22: DESAGREGACIÓN GEOGRÁFICA | Z22: Municipal | AA22: FRECUENCIA DE MEDICIÓN | AB22: ='DES01 2025'!O147 -> Trimestral | AC22: DESAGREGACIÓN GEOGRÁFICA | AD22: Municipal | AE22: FRECUENCIA DE MEDICIÓN | AF22: ='DES01 2025'!O148 -> Trimestral | AG22: DESAGREGACIÓN GEOGRÁFICA | AH22: Municipal | AI22: FRECUENCIA DE MEDICIÓN | AJ22: ='DES01 2025'!O149 -> Trimestral | AK22: DESAGREGACIÓN GEOGRÁFICA | AL22: Municipal | AM22: FRECUENCIA DE MEDICIÓN | AN22: ='DES01 2025'!O150 -> Trimestral | AO22: DESAGREGACIÓN GEOGRÁFICA | AP22: Municipal | AQ22: FRECUENCIA DE MEDICIÓN | AR22: ='DES01 2025'!O151 -> Trimestral | AS22: DESAGREGACIÓN GEOGRÁFICA | AT22: Municipal | AU22: FRECUENCIA DE MEDICIÓN | AV22: ='DES01 2025'!O152 -> Semestral | AW22: DESAGREGACIÓN GEOGRÁFICA | AX22: Municipal | AY22: FRECUENCIA DE MEDICIÓN | AZ22: ='DES01 2025'!O153 -> Trimestral | BA22: DESAGREGACIÓN GEOGRÁFICA | BB22: Municipal | BC22: FRECUENCIA DE MEDICIÓN | BD22: ='DES01 2025'!O154 -> Trimestral | BE22: DESAGREGACIÓN GEOGRÁFICA | BF22: Municipal | BG22: FRECUENCIA DE MEDICIÓN | BH22: ='DES01 2025'!O155 -> Trimestral | BI22: DESAGREGACIÓN GEOGRÁFICA | BJ22: Municipal | BK22: FRECUENCIA DE MEDICIÓN | BL22: ='DES01 2025'!O156 -> Trimestral | BM22: DESAGREGACIÓN GEOGRÁFICA | BN22: Municipal | BO22: FRECUENCIA DE MEDICIÓN | BP22: ='DES01 2025'!O157 -> Trimestral | BQ22: DESAGREGACIÓN GEOGRÁFICA | BR22: Municipal | BS22: FRECUENCIA DE MEDICIÓN | BT22: ='DES01 2025'!O158 -> Trimestral | BU22: DESAGREGACIÓN GEOGRÁFICA | BV22: Municipal | BW22: FRECUENCIA DE MEDICIÓN | BX22: ='DES01 2025'!O159 -> Trimestral | BY22: DESAGREGACIÓN GEOGRÁFICA | BZ22: Municipal | CA22: FRECUENCIA DE MEDICIÓN | CB22: ='DES01 2025'!O160 -> Trimestral | CC22: DESAGREGACIÓN GEOGRÁFICA | CD22: Municipal | CE22: FRECUENCIA DE MEDICIÓN | CF22: ='DES01 2025'!O161 -> Trimestral | CG22: DESAGREGACIÓN GEOGRÁFICA | CH22: Municipal | CI22: FRECUENCIA DE MEDICIÓN | CJ22: ='DES01 2025'!O162 -> Semestral | CK22: DESAGREGACIÓN GEOGRÁFICA | CL22: Municipal | CM22: FRECUENCIA DE MEDICIÓN | CN22: ='DES01 2025'!O163 -> Trimestral | CO22: DESAGREGACIÓN GEOGRÁFICA | CP22: Municipal | CQ22: FRECUENCIA DE MEDICIÓN | CR22: ='DES01 2025'!O164 -> Trimestral | CS22: DESAGREGACIÓN GEOGRÁFICA | CT22: Municipal | CU22: FRECUENCIA DE MEDICIÓN | CV22: ='DES01 2025'!$O165 -> Semestral | CW22: DESAGREGACIÓN GEOGRÁFICA | CX22: Municipal | CY22: FRECUENCIA DE MEDICIÓN | CZ22: ='DES01 2025'!$O166 -> Trimestral | DA22: DESAGREGACIÓN GEOGRÁFICA | DB22: Municipal | DC22: FRECUENCIA DE MEDICIÓN | DD22: ='DES01 2025'!$O167 -> Trimestral | DE22: DESAGREGACIÓN GEOGRÁFICA | DF22: Municipal | DG22: FRECUENCIA DE MEDICIÓN | DH22: ='DES01 2025'!$O168 -> Trimestral | DI22: DESAGREGACIÓN GEOGRÁFICA | DJ22: Municipal | DK22: FRECUENCIA DE MEDICIÓN | DL22: ='DES01 2025'!$O169 -> Trimestral | DM22: DESAGREGACIÓN GEOGRÁFICA | DN22: Municipal | DO22: FRECUENCIA DE MEDICIÓN | DP22: ='DES01 2025'!$O170 -> Trimestral | DQ22: DESAGREGACIÓN GEOGRÁFICA | DR22: Municipal | DS22: FRECUENCIA DE MEDICIÓN | DT22: ='DES01 2025'!$O171 -> Trimestral
A24: III. CARACTERÍSTICAS DEL INDICADOR | E24: III. CARACTERÍSTICAS DEL INDICADOR | I24: III. CARACTERÍSTICAS DEL INDICADOR | M24: III. CARACTERÍSTICAS DEL INDICADOR | Q24: III. CARACTERÍSTICAS DEL INDICADOR | U24: III. CARACTERÍSTICAS DEL INDICADOR | Y24: III. CARACTERÍSTICAS DEL INDICADOR | AC24: III. CARACTERÍSTICAS DEL INDICADOR | AG24: III. CARACTERÍSTICAS DEL INDICADOR | AK24: III. CARACTERÍSTICAS DEL INDICADOR | AO24: III. CARACTERÍSTICAS DEL INDICADOR | AS24: III. CARACTERÍSTICAS DEL INDICADOR | AW24: III. CARACTERÍSTICAS DEL INDICADOR | BA24: III. CARACTERÍSTICAS DEL INDICADOR | BE24: III. CARACTERÍSTICAS DEL INDICADOR | BI24: III. CARACTERÍSTICAS DEL INDICADOR | BM24: III. CARACTERÍSTICAS DEL INDICADOR | BQ24: III. CARACTERÍSTICAS DEL INDICADOR | BU24: III. CARACTERÍSTICAS DEL INDICADOR | BY24: III. CARACTERÍSTICAS DEL INDICADOR | CC24: III. CARACTERÍSTICAS DEL INDICADOR | CG24: III. CARACTERÍSTICAS DEL INDICADOR | CK24: III. CARACTERÍSTICAS DEL INDICADOR | CO24: III. CARACTERÍSTICAS DEL INDICADOR | CS24: III. CARACTERÍSTICAS DEL INDICADOR | CW24: III. CARACTERÍSTICAS DEL INDICADOR | DA24: III. CARACTERÍSTICAS DEL INDICADOR | DE24: III. CARACTERÍSTICAS DEL INDICADOR | DI24: III. CARACTERÍSTICAS DEL INDICADOR | DM24: III. CARACTERÍSTICAS DEL INDICADOR | DQ24: III. CARACTERÍSTICAS DEL INDICADOR
A25: CLARIDAD | B25: RELEVANCIA | C25: ECONOMÍA | D25: MONITOREABLE | E25: CLARIDAD | F25: RELEVANCIA | G25: ECONOMÍA | H25: MONITOREABLE | I25: CLARIDAD | J25: RELEVANCIA | K25: ECONOMÍA | L25: MONITOREABLE | M25: CLARIDAD | N25: RELEVANCIA | O25: ECONOMÍA | P25: MONITOREABLE | Q25: CLARIDAD | R25: RELEVANCIA | S25: ECONOMÍA | T25: MONITOREABLE | U25: CLARIDAD | V25: RELEVANCIA | W25: ECONOMÍA | X25: MONITOREABLE | Y25: CLARIDAD | Z25: RELEVANCIA | AA25: ECONOMÍA | AB25: MONITOREABLE | AC25: CLARIDAD | AD25: RELEVANCIA | AE25: ECONOMÍA | AF25: MONITOREABLE | AG25: CLARIDAD | AH25: RELEVANCIA | AI25: ECONOMÍA | AJ25: MONITOREABLE | AK25: CLARIDAD | AL25: RELEVANCIA | AM25: ECONOMÍA | AN25: MONITOREABLE | AO25: CLARIDAD | AP25: RELEVANCIA | AQ25: ECONOMÍA | AR25: MONITOREABLE | AS25: CLARIDAD | AT25: RELEVANCIA | AU25: ECONOMÍA | AV25: MONITOREABLE | AW25: CLARIDAD | AX25: RELEVANCIA | AY25: ECONOMÍA | AZ25: MONITOREABLE | BA25: CLARIDAD | BB25: RELEVANCIA | BC25: ECONOMÍA | BD25: MONITOREABLE | BE25: CLARIDAD | BF25: RELEVANCIA | BG25: ECONOMÍA | BH25: MONITOREABLE | BI25: CLARIDAD | BJ25: RELEVANCIA | BK25: ECONOMÍA | BL25: MONITOREABLE | BM25: CLARIDAD | BN25: RELEVANCIA | BO25: ECONOMÍA | BP25: MONITOREABLE | BQ25: CLARIDAD | BR25: RELEVANCIA | BS25: ECONOMÍA | BT25: MONITOREABLE | BU25: CLARIDAD | BV25: RELEVANCIA | BW25: ECONOMÍA | BX25: MONITOREABLE | BY25: CLARIDAD | BZ25: RELEVANCIA | CA25: ECONOMÍA | CB25: MONITOREABLE | CC25: CLARIDAD | CD25: RELEVANCIA | CE25: ECONOMÍA | CF25: MONITOREABLE | CG25: CLARIDAD | CH25: RELEVANCIA | CI25: ECONOMÍA | CJ25: MONITOREABLE | CK25: CLARIDAD | CL25: RELEVANCIA | CM25: ECONOMÍA | CN25: MONITOREABLE | CO25: CLARIDAD | CP25: RELEVANCIA | CQ25: ECONOMÍA | CR25: MONITOREABLE | CS25: CLARIDAD | CT25: RELEVANCIA | CU25: ECONOMÍA | CV25: MONITOREABLE | CW25: CLARIDAD | CX25: RELEVANCIA | CY25: ECONOMÍA | CZ25: MONITOREABLE | DA25: CLARIDAD | DB25: RELEVANCIA | DC25: ECONOMÍA | DD25: MONITOREABLE | DE25: CLARIDAD | DF25: RELEVANCIA | DG25: ECONOMÍA | DH25: MONITOREABLE | DI25: CLARIDAD | DJ25: RELEVANCIA | DK25: ECONOMÍA | DL25: MONITOREABLE | DM25: CLARIDAD | DN25: RELEVANCIA | DO25: ECONOMÍA | DP25: MONITOREABLE | DQ25: CLARIDAD | DR25: RELEVANCIA | DS25: ECONOMÍA | DT25: MONITOREABLE
A26: SI | B26: SI | C26: SI | D26: SI | E26: SI | F26: SI | G26: SI | H26: SI | I26: SI | J26: SI | K26: SI | L26: SI | M26: SI | N26: SI | O26: SI | P26: SI | Q26: SI | R26: SI | S26: SI | T26: SI | U26: SI | V26: SI | W26: SI | X26: SI | Y26: SI | Z26: SI | AA26: SI | AB26: SI | AC26: SI | AD26: SI | AE26: SI | AF26: SI | AG26: SI | AH26: SI | AI26: SI | AJ26: SI | AK26: SI | AL26: SI | AM26: SI | AN26: SI | AO26: SI | AP26: SI | AQ26: SI | AR26: SI | AS26: SI | AT26: SI | AU26: SI | AV26: SI | AW26: SI | AX26: SI | AY26: SI | AZ26: SI | BA26: SI | BB26: SI | BC26: SI | BD26: SI | BE26: SI | BF26: SI | BG26: SI | BH26: SI | BI26: SI | BJ26: SI | BK26: SI | BL26: SI | BM26: SI | BN26: SI | BO26: SI | BP26: SI | BQ26: SI | BR26: SI | BS26: SI | BT26: SI | BU26: SI | BV26: SI | BW26: SI | BX26: SI | BY26: SI | BZ26: SI | CA26: SI | CB26: SI | CC26: SI | CD26: SI | CE26: SI | CF26: SI | CG26: SI | CH26: SI | CI26: SI | CJ26: SI | CK26: SI | CL26: SI | CM26: SI | CN26: SI | CO26: SI | CP26: SI | CQ26: SI | CR26: SI | CS26: SI | CT26: SI | CU26: SI | CV26: SI | CW26: SI | CX26: SI | CY26: SI | CZ26: SI | DA26: SI | DB26: SI | DC26: SI | DD26: SI | DE26: SI | DF26: SI | DG26: SI | DH26: SI | DI26: SI | DJ26: SI | DK26: SI | DL26: SI | DM26: SI | DN26: SI | DO26: SI | DP26: SI | DQ26: SI | DR26: SI | DS26: SI | DT26: SI
A27: ADECUADO | C27: APORTACIÓN MARGINAL | E27: ADECUADO | G27: APORTACIÓN MARGINAL | I27: ADECUADO | K27: APORTACIÓN MARGINAL | M27: ADECUADO | O27: APORTACIÓN MARGINAL | Q27: ADECUADO | S27: APORTACIÓN MARGINAL | U27: ADECUADO | W27: APORTACIÓN MARGINAL | Y27: ADECUADO | AA27: APORTACIÓN MARGINAL | AC27: ADECUADO | AE27: APORTACIÓN MARGINAL | AG27: ADECUADO | AI27: APORTACIÓN MARGINAL | AK27: ADECUADO | AM27: APORTACIÓN MARGINAL | AO27: ADECUADO | AQ27: APORTACIÓN MARGINAL | AS27: ADECUADO | AU27: APORTACIÓN MARGINAL | AW27: ADECUADO | AY27: APORTACIÓN MARGINAL | BA27: ADECUADO | BC27: APORTACIÓN MARGINAL | BE27: ADECUADO | BG27: APORTACIÓN MARGINAL | BI27: ADECUADO | BK27: APORTACIÓN MARGINAL | BM27: ADECUADO | BO27: APORTACIÓN MARGINAL | BQ27: ADECUADO | BS27: APORTACIÓN MARGINAL | BU27: ADECUADO | BW27: APORTACIÓN MARGINAL | BY27: ADECUADO | CA27: APORTACIÓN MARGINAL | CC27: ADECUADO | CE27: APORTACIÓN MARGINAL | CG27: ADECUADO | CI27: APORTACIÓN MARGINAL | CK27: ADECUADO | CM27: APORTACIÓN MARGINAL | CO27: ADECUADO | CQ27: APORTACIÓN MARGINAL | CS27: ADECUADO | CU27: APORTACIÓN MARGINAL | CW27: ADECUADO | CY27: APORTACIÓN MARGINAL | DA27: ADECUADO | DC27: APORTACIÓN MARGINAL | DE27: ADECUADO | DG27: APORTACIÓN MARGINAL | DI27: ADECUADO | DK27: APORTACIÓN MARGINAL | DM27: ADECUADO | DO27: APORTACIÓN MARGINAL | DQ27: ADECUADO | DS27: APORTACIÓN MARGINAL
A28: SI | C28: SI | E28: SI | G28: SI | I28: SI | K28: SI | M28: SI | O28: SI | Q28: SI | S28: SI | U28: SI | W28: SI | Y28: SI | AA28: SI | AC28: SI | AE28: SI | AG28: SI | AI28: SI | AK28: SI | AM28: SI | AO28: SI | AQ28: SI | AS28: SI | AU28: SI | AW28: SI | AY28: SI | BA28: SI | BC28: SI | BE28: SI | BG28: SI | BI28: SI | BK28: SI | BM28: SI | BO28: SI | BQ28: SI | BS28: SI | BU28: SI | BW28: SI | BY28: SI | CA28: SI | CC28: SI | CE28: SI | CG28: SI | CI28: SI | CK28: SI | CM28: SI | CO28: SI | CQ28: SI | CS28: SI | CU28: SI | CW28: SI | CY28: SI | DA28: SI | DC28: SI | DE28: SI | DG28: SI | DI28: SI | DK28: SI | DM28: SI | DO28: SI | DQ28: SI | DS28: SI
A29: IV. DETERMINACIÓN DE METAS | E29: IV. DETERMINACIÓN DE METAS | I29: IV. DETERMINACIÓN DE METAS | M29: IV. DETERMINACIÓN DE METAS | Q29: IV. DETERMINACIÓN DE METAS | U29: IV. DETERMINACIÓN DE METAS | Y29: IV. DETERMINACIÓN DE METAS | AC29: IV. DETERMINACIÓN DE METAS | AG29: IV. DETERMINACIÓN DE METAS | AK29: IV. DETERMINACIÓN DE METAS | AO29: IV. DETERMINACIÓN DE METAS | AS29: IV. DETERMINACIÓN DE METAS | AW29: IV. DETERMINACIÓN DE METAS | BA29: IV. DETERMINACIÓN DE METAS | BE29: IV. DETERMINACIÓN DE METAS | BI29: IV. DETERMINACIÓN DE METAS | BM29: IV. DETERMINACIÓN DE METAS | BQ29: IV. DETERMINACIÓN DE METAS | BU29: IV. DETERMINACIÓN DE METAS | BY29: IV. DETERMINACIÓN DE METAS | CC29: IV. DETERMINACIÓN DE METAS | CG29: IV. DETERMINACIÓN DE METAS | CK29: IV. DETERMINACIÓN DE METAS | CO29: IV. DETERMINACIÓN DE METAS | CS29: IV. DETERMINACIÓN DE METAS | CW29: IV. DETERMINACIÓN DE METAS | DA29: IV. DETERMINACIÓN DE METAS | DE29: IV. DETERMINACIÓN DE METAS | DI29: IV. DETERMINACIÓN DE METAS | DM29: IV. DETERMINACIÓN DE METAS | DQ29: IV. DETERMINACIÓN DE METAS
A30: LÍNEA BASE | C30: SENTIDO DEL INDICADOR | E30: LÍNEA BASE | G30: SENTIDO DEL INDICADOR | I30: LÍNEA BASE | K30: SENTIDO DEL INDICADOR | M30: LÍNEA BASE | O30: SENTIDO DEL INDICADOR | Q30: LÍNEA BASE | S30: SENTIDO DEL INDICADOR | U30: LÍNEA BASE | W30: SENTIDO DEL INDICADOR | Y30: LÍNEA BASE | AA30: SENTIDO DEL INDICADOR | AC30: LÍNEA BASE | AE30: SENTIDO DEL INDICADOR | AG30: LÍNEA BASE | AI30: SENTIDO DEL INDICADOR | AK30: LÍNEA BASE | AM30: SENTIDO DEL INDICADOR | AO30: LÍNEA BASE | AQ30: SENTIDO DEL INDICADOR | AS30: LÍNEA BASE | AU30: SENTIDO DEL INDICADOR | AW30: LÍNEA BASE | AY30: SENTIDO DEL INDICADOR | BA30: LÍNEA BASE | BC30: SENTIDO DEL INDICADOR | BE30: LÍNEA BASE | BG30: SENTIDO DEL INDICADOR | BI30: LÍNEA BASE | BK30: SENTIDO DEL INDICADOR | BM30: LÍNEA BASE | BO30: SENTIDO DEL INDICADOR | BQ30: LÍNEA BASE | BS30: SENTIDO DEL INDICADOR | BU30: LÍNEA BASE | BW30: SENTIDO DEL INDICADOR | BY30: LÍNEA BASE | CA30: SENTIDO DEL INDICADOR | CC30: LÍNEA BASE | CE30: SENTIDO DEL INDICADOR | CG30: LÍNEA BASE | CI30: SENTIDO DEL INDICADOR | CK30: LÍNEA BASE | CM30: SENTIDO DEL INDICADOR | CO30: LÍNEA BASE | CQ30: SENTIDO DEL INDICADOR | CS30: LÍNEA BASE | CU30: SENTIDO DEL INDICADOR | CW30: LÍNEA BASE | CY30: SENTIDO DEL INDICADOR | DA30: LÍNEA BASE | DC30: SENTIDO DEL INDICADOR | DE30: LÍNEA BASE | DG30: SENTIDO DEL INDICADOR | DI30: LÍNEA BASE | DK30: SENTIDO DEL INDICADOR | DM30: LÍNEA BASE | DO30: SENTIDO DEL INDICADOR | DQ30: LÍNEA BASE | DS30: SENTIDO DEL INDICADOR
A31: ='DES01 2025'!P141 -> 0.058 | C31: ='DES01 2025'!S141 -> Descendente | E31: ='DES01 2025'!P142 -> 0.821 | G31: ='DES01 2025'!S142 -> Descendente | I31: ='DES01 2025'!P143 -> 94% 14 | K31: ='DES01 2025'!S143 -> Ascendente | M31: ='DES01 2025'!P144 -> 100% 3337 | O31: ='DES01 2025'!S144 -> Ascendente | Q31: ='DES01 2025'!P145 -> 100% 1010 | S31: ='DES01 2025'!S145 -> Ascendente | U31: ='DES01 2025'!P146 -> 100% 828 | W31: ='DES01 2025'!S146 -> Ascendente | Y31: ='DES01 2025'!P147 -> 100% 665 | AA31: ='DES01 2025'!S147 -> Ascendente | AC31: ='DES01 2025'!P148 -> 100% 166 | AE31: ='DES01 2025'!S148 -> Ascendente | AG31: ='DES01 2025'!P149 -> 39% 75 | AI31: ='DES01 2025'!S149 -> Ascendente | AK31: ='DES01 2025'!P150 -> 0 | AM31: ='DES01 2025'!S150 -> Ascendente | AO31: ='DES01 2025'!P151 -> 100% 832 | AQ31: ='DES01 2025'!S151 -> Ascendente | AS31: ='DES01 2025'!P152 -> No disponible | AU31: ='DES01 2025'!S152 -> Ascendente | AW31: ='DES01 2025'!P153 -> 100 371% | AY31: ='DES01 2025'!S153 -> Ascendente | BA31: ='DES01 2025'!P154 -> 0 | BC31: ='DES01 2025'!S154 -> Ascendente | BE31: ='DES01 2025'!P155 -> 100% 393 | BG31: ='DES01 2025'!S155 -> Ascendente | BI31: ='DES01 2025'!P156 -> 100% 6 | BK31: ='DES01 2025'!S156 -> Ascendente | BM31: ='DES01 2025'!P157 -> 1 | BO31: ='DES01 2025'!S157 -> Ascendente | BQ31: ='DES01 2025'!P158 -> 1 | BS31: ='DES01 2025'!S158 -> Ascendente | BU31: ='DES01 2025'!P159 -> 100 13% | BW31: ='DES01 2025'!S159 -> Ascendente | BY31: ='DES01 2025'!P160 -> 100% 8 | CA31: ='DES01 2025'!S160 -> Ascendente | CC31: ='DES01 2025'!P161 -> 60% 3 | CE31: ='DES01 2025'!S161 -> Ascendente | CG31: ='DES01 2025'!P162 -> 0.65217391 | CI31: ='DES01 2025'!S162 -> Ascendente | CK31: ='DES01 2025'!P163 -> 0.66 | CM31: ='DES01 2025'!S163 -> Ascendente | CO31: ='DES01 2025'!P164 -> 0 | CQ31: ='DES01 2025'!S164 -> Ascendente | CS31: ='DES01 2025'!$P165 -> 100% 6 | CU31: ='DES01 2025'!$S165 -> Ascendente | CW31: ='DES01 2025'!$P166 -> 0.28 | CY31: ='DES01 2025'!$S166 -> Ascendente | DA31: ='DES01 2025'!$P167 -> 0.42 | DC31: ='DES01 2025'!$S167 -> Ascendente | DE31: ='DES01 2025'!$P168 -> 100% 9 | DG31: ='DES01 2025'!$S168 -> Ascendente | DI31: ='DES01 2025'!$P169 -> 0.25 | DK31: ='DES01 2025'!$S169 -> Ascendente | DM31: ='DES01 2025'!$P170 -> 0.75 | DO31: ='DES01 2025'!$S170 -> Ascendente | DQ31: ='DES01 2025'!$P171 -> 0.28 | DS31: ='DES01 2025'!$S171 -> Ascendente
A32: META PROGRAMADA | C32: AVANCE DE METAS | E32: META PROGRAMADA | G32: AVANCE DE METAS | I32: META PROGRAMADA | K32: AVANCE DE METAS | M32: META PROGRAMADA | O32: AVANCE DE METAS | Q32: META PROGRAMADA | S32: AVANCE DE METAS | U32: META PROGRAMADA | W32: AVANCE DE METAS | Y32: META PROGRAMADA | AA32: AVANCE DE METAS | AC32: META PROGRAMADA | AE32: AVANCE DE METAS | AG32: META PROGRAMADA | AI32: AVANCE DE METAS | AK32: META PROGRAMADA | AM32: AVANCE DE METAS | AO32: META PROGRAMADA | AQ32: AVANCE DE METAS | AS32: META PROGRAMADA | AU32: AVANCE DE METAS | AW32: META PROGRAMADA | AY32: AVANCE DE METAS | BA32: META PROGRAMADA | BC32: AVANCE DE METAS | BE32: META PROGRAMADA | BG32: AVANCE DE METAS | BI32: META PROGRAMADA | BK32: AVANCE DE METAS | BM32: META PROGRAMADA | BO32: AVANCE DE METAS | BQ32: META PROGRAMADA | BS32: AVANCE DE METAS | BU32: META PROGRAMADA | BW32: AVANCE DE METAS | BY32: META PROGRAMADA | CA32: AVANCE DE METAS | CC32: META PROGRAMADA | CE32: AVANCE DE METAS | CG32: META PROGRAMADA | CI32: AVANCE DE METAS | CK32: META PROGRAMADA | CM32: AVANCE DE METAS | CO32: META PROGRAMADA | CQ32: AVANCE DE METAS | CS32: META PROGRAMADA | CU32: AVANCE DE METAS | CW32: META PROGRAMADA | CY32: AVANCE DE METAS | DA32: META PROGRAMADA | DC32: AVANCE DE METAS | DE32: META PROGRAMADA | DG32: AVANCE DE METAS | DI32: META PROGRAMADA | DK32: AVANCE DE METAS | DM32: META PROGRAMADA | DO32: AVANCE DE METAS | DQ32: META PROGRAMADA | DS32: AVANCE DE METAS
A33: ='DES01 2025'!W141 -> 0.055 | C33: ='DES01 2025'!AB141 -> 1 | E33: ='DES01 2025'!W142 -> 0.76 | G33: ='DES01 2025'!AB142 -> 1 | I33: ='DES01 2025'!W143 -> 0.9 | K33: ='DES01 2025'!AB143 -> 1 | M33: ='DES01 2025'!W144 -> 0.9 | O33: ='DES01 2025'!AB144 -> 3.42 | Q33: ='DES01 2025'!W145 -> 0.9 | S33: ='DES01 2025'!AB145 -> 1 | U33: ='DES01 2025'!W146 -> 0.9 | W33: ='DES01 2025'!AB146 -> 0.75 | Y33: ='DES01 2025'!W147 -> 0.9 | AA33: ='DES01 2025'!AB147 -> 0 | AC33: ='DES01 2025'!W148 -> 0.9 | AE33: ='DES01 2025'!AB148 -> 1 | AG33: ='DES01 2025'!W149 -> 0.9 | AI33: ='DES01 2025'!AB149 -> 0.83 | AK33: ='DES01 2025'!W150 -> 0.9 | AM33: ='DES01 2025'!AB150 -> 1 | AO33: ='DES01 2025'!W151 -> 0.9 | AQ33: ='DES01 2025'!AB151 -> 0 | AS33: ='DES01 2025'!W152 -> 0.8 | AU33: ='DES01 2025'!AB152 -> 0.3 | AW33: ='DES01 2025'!W153 -> 0.9 | AY33: ='DES01 2025'!AB153 -> 1 | BA33: ='DES01 2025'!W154 -> 0.8 | BC33: ='DES01 2025'!AB154 -> 0 | BE33: ='DES01 2025'!W155 -> 0.9 | BG33: ='DES01 2025'!AB155 -> 1.47 | BI33: ='DES01 2025'!W156 -> 0.9 | BK33: ='DES01 2025'!AB156 -> 0 | BM33: ='DES01 2025'!W157 -> 0.9 | BO33: ='DES01 2025'!AB157 -> 1.41 | BQ33: ='DES01 2025'!W158 -> 0.9 | BS33: ='DES01 2025'!AB158 -> 2.56 | BU33: ='DES01 2025'!W159 -> 0.9 | BW33: ='DES01 2025'!AB159 -> 0 | BY33: ='DES01 2025'!W160 -> 0.9 | CA33: ='DES01 2025'!AB160 -> 1 | CC33: ='DES01 2025'!W161 -> 0.85 | CE33: ='DES01 2025'!AB161 -> 0 | CG33: ='DES01 2025'!W162 -> 0.95 | CI33: ='DES01 2025'!AB162 -> 1 | CK33: ='DES01 2025'!W163 -> 0.9 | CM33: ='DES01 2025'!AB163 -> 1 | CO33: ='DES01 2025'!W164 -> 0.8 | CQ33: ='DES01 2025'!AB164 -> 0.67 | CS33: ='DES01 2025'!$W165 -> 0.9 | CU33: ='DES01 2025'!$AB165 -> 3 | CW33: ='DES01 2025'!$W166 -> 0.85 | CY33: ='DES01 2025'!$AB166 -> 2.83 | DA33: ='DES01 2025'!$W167 -> 0.85 | DC33: ='DES01 2025'!$AB167 -> 1.42 | DE33: ='DES01 2025'!$W168 -> 0.9 | DG33: ='DES01 2025'!$AB168 -> 0.92 | DI33: ='DES01 2025'!$W169 -> 0.85 | DK33: ='DES01 2025'!$AB169 -> 0.39 | DM33: ='DES01 2025'!$W170 -> 0.9 | DO33: ='DES01 2025'!$AB170 -> 1.67 | DQ33: ='DES01 2025'!$W171 -> 0.85 | DS33: ='DES01 2025'!$AB171 -> 0
A34: SEMAFORIZACIÓN | C34: FUENTES (MEDIO DE VERIFICACIÓN) | E34: SEMAFORIZACIÓN | G34: FUENTES (MEDIO DE VERIFICACIÓN) | I34: SEMAFORIZACIÓN | K34: FUENTES (MEDIO DE VERIFICACIÓN) | M34: SEMAFORIZACIÓN | O34: FUENTES (MEDIO DE VERIFICACIÓN) | Q34: SEMAFORIZACIÓN | S34: FUENTES (MEDIO DE VERIFICACIÓN) | U34: SEMAFORIZACIÓN | W34: FUENTES (MEDIO DE VERIFICACIÓN) | Y34: SEMAFORIZACIÓN | AA34: FUENTES (MEDIO DE VERIFICACIÓN) | AC34: SEMAFORIZACIÓN | AE34: FUENTES (MEDIO DE VERIFICACIÓN) | AG34: SEMAFORIZACIÓN | AI34: FUENTES (MEDIO DE VERIFICACIÓN) | AK34: SEMAFORIZACIÓN | AM34: FUENTES (MEDIO DE VERIFICACIÓN) | AO34: SEMAFORIZACIÓN | AQ34: FUENTES (MEDIO DE VERIFICACIÓN) | AS34: SEMAFORIZACIÓN | AU34: FUENTES (MEDIO DE VERIFICACIÓN) | AW34: SEMAFORIZACIÓN | AY34: FUENTES (MEDIO DE VERIFICACIÓN) | BA34: SEMAFORIZACIÓN | BC34: FUENTES (MEDIO DE VERIFICACIÓN) | BE34: SEMAFORIZACIÓN | BG34: FUENTES (MEDIO DE VERIFICACIÓN) | BI34: SEMAFORIZACIÓN | BK34: FUENTES (MEDIO DE VERIFICACIÓN) | BM34: SEMAFORIZACIÓN | BO34: FUENTES (MEDIO DE VERIFICACIÓN) | BQ34: SEMAFORIZACIÓN | BS34: FUENTES (MEDIO DE VERIFICACIÓN) | BU34: SEMAFORIZACIÓN | BW34: FUENTES (MEDIO DE VERIFICACIÓN) | BY34: SEMAFORIZACIÓN | CA34: FUENTES (MEDIO DE VERIFICACIÓN) | CC34: SEMAFORIZACIÓN | CE34: FUENTES (MEDIO DE VERIFICACIÓN) | CG34: SEMAFORIZACIÓN | CI34: FUENTES (MEDIO DE VERIFICACIÓN) | CK34: SEMAFORIZACIÓN | CM34: FUENTES (MEDIO DE VERIFICACIÓN) | CO34: SEMAFORIZACIÓN | CQ34: FUENTES (MEDIO DE VERIFICACIÓN) | CS34: SEMAFORIZACIÓN | CU34: FUENTES (MEDIO DE VERIFICACIÓN) | CW34: SEMAFORIZACIÓN | CY34: FUENTES (MEDIO DE VERIFICACIÓN) | DA34: SEMAFORIZACIÓN | DC34: FUENTES (MEDIO DE VERIFICACIÓN) | DE34: SEMAFORIZACIÓN | DG34: FUENTES (MEDIO DE VERIFICACIÓN) | DI34: SEMAFORIZACIÓN | DK34: FUENTES (MEDIO DE VERIFICACIÓN) | DM34: SEMAFORIZACIÓN | DO34: FUENTES (MEDIO DE VERIFICACIÓN) | DQ34: SEMAFORIZACIÓN | DS34: FUENTES (MEDIO DE VERIFICACIÓN)
A35: VERDE | B35: ='DES01 2025'!V141 -> 5.2-0% | C35: ='DES01 2025'!R141 -> CONEVAL. Medición de la Pobreza por Municipio 2020 https://sistemas.coneval.org.mx/DATAMUN/dato-actualizado?e=13&m=13055&sg=4&g=26 | E35: VERDE | F35: ='DES01 2025'!V142 -> 76-0% | G35: ='DES01 2025'!R142 -> CONEVAL. Medición de la Pobreza por Municipio 2020 https://sistemas.coneval.org.mx/DATAMUN/dato-actualizado?e=13&m=13055&sg=4&g=27 | I35: VERDE | J35: ='DES01 2025'!V143 -> 81-100% | K35: ='DES01 2025'!R143 -> Servicios entregados, lista de beneficiarios. Programa Operativo Anual de Sistema Dif Municipal | M35: VERDE | N35: ='DES01 2025'!V144 -> 81-100% | O35: ='DES01 2025'!R144 -> Lista de terapias, Programa Operativo Anual de Sistema Dif Municipal | Q35: VERDE | R35: ='DES01 2025'!V145 -> 81-100% | S35: ='DES01 2025'!R145 -> Registro de terapias. Programa Operativo Anual de Sistema Dif Municipal | U35: VERDE | V35: ='DES01 2025'!V146 -> 81-100% | W35: ='DES01 2025'!R146 -> Registro de terapias. Programa Operativo Anual de Sistema Dif Municipal | Y35: VERDE | Z35: ='DES01 2025'!V147 -> 81-100% | AA35: ='DES01 2025'!R147 -> Registro de consultas generales. Programa Operativo Anual de Sistema Dif Municipal | AC35: VERDE | AD35: ='DES01 2025'!V148 -> 81-100% | AE35: ='DES01 2025'!R148 -> Registro de consultas de especialidad. Programa Operativo Anual de Sistema Dif Municipal | AG35: VERDE | AH35: ='DES01 2025'!V149 -> 81-100% | AI35: ='DES01 2025'!R149 -> Registro de servicios de radiología. Programa Operativo Anual de Sistema Dif Municipal | AK35: VERDE | AL35: ='DES01 2025'!V150 -> 81-100% | AM35: ='DES01 2025'!R150 -> Lista de pacientes. Programa Operativo Anual de Sistema Dif Municipal | AO35: VERDE | AP35: ='DES01 2025'!V151 -> 81-100% | AQ35: ='DES01 2025'!R151 -> Bitácora de traslados. Programa Operativo Anual de Sistema Dif Municipal | AS35: VERDE | AT35: ='DES01 2025'!V152 -> 81-100% | AU35: ='DES01 2025'!R152 -> Lista de beneficiarios. Programa Operativo Anual de Desarrollo Socia | AW35: VERDE | AX35: ='DES01 2025'!V153 -> 81-100% | AY35: ='DES01 2025'!R153 -> Lista de beneficiarios./Programa Operativo Anual de Desarrollo Socia/Informes mensuales | BA35: VERDE | BB35: ='DES01 2025'!V154 -> 76-100% | BC35: ='DES01 2025'!R154 -> Lista de beneficiarios./Programa Operativo Anual de Desarrollo Socia/Informes mensuales | BE35: VERDE | BF35: ='DES01 2025'!V155 -> 81-100% | BG35: ='DES01 2025'!R155 -> Lista de beneficiarios./Programa Operativo Anual de Desarrollo Socia/Informes mensuales | BI35: VERDE | BJ35: ='DES01 2025'!V156 -> 81-100% | BK35: ='DES01 2025'!R156 -> Programa Operativo Anual de Enlace municipal para la atención de las personas adultas mayores/ Reportes mensuales | BM35: VERDE | BN35: ='DES01 2025'!V157 -> 81-80% | BO35: ='DES01 2025'!R157 -> Lista de asistencia y Memoria Fotográfica. Programa Operativo Anual de Enlace municipal para la atención de las personas adultas mayores | BQ35: VERDE | BR35: ='DES01 2025'!V158 -> 81-80% | BS35: ='DES01 2025'!R158 -> Enlace municipal para la atención de las personas adultas mayores / lista de asistencia y memoria fotográfica. | BU35: VERDE | BV35: ='DES01 2025'!V159 -> 81-80% | BW35: ='DES01 2025'!R159 -> Listas de asistencia, , evidencia fotográfica. Programa Operativo Anual IMJUVE y Deporte | BY35: VERDE | BZ35: ='DES01 2025'!V160 -> 81-80% | CA35: ='DES01 2025'!R160 -> Listas de asistencia, evidencia fotográfica/Programa Operativo Anual IMJUVE y Deporte | CC35: VERDE | CD35: ='DES01 2025'!V161 -> 76-100% | CE35: ='DES01 2025'!R161 -> Reportes mensuales, Evidencia fotográfica. Programa Operativo Anual IMJUVE y Deporte | CG35: VERDE | CH35: ='DES01 2025'!V162 -> 91-100% | CI35: ='DES01 2025'!R162 -> Ley de Derechos y Cultura Indígena para el Estado de Hidalgo. Constancias de registro | CK35: VERDE | CL35: ='DES01 2025'!V163 -> 86-100% | CM35: ='DES01 2025'!R163 -> Programa Operativo Anual Comunidades Indígenas. Informes mensuales. Actas o minutas. | CO35: VERDE | CP35: ='DES01 2025'!V164 -> 76-100% | CQ35: ='DES01 2025'!R164 -> Informes mensuales, Listas de asistencia. Programa Operativo Anual Comunidades Indígenas. | CS35: VERDE | CT35: ='DES01 2025'!$V165 -> 81-100% | CU35: ='DES01 2025'!$R165 -> Programa Operativo Anual Instancia Municipal para el Desarrollo de lasMujeres. Publicaciones, listas de asistencia | CW35: VERDE | CX35: ='DES01 2025'!$V166 -> 76-100% | CY35: ='DES01 2025'!$R166 -> Programa Operativo Anual Instancia Municipal para el Desarrollo de lasMujeres. Publicaciones, listas de asistencia | DA35: VERDE | DB35: ='DES01 2025'!$V167 -> 76-100% | DC35: ='DES01 2025'!$R167 -> Programa Operativo Anual Instancia Municipal para el Desarrollo de lasMujeres. Publicaciones, listas de asistencia | DE35: VERDE | DF35: ='DES01 2025'!$V168 -> 81-100% | DG35: ='DES01 2025'!$R168 -> Programa Operativo Anual SIPINNA | DI35: VERDE | DJ35: ='DES01 2025'!$V169 -> 76-100% | DK35: ='DES01 2025'!$R169 -> Programa Operativo Anual SIPINNA, Publicaciones en páginas oficiales | DM35: VERDE | DN35: ='DES01 2025'!$V170 -> 81-100% | DO35: ='DES01 2025'!$R170 -> Listas de asistentes, evidencia fotográfica, Programa Operativo Anual SIPINNA | DQ35: VERDE | DR35: ='DES01 2025'!$V171 -> 76-100% | DS35: ='DES01 2025'!$R171 -> Listas de asistentes, evidencia fotáfica/ Programa Operativo Anual SIPINNA.
A36: AMARILLO | B36: ='DES01 2025'!U141 -> 5.7-5.3% | E36: AMARILLO | F36: ='DES01 2025'!U142 -> 81-77% | I36: AMARILLO | J36: ='DES01 2025'!U143 -> 61-80% | M36: AMARILLO | N36: ='DES01 2025'!U144 -> 61-80% | Q36: AMARILLO | R36: ='DES01 2025'!U145 -> 61-80% | U36: AMARILLO | V36: ='DES01 2025'!U146 -> 61-80% | Y36: AMARILLO | Z36: ='DES01 2025'!U147 -> 61-80% | AC36: AMARILLO | AD36: ='DES01 2025'!U148 -> 61-80% | AG36: AMARILLO | AH36: ='DES01 2025'!U149 -> 51-80% | AK36: AMARILLO | AL36: ='DES01 2025'!U150 -> 61-80% | AO36: AMARILLO | AP36: ='DES01 2025'!U151 -> 61-80% | AS36: AMARILLO | AT36: ='DES01 2025'!U152 -> 51-80% | AW36: AMARILLO | AX36: ='DES01 2025'!U153 -> 61-80% | BA36: AMARILLO | BB36: ='DES01 2025'!U154 -> 51-75% | BE36: AMARILLO | BF36: ='DES01 2025'!U155 -> 61-80% | BI36: AMARILLO | BJ36: ='DES01 2025'!U156 -> 61-80% | BM36: AMARILLO | BN36: ='DES01 2025'!U157 -> 61-80% | BQ36: AMARILLO | BR36: ='DES01 2025'!U158 -> 61-80% | BU36: AMARILLO | BV36: ='DES01 2025'!U159 -> 61-80% | BY36: AMARILLO | BZ36: ='DES01 2025'!U160 -> 61-80% | CC36: AMARILLO | CD36: ='DES01 2025'!U161 -> 51-75% | CG36: AMARILLO | CH36: ='DES01 2025'!U162 -> 66-90% | CK36: AMARILLO | CL36: ='DES01 2025'!U163 -> 67-85% | CO36: AMARILLO | CP36: ='DES01 2025'!U164 -> 51-75% | CS36: AMARILLO | CT36: ='DES01 2025'!$U165 -> 61-80% | CW36: AMARILLO | CX36: ='DES01 2025'!$U166 -> 51-75% | DA36: AMARILLO | DB36: ='DES01 2025'!$U167 -> 51-75% | DE36: AMARILLO | DF36: ='DES01 2025'!$U168 -> 61-80% | DI36: AMARILLO | DJ36: ='DES01 2025'!$U169 -> 51-75% | DM36: AMARILLO | DN36: ='DES01 2025'!$U170 -> 61-80% | DQ36: AMARILLO | DR36: ='DES01 2025'!$U171 -> 51-75%
A37: ROJO | B37: ='DES01 2025'!T141 -> 100-5.8% | E37: ROJO | F37: ='DES01 2025'!T142 -> 100-82% | I37: ROJO | J37: ='DES01 2025'!T143 -> 0-60% | M37: ROJO | N37: ='DES01 2025'!T144 -> 0-60% | Q37: ROJO | R37: ='DES01 2025'!T145 -> 0-60% | U37: ROJO | V37: ='DES01 2025'!T146 -> 0-60% | Y37: ROJO | Z37: ='DES01 2025'!T147 -> 0-60% | AC37: ROJO | AD37: ='DES01 2025'!T148 -> 0-60% | AG37: ROJO | AH37: ='DES01 2025'!T149 -> 0-50% | AK37: ROJO | AL37: ='DES01 2025'!T150 -> 0-60% | AO37: ROJO | AP37: ='DES01 2025'!T151 -> 0-60% | AS37: ROJO | AT37: ='DES01 2025'!T152 -> 0-50% | AW37: ROJO | AX37: ='DES01 2025'!T153 -> 0-60% | BA37: ROJO | BB37: ='DES01 2025'!T154 -> 0-50% | BE37: ROJO | BF37: ='DES01 2025'!T155 -> 0-60% | BI37: ROJO | BJ37: ='DES01 2025'!T156 -> 0-60% | BM37: ROJO | BN37: ='DES01 2025'!T157 -> 0-60% | BQ37: ROJO | BR37: ='DES01 2025'!T158 -> 0-60% | BU37: ROJO | BV37: ='DES01 2025'!T159 -> 0-60% | BY37: ROJO | BZ37: ='DES01 2025'!T160 -> 0-60% | CC37: ROJO | CD37: ='DES01 2025'!T161 -> 0-50% | CG37: ROJO | CH37: ='DES01 2025'!T162 -> 0-65% | CK37: ROJO | CL37: ='DES01 2025'!T163 -> 0-66% | CO37: ROJO | CP37: ='DES01 2025'!T164 -> 0-50% | CS37: ROJO | CT37: ='DES01 2025'!$T165 -> 0-60% | CW37: ROJO | CX37: ='DES01 2025'!$T166 -> 0-50% | DA37: ROJO | DB37: ='DES01 2025'!$T167 -> 0-50% | DE37: ROJO | DF37: ='DES01 2025'!$T168 -> 0-60% | DI37: ROJO | DJ37: ='DES01 2025'!$T169 -> 0-50% | DM37: ROJO | DN37: ='DES01 2025'!$T170 -> 0-60% | DQ37: ROJO | DR37: ='DES01 2025'!$T171 -> 0-50%
A38: RESPONSABLE DEL INDICADOR | E38: RESPONSABLE DEL INDICADOR | I38: RESPONSABLE DEL INDICADOR | M38: RESPONSABLE DEL INDICADOR | Q38: RESPONSABLE DEL INDICADOR | U38: RESPONSABLE DEL INDICADOR | Y38: RESPONSABLE DEL INDICADOR | AC38: RESPONSABLE DEL INDICADOR | AG38: RESPONSABLE DEL INDICADOR | AK38: RESPONSABLE DEL INDICADOR | AO38: RESPONSABLE DEL INDICADOR | AS38: RESPONSABLE DEL INDICADOR | AW38: RESPONSABLE DEL INDICADOR | BA38: RESPONSABLE DEL INDICADOR | BE38: RESPONSABLE DEL INDICADOR | BI38: RESPONSABLE DEL INDICADOR | BM38: RESPONSABLE DEL INDICADOR | BQ38: RESPONSABLE DEL INDICADOR | BU38: RESPONSABLE DEL INDICADOR | BY38: RESPONSABLE DEL INDICADOR | CC38: RESPONSABLE DEL INDICADOR | CG38: RESPONSABLE DEL INDICADOR | CK38: RESPONSABLE DEL INDICADOR | CO38: RESPONSABLE DEL INDICADOR | CS38: RESPONSABLE DEL INDICADOR | CW38: RESPONSABLE DEL INDICADOR | DA38: RESPONSABLE DEL INDICADOR | DE38: RESPONSABLE DEL INDICADOR | DI38: RESPONSABLE DEL INDICADOR | DM38: RESPONSABLE DEL INDICADOR | DQ38: RESPONSABLE DEL INDICADOR
A39: ELABORÓ | C39: AUTORIZÓ | E39: ELABORÓ | G39: AUTORIZÓ | I39: ELABORÓ | K39: AUTORIZÓ | M39: ELABORÓ | O39: AUTORIZÓ | Q39: ELABORÓ | S39: AUTORIZÓ | U39: ELABORÓ | W39: AUTORIZÓ | Y39: ELABORÓ | AA39: AUTORIZÓ | AC39: ELABORÓ | AE39: AUTORIZÓ | AG39: ELABORÓ | AI39: AUTORIZÓ | AK39: ELABORÓ | AM39: AUTORIZÓ | AO39: ELABORÓ | AQ39: AUTORIZÓ | AS39: ELABORÓ | AU39: AUTORIZÓ | AW39: ELABORÓ | AY39: AUTORIZÓ | BA39: ELABORÓ | BC39: AUTORIZÓ | BE39: ELABORÓ | BG39: AUTORIZÓ | BI39: ELABORÓ | BK39: AUTORIZÓ | BM39: ELABORÓ | BO39: AUTORIZÓ | BQ39: ELABORÓ | BS39: AUTORIZÓ | BU39: ELABORÓ | BW39: AUTORIZÓ | BY39: ELABORÓ | CA39: AUTORIZÓ | CC39: ELABORÓ | CE39: AUTORIZÓ | CG39: ELABORÓ | CI39: AUTORIZÓ | CK39: ELABORÓ | CM39: AUTORIZÓ | CO39: ELABORÓ | CQ39: AUTORIZÓ | CS39: ELABORÓ | CU39: AUTORIZÓ | CW39: ELABORÓ | CY39: AUTORIZÓ | DA39: ELABORÓ | DC39: AUTORIZÓ | DE39: ELABORÓ | DG39: AUTORIZÓ | DI39: ELABORÓ | DK39: AUTORIZÓ | DM39: ELABORÓ | DO39: AUTORIZÓ | DQ39: ELABORÓ | DS39: AUTORIZÓ
A40: MARÍA MARCELA MONTIEL HERNÁNDEZ ENCARGADA DE PBR-SED | C40: ARQ. DANAY SARAI ÁNGELES HERNÁNDEZ PRESIDENTA MUNICIPAL | E40: MARÍA MARCELA MONTIEL HERNÁNDEZ ENCARGADA DE PBR-SED | G40: ARQ. DANAY SARAI ÁNGELES HERNÁNDEZ PRESIDENTA MUNICIPAL | I40: MARÍA MARCELA MONTIEL HERNÁNDEZ ENCARGADA DE PBR-SED | K40: ARQ. DANAY SARAI ÁNGELES HERNÁNDEZ PRESIDENTA MUNICIPAL | M40: MARÍA MARCELA MONTIEL HERNÁNDEZ ENCARGADA DE PBR-SED | O40: ARQ. DANAY SARAI ÁNGELES HERNÁNDEZ PRESIDENTA MUNICIPAL | Q40: MARÍA MARCELA MONTIEL HERNÁNDEZ ENCARGADA DE PBR-SED | S40: ARQ. DANAY SARAI ÁNGELES HERNÁNDEZ PRESIDENTA MUNICIPAL | U40: MARÍA MARCELA MONTIEL HERNÁNDEZ ENCARGADA DE PBR-SED | W40: ARQ. DANAY SARAI ÁNGELES HERNÁNDEZ PRESIDENTA MUNICIPAL | Y40: MARÍA MARCELA MONTIEL HERNÁNDEZ ENCARGADA DE PBR-SED | AA40: ARQ. DANAY SARAI ÁNGELES HERNÁNDEZ PRESIDENTA MUNICIPAL | AC40: MARÍA MARCELA MONTIEL HERNÁNDEZ ENCARGADA DE PBR-SED | AE40: ARQ. DANAY SARAI ÁNGELES HERNÁNDEZ PRESIDENTA MUNICIPAL | AG40: MARÍA MARCELA MONTIEL HERNÁNDEZ ENCARGADA DE PBR-SED | AI40: ARQ. DANAY SARAI ÁNGELES HERNÁNDEZ PRESIDENTA MUNICIPAL | AK40: MARÍA MARCELA MONTIEL HERNÁNDEZ ENCARGADA DE PBR-SED | AM40: ARQ. DANAY SARAI ÁNGELES HERNÁNDEZ PRESIDENTA MUNICIPAL | AO40: MARÍA MARCELA MONTIEL HERNÁNDEZ ENCARGADA DE PBR-SED | AQ40: ARQ. DANAY SARAI ÁNGELES HERNÁNDEZ PRESIDENTA MUNICIPAL | AS40: MARÍA MARCELA MONTIEL HERNÁNDEZ ENCARGADA DE PBR-SED | AU40: ARQ. DANAY SARAI ÁNGELES HERNÁNDEZ PRESIDENTA MUNICIPAL | AW40: MARÍA MARCELA MONTIEL HERNÁNDEZ ENCARGADA DE PBR-SED | AY40: ARQ. DANAY SARAI ÁNGELES HERNÁNDEZ PRESIDENTA MUNICIPAL | BA40: MARÍA MARCELA MONTIEL HERNÁNDEZ ENCARGADA DE PBR-SED | BC40: ARQ. DANAY SARAI ÁNGELES HERNÁNDEZ PRESIDENTA MUNICIPAL | BE40: MARÍA MARCELA MONTIEL HERNÁNDEZ ENCARGADA DE PBR-SED | BG40: ARQ. DANAY SARAI ÁNGELES HERNÁNDEZ PRESIDENTA MUNICIPAL | BI40: MARÍA MARCELA MONTIEL HERNÁNDEZ ENCARGADA DE PBR-SED | BK40: ARQ. DANAY SARAI ÁNGELES HERNÁNDEZ PRESIDENTA MUNICIPAL | BM40: MARÍA MARCELA MONTIEL HERNÁNDEZ ENCARGADA DE PBR-SED | BO40: ARQ. DANAY SARAI ÁNGELES HERNÁNDEZ PRESIDENTA MUNICIPAL | BQ40: MARÍA MARCELA MONTIEL HERNÁNDEZ ENCARGADA DE PBR-SED | BS40: ARQ. DANAY SARAI ÁNGELES HERNÁNDEZ PRESIDENTA MUNICIPAL | BU40: MARÍA MARCELA MONTIEL HERNÁNDEZ ENCARGADA DE PBR-SED | BW40: ARQ. DANAY SARAI ÁNGELES HERNÁNDEZ PRESIDENTA MUNICIPAL | BY40: MARÍA MARCELA MONTIEL HERNÁNDEZ ENCARGADA DE PBR-SED | CA40: ARQ. DANAY SARAI ÁNGELES HERNÁNDEZ PRESIDENTA MUNICIPAL | CC40: MARÍA MARCELA MONTIEL HERNÁNDEZ ENCARGADA DE PBR-SED | CE40: ARQ. DANAY SARAI ÁNGELES HERNÁNDEZ PRESIDENTA MUNICIPAL | CG40: MARÍA MARCELA MONTIEL HERNÁNDEZ ENCARGADA DE PBR-SED | CI40: ARQ. DANAY SARAI ÁNGELES HERNÁNDEZ PRESIDENTA MUNICIPAL | CK40: MARÍA MARCELA MONTIEL HERNÁNDEZ ENCARGADA DE PBR-SED | CM40: ARQ. DANAY SARAI ÁNGELES HERNÁNDEZ PRESIDENTA MUNICIPAL | CO40: MARÍA MARCELA MONTIEL HERNÁNDEZ ENCARGADA DE PBR-SED | CQ40: ARQ. DANAY SARAI ÁNGELES HERNÁNDEZ PRESIDENTA MUNICIPAL | CS40: MARÍA MARCELA MONTIEL HERNÁNDEZ ENCARGADA DE PBR-SED | CU40: ARQ. DANAY SARAI ÁNGELES HERNÁNDEZ PRESIDENTA MUNICIPAL | CW40: MARÍA MARCELA MONTIEL HERNÁNDEZ ENCARGADA DE PBR-SED | CY40: ARQ. DANAY SARAI ÁNGELES HERNÁNDEZ PRESIDENTA MUNICIPAL | DA40: MARÍA MARCELA MONTIEL HERNÁNDEZ ENCARGADA DE PBR-SED | DC40: ARQ. DANAY SARAI ÁNGELES HERNÁNDEZ PRESIDENTA MUNICIPAL | DE40: MARÍA MARCELA MONTIEL HERNÁNDEZ ENCARGADA DE PBR-SED | DG40: ARQ. DANAY SARAI ÁNGELES HERNÁNDEZ PRESIDENTA MUNICIPAL | DI40: MARÍA MARCELA MONTIEL HERNÁNDEZ ENCARGADA DE PBR-SED | DK40: ARQ. DANAY SARAI ÁNGELES HERNÁNDEZ PRESIDENTA MUNICIPAL | DM40: MARÍA MARCELA MONTIEL HERNÁNDEZ ENCARGADA DE PBR-SED | DO40: ARQ. DANAY SARAI ÁNGELES HERNÁNDEZ PRESIDENTA MUNICIPAL | DQ40: MARÍA MARCELA MONTIEL HERNÁNDEZ ENCARGADA DE PBR-SED | DS40: ARQ. DANAY SARAI ÁNGELES HERNÁNDEZ PRESIDENTA MUNICIPAL

Sheet DES01 2025
C1: DES01 Monitoreo de Indicadores para Resultados
A2: Información del Programa | F2: INDICADORES | S2: PARAMETRIZACIÓN | Z2: PRIMER TRIMESTRE | AD2: SEGUNDO TRIMESTRE | AH2: TERCER TRIMESTRE | AL2: CUARTO TRIMESTRE | AP2: AVANCE ANUAL DE CUMPLIMIENTO
A3: Entidad Fiscalizada | B3: Ejercicio Fiscal | C3: Periodo | D3: Eje o Acuerdo del PMD | E3: Programa Presupuestario | F3: Unidad Responsable | G3: Nivel | H3: Resumen Narrativo | I3: Clave de identificación del indicador | J3: Nombre del Indicador | K3: Método de cálculo | L3: Definición del Indicador | M3: Tipo de indicador | N3: Dimensión | O3: Frecuencia de medición | P3: Línea base | Q3: Año de la línea base | R3: Fuente de información | S3: Sentido del indicador | T3: Límite superior del semáforo rojo (%) | U3: Límite superior del semáforo amarillo (%) | V3: Límite superior del semáforo verde (%) | W3: Meta anual programada | X3: Meta anual ajustada | Y3: Unidad de medida de la meta anual ajustada | Z3: Meta programada | AA3: Meta alcanzada | AB3: Porcentaje alcanzado | AC3: Semáforo | AD3: Meta programada | AE3: Meta alcanzada | AF3: Porcentaje alcanzado | AG3: Semáforo | AH3: Meta programada | AI3: Meta alcanzada | AJ3: Porcentaje alcanzado | AK3: Semáforo | AL3: Meta programada | AM3: Meta alcanzada | AN3: Porcentaje alcanzado | AO3: Semáforo | AP3: Meta anual alcanzada | AQ3: Porcentaje de avance alcanzado | AR3: Semáforo
A141: Santiago de Anaya | B141: 2024 | C141: 4to trimestre | D141: EJE 1: UN GOBIERNO CERCANO, JUSTO Y HONESTO DE LA MANO CON EL PUEBLO DE SANTIAGO DE ANAYA | E141: MBB002- SANTIAGO DE ANAYA UN MUNICIPIO QUE BUSCA EL BIENESTAR DEL PUEBLO. | F141: SISTEMA DIF MUNICIPAL | G141: Fin | H141: Contribuir a mejorar las condiciones sociales de la población santiaguense a traves de políticas públicas que beneficien a los más necesitados combatiendo la pobreza y las carencias de la población | I141: MBB00201 | J141: Porcentaje de población en situación de pobreza extrema. | K141: Pobreza a nivel municipal https://www.coneval.org.mx/Medicion/Paginas/Pobreza-municipio-2010-2020.aspx | L141: Personas que presentan tres o más carencias sociales y que, además, se encuentran por debajo de la línea de pobreza extrema por ingresos. | M141: Estratégico | N141: Eficacia | O141: Quinquenal | P141: 0.058 | Q141: 2020 | R141: CONEVAL. Medición de la Pobreza por Municipio 2020 https://sistemas.coneval.org.mx/DATAMUN/dato-actualizado?e=13&m=13055&sg=4&g=26 | S141: Descendente | T141: 100-5.8% | U141: 5.7-5.3% | V141: 5.2-0% | W141: 0.055 | X141: 0 | Y141: Porcentaje | Z141: 1 | AA141: 1 | AB141: 1 | AC141: Verde | AD141: 0 | AE141: 0 | AF141: =IF(AE141=0,0,IFERROR(AE141/AD141,"")) -> 0 | AG141: =IF(AF141="","",IF(AF141>1.3,"Rojo",IF($S141="Ascendente",IF(AND(AF141=0,AF141=0),0,IF(AND(AF141<=$T141,AF141>0),"Rojo",IF(AND(AF141>$T141,AF141<=$U141),"Amarillo",IF(AND(AF141>$U141,AF141<=$V141),"Verde")))),IF($S141="Descendente",IF(AND(AF141>=$V141,AF141<$U141),"Verde",IF(AND(AF141>=$U141,AF141<$T141),"Amarillo",IF(AND(AF141>=$T141,AF141>1.3),"Rojo",0))))))) -> FALSE | AH141: 0 | AI141: 0 | AJ141: =IF(AI141=0,0,IFERROR(AI141/AH141,"")) -> 0 | AK141: =IF(AJ141="","",IF(AJ141>1.3,"Rojo",IF($S141="Ascendente",IF(AND(AJ141=0,AJ141=0),0,IF(AND(AJ141<=$T141,AJ141>0),"Rojo",IF(AND(AJ141>$T141,AJ141<=$U141),"Amarillo",IF(AND(AJ141>$U141,AJ141<=$V141),"Verde")))),IF($S141="Descendente",IF(AND(AJ141>=$V141,AJ141<$U141),"Verde",IF(AND(AJ141>=$U141,AJ141<$T141),"Amarillo",IF(AND(AJ141>=$T141,AJ141>1.3),"Rojo",0))))))) -> FALSE | AL141: 18329 | AM141: 14269 | AN141: =IF(AM141=0,0,IFERROR(AM141/AL141,"")) -> 0.7784931 | AO141: =IF(AN141="","",IF(AN141>1.3,"Rojo",IF($S141="Ascendente",IF(AND(AN141=0,AN141=0),0,IF(AND(AN141<=$T141,AN141>0),"Rojo",IF(AND(AN141>$T141,AN141<=$U141),"Amarillo",IF(AND(AN141>$U141,AN141<=$V141),"Verde")))),IF($S141="Descendente",IF(AND(AN141>=$V141,AN141<$U141),"Verde",IF(AND(AN141>=$U141,AN141<$T141),"Amarillo",IF(AND(AN141>=$T141,AN141>1.3),"Rojo",0))))))) -> FALSE | AP141: 0.78 | AQ141: =IF(AP141=0,0,IFERROR(AP141/X141,"")) | AR141: =IF(AQ141="","",IF(AQ141>1.3,"Rojo",IF($S141="Ascendente",IF(AND(AQ141=0,AQ141=0),0,IF(AND(AQ141<=$T141,AQ141>0),"Rojo",IF(AND(AQ141>$T141,AQ141<=$U141),"Amarillo",IF(AND(AQ141>$U141,AQ141<=$V141),"Verde")))),IF($S141="Descendente",IF(AND(AQ141>=$V141,AQ141<$U141),"Verde",IF(AND(AQ141>=$U141,AQ141<$T141),"Amarillo",IF(AND(AQ141>=$T141,AQ141>1.3),"Rojo",0)))))))
A142: Santiago de Anaya | B142: 2024 | C142: 4to trimestre | D142: EJE 1: UN GOBIERNO CERCANO, JUSTO Y HONESTO DE LA MANO CON EL PUEBLO DE SANTIAGO DE ANAYA | E142: MBB002- SANTIAGO DE ANAYA UN MUNICIPIO QUE BUSCA EL BIENESTAR DEL PUEBLO. | F142: SISTEMA DIF MUNICIPAL | G142: Propósito | H142: Impulsar el acceso y aprovechamiento de los programas de desarrollo social, priorizando a la población en situación de vulnerabilidad y promoviendo el bienestar integral. | I142: MBB00202 | J142: Porcentajde de por acceso a la seguridad social | K142: Pobreza a nivel municipal https://www.coneval.org.mx/Medicion/Paginas/Pobreza-municipio-2010-2020.aspx | L142: Este indicador refleja el porcentaje de personas que presentan la carencia por acceso a la seguridad social en términos de la medición multidimensional de la pobreza. | M142: Estratégico | N142: Eficacia | O142: Quinquenal | P142: 0.821 | Q142: 2020 | R142: CONEVAL. Medición de la Pobreza por Municipio 2020 https://sistemas.coneval.org.mx/DATAMUN/dato-actualizado?e=13&m=13055&sg=4&g=27 | S142: Descendente | T142: 100-82% | U142: 81-77% | V142: 76-0% | W142: 0.76 | X142: 1 | Y142: Porcentaje | Z142: 100% 3 | AA142: 100% 3 | AB142: 1 | AC142: Verde | AD142: 32 | AE142: 26 | AF142: =IF(AE142=0,0,IFERROR(AE142/AD142,"")) -> 0.8125 | AG142: =IF(AF142="","",IF(AF142>1.3,"Rojo",IF($S142="Ascendente",IF(AND(AF142=0,AF142=0),0,IF(AND(AF142<=$T142,AF142>0),"Rojo",IF(AND(AF142>$T142,AF142<=$U142),"Amarillo",IF(AND(AF142>$U142,AF142<=$V142),"Verde")))),IF($S142="Descendente",IF(AND(AF142>=$V142,AF142<$U142),"Verde",IF(AND(AF142>=$U142,AF142<$T142),"Amarillo",IF(AND(AF142>=$T142,AF142>1.3),"Rojo",0))))))) -> FALSE | AH142: 13 | AI142: 11 | AJ142: =IF(AI142=0,0,IFERROR(AI142/AH142,"")) -> 0.84615385 | AK142: =IF(AJ142="","",IF(AJ142>1.3,"Rojo",IF($S142="Ascendente",IF(AND(AJ142=0,AJ142=0),0,IF(AND(AJ142<=$T142,AJ142>0),"Rojo",IF(AND(AJ142>$T142,AJ142<=$U142),"Amarillo",IF(AND(AJ142>$U142,AJ142<=$V142),"Verde")))),IF($S142="Descendente",IF(AND(AJ142>=$V142,AJ142<$U142),"Verde",IF(AND(AJ142>=$U142,AJ142<$T142),"Amarillo",IF(AND(AJ142>=$T142,AJ142>1.3),"Rojo",0))))))) -> FALSE | AL142: 16 | AM142: 14 | AN142: =IF(AM142=0,0,IFERROR(AM142/AL142,"")) -> 0.875 | AO142: =IF(AN142="","",IF(AN142>1.3,"Rojo",IF($S142="Ascendente",IF(AND(AN142=0,AN142=0),0,IF(AND(AN142<=$T142,AN142>0),"Rojo",IF(AND(AN142>$T142,AN142<=$U142),"Amarillo",IF(AND(AN142>$U142,AN142<=$V142),"Verde")))),IF($S142="Descendente",IF(AND(AN142>=$V142,AN142<$U142),"Verde",IF(AND(AN142>=$U142,AN142<$T142),"Amarillo",IF(AND(AN142>=$T142,AN142>1.3),"Rojo",0))))))) -> FALSE | AP142: 0.94 | AQ142: =IF(AP142=0,0,IFERROR(AP142/X142,"")) -> 0.94 | AR142: =IF(AQ142="","",IF(AQ142>1.3,"Rojo",IF($S142="Ascendente",IF(AND(AQ142=0,AQ142=0),0,IF(AND(AQ142<=$T142,AQ142>0),"Rojo",IF(AND(AQ142>$T142,AQ142<=$U142),"Amarillo",IF(AND(AQ142>$U142,AQ142<=$V142),"Verde")))),IF($S142="Descendente",IF(AND(AQ142>=$V142,AQ142<$U142),"Verde",IF(AND(AQ142>=$U142,AQ142<$T142),"Amarillo",IF(AND(AQ142>=$T142,AQ142>1.3),"Rojo",0))))))) -> FALSE
A143: Santiago de Anaya | B143: 2024 | C143: 4to trimestre | D143: EJE 1: UN GOBIERNO CERCANO, JUSTO Y HONESTO DE LA MANO CON EL PUEBLO DE SANTIAGO DE ANAYA | E143: MBB002- SANTIAGO DE ANAYA UN MUNICIPIO QUE BUSCA EL BIENESTAR DEL PUEBLO. | F143: SISTEMA DIF MUNICIPAL | G143: Componente 1 | H143: Lograr que los Santiaguenses reciban servicios complementarios de salud a precios accesibles. | I143: MBB00203 | J143: Porcentaje de servicios entregados a la ciudadana en favor del cuidado de la salud | K143: %SR= (Total de servicios prestados/ Total de servicios disponibles) *100 | L143: Se refiere al porcentaje de los servicios que están disponibles para atención de enfermedades en el Sistema Dif Municipal. | M143: Gestión | N143: Eficiencia | O143: Semestral | P143: 94% 14 | Q143: 2024 | R143: Servicios entregados, lista de beneficiarios. Programa Operativo Anual de Sistema Dif Municipal | S143: Ascendente | T143: 0-60% | U143: 61-80% | V143: 81-100% | W143: 0.9 | X143: 1 | Y143: Porcentaje | Z143: 100% 1 | AA143: 100% 1 | AB143: 1 | AC143: Verde | AD143: 30 | AE143: 26 | AF143: =IF(AE143=0,0,IFERROR(AE143/AD143,"")) -> 0.86666667 | AG143: =IF(AF143="","",IF(AF143>1.3,"Rojo",IF($S143="Ascendente",IF(AND(AF143=0,AF143=0),0,IF(AND(AF143<=$T143,AF143>0),"Rojo",IF(AND(AF143>$T143,AF143<=$U143),"Amarillo",IF(AND(AF143>$U143,AF143<=$V143),"Verde")))),IF($S143="Descendente",IF(AND(AF143>=$V143,AF143<$U143),"Verde",IF(AND(AF143>=$U143,AF143<$T143),"Amarillo",IF(AND(AF143>=$T143,AF143>1.3),"Rojo",0))))))) -> Rojo | AH143: 19 | AI143: 19 | AJ143: =IF(AI143=0,0,IFERROR(AI143/AH143,"")) -> 1 | AK143: =IF(AJ143="","",IF(AJ143>1.3,"Rojo",IF($S143="Ascendente",IF(AND(AJ143=0,AJ143=0),0,IF(AND(AJ143<=$T143,AJ143>0),"Rojo",IF(AND(AJ143>$T143,AJ143<=$U143),"Amarillo",IF(AND(AJ143>$U143,AJ143<=$V143),"Verde")))),IF($S143="Descendente",IF(AND(AJ143>=$V143,AJ143<$U143),"Verde",IF(AND(AJ143>=$U143,AJ143<$T143),"Amarillo",IF(AND(AJ143>=$T143,AJ143>1.3),"Rojo",0))))))) -> Rojo | AL143: 16 | AM143: 14 | AN143: =IF(AM143=0,0,IFERROR(AM143/AL143,"")) -> 0.875 | AO143: =IF(AN143="","",IF(AN143>1.3,"Rojo",IF($S143="Ascendente",IF(AND(AN143=0,AN143=0),0,IF(AND(AN143<=$T143,AN143>0),"Rojo",IF(AND(AN143>$T143,AN143<=$U143),"Amarillo",IF(AND(AN143>$U143,AN143<=$V143),"Verde")))),IF($S143="Descendente",IF(AND(AN143>=$V143,AN143<$U143),"Verde",IF(AND(AN143>=$U143,AN143<$T143),"Amarillo",IF(AND(AN143>=$T143,AN143>1.3),"Rojo",0))))))) -> Rojo | AP143: 0.94 | AQ143: =IF(AP143=0,0,IFERROR(AP143/X143,"")) -> 0.94 | AR143: =IF(AQ143="","",IF(AQ143>1.3,"Rojo",IF($S143="Ascendente",IF(AND(AQ143=0,AQ143=0),0,IF(AND(AQ143<=$T143,AQ143>0),"Rojo",IF(AND(AQ143>$T143,AQ143<=$U143),"Amarillo",IF(AND(AQ143>$U143,AQ143<=$V143),"Verde")))),IF($S143="Descendente",IF(AND(AQ143>=$V143,AQ143<$U143),"Verde",IF(AND(AQ143>=$U143,AQ143<$T143),"Amarillo",IF(AND(AQ143>=$T143,AQ143>1.3),"Rojo",0))))))) -> Rojo
A144: Santiago de Anaya | B144: 2024 | C144: 4to trimestre | D144: EJE 1: UN GOBIERNO CERCANO, JUSTO Y HONESTO DE LA MANO CON EL PUEBLO DE SANTIAGO DE ANAYA | E144: MBB002- SANTIAGO DE ANAYA UN MUNICIPIO QUE BUSCA EL BIENESTAR DEL PUEBLO. | F144: SISTEMA DIF MUNICIPAL | G144: Actividad 1.1 | H144: Aplicar técnicas y procedimientos terapéuticos a la población vulnerable, para su bienestar físico, social y mental | I144: MBB00204 | J144: Porcentaje de pacientes beneficiados con terapias de rehabilitación otorgadas por la UBR. | K144: %TPB= (Total de pacientes atendidos con terapias físicas/Total de terapias programadas)*100 | L144: Se refiere al porcentaje de pacientes con algún tipo de dificultad en su movilidad que recibieron terapia por la unidad básica de rehabilitación . | M144: Gestión | N144: Eficiencia | O144: Trimestral | P144: 100% 3337 | Q144: 2024 | R144: Lista de terapias, Programa Operativo Anual de Sistema Dif Municipal | S144: Ascendente | T144: 0-60% | U144: 61-80% | V144: 81-100% | W144: 0.9 | X144: 1 | Y144: Porcentaje | Z144: 100% 50 | AA144: 342% 171 | AB144: 3.42 | AC144: Verde | AD144: 931 | AE144: 931 | AF144: =IF(AE144=0,0,IFERROR(AE144/AD144,"")) -> 1 | AG144: =IF(AF144="","",IF(AF144>1.3,"Rojo",IF($S144="Ascendente",IF(AND(AF144=0,AF144=0),0,IF(AND(AF144<=$T144,AF144>0),"Rojo",IF(AND(AF144>$T144,AF144<=$U144),"Amarillo",IF(AND(AF144>$U144,AF144<=$V144),"Verde")))),IF($S144="Descendente",IF(AND(AF144>=$V144,AF144<$U144),"Verde",IF(AND(AF144>=$U144,AF144<$T144),"Amarillo",IF(AND(AF144>=$T144,AF144>1.3),"Rojo",0))))))) -> Rojo | AH144: 840 | AI144: 840 | AJ144: =IF(AI144=0,0,IFERROR(AI144/AH144,"")) -> 1 | AK144: =IF(AJ144="","",IF(AJ144>1.3,"Rojo",IF($S144="Ascendente",IF(AND(AJ144=0,AJ144=0),0,IF(AND(AJ144<=$T144,AJ144>0),"Rojo",IF(AND(AJ144>$T144,AJ144<=$U144),"Amarillo",IF(AND(AJ144>$U144,AJ144<=$V144),"Verde")))),IF($S144="Descendente",IF(AND(AJ144>=$V144,AJ144<$U144),"Verde",IF(AND(AJ144>=$U144,AJ144<$T144),"Amarillo",IF(AND(AJ144>=$T144,AJ144>1.3),"Rojo",0))))))) -> Rojo | AL144: 696 | AM144: 694 | AN144: =IF(AM144=0,0,IFERROR(AM144/AL144,"")) -> 0.99712644 | AO144: =IF(AN144="","",IF(AN144>1.3,"Rojo",IF($S144="Ascendente",IF(AND(AN144=0,AN144=0),0,IF(AND(AN144<=$T144,AN144>0),"Rojo",IF(AND(AN144>$T144,AN144<=$U144),"Amarillo",IF(AND(AN144>$U144,AN144<=$V144),"Verde")))),IF($S144="Descendente",IF(AND(AN144>=$V144,AN144<$U144),"Verde",IF(AND(AN144>=$U144,AN144<$T144),"Amarillo",IF(AND(AN144>=$T144,AN144>1.3),"Rojo",0))))))) -> Rojo | AP144: 1 | AQ144: =IF(AP144=0,0,IFERROR(AP144/X144,"")) -> 1 | AR144: =IF(AQ144="","",IF(AQ144>1.3,"Rojo",IF($S144="Ascendente",IF(AND(AQ144=0,AQ144=0),0,IF(AND(AQ144<=$T144,AQ144>0),"Rojo",IF(AND(AQ144>$T144,AQ144<=$U144),"Amarillo",IF(AND(AQ144>$U144,AQ144<=$V144),"Verde")))),IF($S144="Descendente",IF(AND(AQ144>=$V144,AQ144<$U144),"Verde",IF(AND(AQ144>=$U144,AQ144<$T144),"Amarillo",IF(AND(AQ144>=$T144,AQ144>1.3),"Rojo",0))))))) -> Rojo
A145: Santiago de Anaya | B145: 2024 | C145: 4to trimestre | D145: EJE 1: UN GOBIERNO CERCANO, JUSTO Y HONESTO DE LA MANO CON EL PUEBLO DE SANTIAGO DE ANAYA | E145: MBB002- SANTIAGO DE ANAYA UN MUNICIPIO QUE BUSCA EL BIENESTAR DEL PUEBLO. | F145: SISTEMA DIF MUNICIPAL | G145: Actividad 1.2 | H145: Aplicar técnicas y procedimientos de terapia ocupacional. | I145: MBB00205 | J145: Porcentaje de terapia ocupacional brindada a la ciudadanía | K145: %TOR=Total de terapias ocupacionales realizadas/Total de terapias proyectadas*100 | L145: Mide el porcentaje de terapias de lenguaje brindadas a población vulnerable ofreciendo un tratamiento que puede ayudar a mejorar las habilidades de comunicación. | M145: Gestión | N145: Eficiencia | O145: Trimestral | P145: 100% 1010 | Q145: 2024 | R145: Registro de terapias. Programa Operativo Anual de Sistema Dif Municipal | S145: Ascendente | T145: 0-60% | U145: 61-80% | V145: 81-100% | W145: 0.9 | X145: 1 | Y145: Porcentaje | Z145: 90% 25 | AA145: 100% 28 | AB145: 1 | AC145: Verde | AD145: 280 | AE145: 280 | AF145: =IF(AE145=0,0,IFERROR(AE145/AD145,"")) -> 1 | AG145: =IF(AF145="","",IF(AF145>1.3,"Rojo",IF($S145="Ascendente",IF(AND(AF145=0,AF145=0),0,IF(AND(AF145<=$T145,AF145>0),"Rojo",IF(AND(AF145>$T145,AF145<=$U145),"Amarillo",IF(AND(AF145>$U145,AF145<=$V145),"Verde")))),IF($S145="Descendente",IF(AND(AF145>=$V145,AF145<$U145),"Verde",IF(AND(AF145>=$U145,AF145<$T145),"Amarillo",IF(AND(AF145>=$T145,AF145>1.3),"Rojo",0))))))) -> Rojo | AH145: 255 | AI145: 255 | AJ145: =IF(AI145=0,0,IFERROR(AI145/AH145,"")) -> 1 | AK145: =IF(AJ145="","",IF(AJ145>1.3,"Rojo",IF($S145="Ascendente",IF(AND(AJ145=0,AJ145=0),0,IF(AND(AJ145<=$T145,AJ145>0),"Rojo",IF(AND(AJ145>$T145,AJ145<=$U145),"Amarillo",IF(AND(AJ145>$U145,AJ145<=$V145),"Verde")))),IF($S145="Descendente",IF(AND(AJ145>=$V145,AJ145<$U145),"Verde",IF(AND(AJ145>=$U145,AJ145<$T145),"Amarillo",IF(AND(AJ145>=$T145,AJ145>1.3),"Rojo",0))))))) -> Rojo | AL145: 260 | AM145: 214 | AN145: =IF(AM145=0,0,IFERROR(AM145/AL145,"")) -> 0.82307692 | AO145: =IF(AN145="","",IF(AN145>1.3,"Rojo",IF($S145="Ascendente",IF(AND(AN145=0,AN145=0),0,IF(AND(AN145<=$T145,AN145>0),"Rojo",IF(AND(AN145>$T145,AN145<=$U145),"Amarillo",IF(AND(AN145>$U145,AN145<=$V145),"Verde")))),IF($S145="Descendente",IF(AND(AN145>=$V145,AN145<$U145),"Verde",IF(AND(AN145>=$U145,AN145<$T145),"Amarillo",IF(AND(AN145>=$T145,AN145>1.3),"Rojo",0))))))) -> Rojo | AP145: 0.96 | AQ145: =IF(AP145=0,0,IFERROR(AP145/X145,"")) -> 0.96 | AR145: =IF(AQ145="","",IF(AQ145>1.3,"Rojo",IF($S145="Ascendente",IF(AND(AQ145=0,AQ145=0),0,IF(AND(AQ145<=$T145,AQ145>0),"Rojo",IF(AND(AQ145>$T145,AQ145<=$U145),"Amarillo",IF(AND(AQ145>$U145,AQ145<=$V145),"Verde")))),IF($S145="Descendente",IF(AND(AQ145>=$V145,AQ145<$U145),"Verde",IF(AND(AQ145>=$U145,AQ145<$T145),"Amarillo",IF(AND(AQ145>=$T145,AQ145>1.3),"Rojo",0))))))) -> Rojo
A146: Santiago de Anaya | B146: 2024 | C146: 4to trimestre | D146: EJE 1: UN GOBIERNO CERCANO, JUSTO Y HONESTO DE LA MANO CON EL PUEBLO DE SANTIAGO DE ANAYA | E146: MBB002- SANTIAGO DE ANAYA UN MUNICIPIO QUE BUSCA EL BIENESTAR DEL PUEBLO. | F146: SISTEMA DIF MUNICIPAL | G146: Actividad 1.3 | H146: Ejecutar evaluaciones y tratamientos funcionales para mejorar la capacidad intelectual y auditiva en la población vulnerable. | I146: MBB00206 | J146: Porcentaje de terapias de lenguaje brindadas a la ciudadanía. | K146: %TLR=(Total de terapias de lenguaje realizadas / Total de terapias proyectadas) *100 | L146: Mide el porcentaje de terapias de lenguaje brindadas a población vulnerable ofreciendo un tratamiento que puede ayudar a mejorar las habilidades de comunicación. | M146: Gestión | N146: Eficiencia | O146: Trimestral | P146: 100% 828 | Q146: 2024 | R146: Registro de terapias. Programa Operativo Anual de Sistema Dif Municipal | S146: Ascendente | T146: 0-60% | U146: 61-80% | V146: 81-100% | W146: 0.9 | X146: 0.9 | Y146: Porcentaje | Z146: 85% | AA146: 0.75 | AB146: 0.75 | AC146: Amarillo | AD146: 251 | AE146: 251 | AF146: =IF(AE146=0,0,IFERROR(AE146/AD146,"")) -> 1 | AG146: =IF(AF146="","",IF(AF146>1.3,"Rojo",IF($S146="Ascendente",IF(AND(AF146=0,AF146=0),0,IF(AND(AF146<=$T146,AF146>0),"Rojo",IF(AND(AF146>$T146,AF146<=$U146),"Amarillo",IF(AND(AF146>$U146,AF146<=$V146),"Verde")))),IF($S146="Descendente",IF(AND(AF146>=$V146,AF146<$U146),"Verde",IF(AND(AF146>=$U146,AF146<$T146),"Amarillo",IF(AND(AF146>=$T146,AF146>1.3),"Rojo",0))))))) -> Rojo | AH146: 210 | AI146: 151 | AJ146: =IF(AI146=0,0,IFERROR(AI146/AH146,"")) -> 0.71904762 | AK146: =IF(AJ146="","",IF(AJ146>1.3,"Rojo",IF($S146="Ascendente",IF(AND(AJ146=0,AJ146=0),0,IF(AND(AJ146<=$T146,AJ146>0),"Rojo",IF(AND(AJ146>$T146,AJ146<=$U146),"Amarillo",IF(AND(AJ146>$U146,AJ146<=$V146),"Verde")))),IF($S146="Descendente",IF(AND(AJ146>=$V146,AJ146<$U146),"Verde",IF(AND(AJ146>=$U146,AJ146<$T146),"Amarillo",IF(AND(AJ146>=$T146,AJ146>1.3),"Rojo",0))))))) -> Rojo | AL146: 210 | AM146: 162 | AN146: =IF(AM146=0,0,IFERROR(AM146/AL146,"")) -> 0.77142857 | AO146: =IF(AN146="","",IF(AN146>1.3,"Rojo",IF($S146="Ascendente",IF(AND(AN146=0,AN146=0),0,IF(AND(AN146<=$T146,AN146>0),"Rojo",IF(AND(AN146>$T146,AN146<=$U146),"Amarillo",IF(AND(AN146>$U146,AN146<=$V146),"Verde")))),IF($S146="Descendente",IF(AND(AN146>=$V146,AN146<$U146),"Verde",IF(AND(AN146>=$U146,AN146<$T146),"Amarillo",IF(AND(AN146>=$T146,AN146>1.3),"Rojo",0))))))) -> Rojo | AP146: 0.87 | AQ146: =IF(AP146=0,0,IFERROR(AP146/X146,"")) -> 0.96666667 | AR146: =IF(AQ146="","",IF(AQ146>1.3,"Rojo",IF($S146="Ascendente",IF(AND(AQ146=0,AQ146=0),0,IF(AND(AQ146<=$T146,AQ146>0),"Rojo",IF(AND(AQ146>$T146,AQ146<=$U146),"Amarillo",IF(AND(AQ146>$U146,AQ146<=$V146),"Verde")))),IF($S146="Descendente",IF(AND(AQ146>=$V146,AQ146<$U146),"Verde",IF(AND(AQ146>=$U146,AQ146<$T146),"Amarillo",IF(AND(AQ146>=$T146,AQ146>1.3),"Rojo",0))))))) -> Rojo
A147: Santiago de Anaya | B147: 2024 | C147: 4to trimestre | D147: EJE 1: UN GOBIERNO CERCANO, JUSTO Y HONESTO DE LA MANO CON EL PUEBLO DE SANTIAGO DE ANAYA | E147: MBB002- SANTIAGO DE ANAYA UN MUNICIPIO QUE BUSCA EL BIENESTAR DEL PUEBLO. | F147: SISTEMA DIF MUNICIPAL | G147: Actividad 1.4 | H147: Brindar servicio de consulta médica general a la ciudadanía. | I147: MBB00207 | J147: Porcentaje de consultas otorgadas a la población que necesita del servicio. | K147: %CGO=(Total de consultas otorgadas / Total de consultas proyectadas)*100 | L147: Se refiere al porcentaje de consultas generales otorgadas a la población, dando atención a la población vulnerable. | M147: Gestión | N147: Eficiencia | O147: Trimestral | P147: 100% 665 | Q147: 2024 | R147: Registro de consultas generales. Programa Operativo Anual de Sistema Dif Municipal | S147: Ascendente | T147: 0-60% | U147: 61-80% | V147: 81-100% | W147: 0.9 | X147: 0.75 | Y147: Porcentaje | Z147: 0 | AA147: 0 | AB147: 0 | AC147: Rojo | AD147: 252 | AE147: 252 | AF147: =IF(AE147=0,0,IFERROR(AE147/AD147,"")) -> 1 | AG147: =IF(AF147="","",IF(AF147>1.3,"Rojo",IF($S147="Ascendente",IF(AND(AF147=0,AF147=0),0,IF(AND(AF147<=$T147,AF147>0),"Rojo",IF(AND(AF147>$T147,AF147<=$U147),"Amarillo",IF(AND(AF147>$U147,AF147<=$V147),"Verde")))),IF($S147="Descendente",IF(AND(AF147>=$V147,AF147<$U147),"Verde",IF(AND(AF147>=$U147,AF147<$T147),"Amarillo",IF(AND(AF147>=$T147,AF147>1.3),"Rojo",0))))))) -> Rojo | AH147: 270 | AI147: 37 | AJ147: =IF(AI147=0,0,IFERROR(AI147/AH147,"")) -> 0.13703704 | AK147: =IF(AJ147="","",IF(AJ147>1.3,"Rojo",IF($S147="Ascendente",IF(AND(AJ147=0,AJ147=0),0,IF(AND(AJ147<=$T147,AJ147>0),"Rojo",IF(AND(AJ147>$T147,AJ147<=$U147),"Amarillo",IF(AND(AJ147>$U147,AJ147<=$V147),"Verde")))),IF($S147="Descendente",IF(AND(AJ147>=$V147,AJ147<$U147),"Verde",IF(AND(AJ147>=$U147,AJ147<$T147),"Amarillo",IF(AND(AJ147>=$T147,AJ147>1.3),"Rojo",0))))))) -> Rojo | AL147: 240 | AM147: 168 | AN147: =IF(AM147=0,0,IFERROR(AM147/AL147,"")) -> 0.7 | AO147: =IF(AN147="","",IF(AN147>1.3,"Rojo",IF($S147="Ascendente",IF(AND(AN147=0,AN147=0),0,IF(AND(AN147<=$T147,AN147>0),"Rojo",IF(AND(AN147>$T147,AN147<=$U147),"Amarillo",IF(AND(AN147>$U147,AN147<=$V147),"Verde")))),IF($S147="Descendente",IF(AND(AN147>=$V147,AN147<$U147),"Verde",IF(AND(AN147>=$U147,AN147<$T147),"Amarillo",IF(AND(AN147>=$T147,AN147>1.3),"Rojo",0))))))) -> Rojo | AP147: 0.5 | AQ147: =IF(AP147=0,0,IFERROR(AP147/X147,"")) -> 0.66666667 | AR147: =IF(AQ147="","",IF(AQ147>1.3,"Rojo",IF($S147="Ascendente",IF(AND(AQ147=0,AQ147=0),0,IF(AND(AQ147<=$T147,AQ147>0),"Rojo",IF(AND(AQ147>$T147,AQ147<=$U147),"Amarillo",IF(AND(AQ147>$U147,AQ147<=$V147),"Verde")))),IF($S147="Descendente",IF(AND(AQ147>=$V147,AQ147<$U147),"Verde",IF(AND(AQ147>=$U147,AQ147<$T147),"Amarillo",IF(AND(AQ147>=$T147,AQ147>1.3),"Rojo",0))))))) -> Rojo
A148: Santiago de Anaya | B148: 2024 | C148: 4to trimestre | D148: EJE 1: UN GOBIERNO CERCANO, JUSTO Y HONESTO DE LA MANO CON EL PUEBLO DE SANTIAGO DE ANAYA | E148: MBB002- SANTIAGO DE ANAYA UN MUNICIPIO QUE BUSCA EL BIENESTAR DEL PUEBLO. | F148: SISTEMA DIF MUNICIPAL | G148: Actividad 1.5 | H148: Brindar atención de consulta de especialidad a la población vulnerable, otorgando un servicio de calidad, oportuno y eficaz. | I148: MBB00208 | J148: Porcentaje de consultas de especialidades otorgadas a la población vulnerable | K148: %CGO=(Total de consultas de especialidad otorgadas / Total de consultas proyectadas)*100 | L148: Se refiere al porcentaje de consultas de especialidad otorgadas a la población, dando atención a la población vulnerable. | M148: Gestión | N148: Eficiencia | O148: Trimestral | P148: 100% 166 | Q148: 2024 | R148: Registro de consultas de especialidad. Programa Operativo Anual de Sistema Dif Municipal | S148: Ascendente | T148: 0-60% | U148: 61-80% | V148: 81-100% | W148: 0.9 | X148: 0.9 | Y148: Porcentaje | Z148: 100% 2 Sesiones | AA148: 100 | AB148: 1 | AC148: Verde | AD148: 37 | AE148: 37 | AF148: =IF(AE148=0,0,IFERROR(AE148/AD148,"")) -> 1 | AG148: =IF(AF148="","",IF(AF148>1.3,"Rojo",IF($S148="Ascendente",IF(AND(AF148=0,AF148=0),0,IF(AND(AF148<=$T148,AF148>0),"Rojo",IF(AND(AF148>$T148,AF148<=$U148),"Amarillo",IF(AND(AF148>$U148,AF148<=$V148),"Verde")))),IF($S148="Descendente",IF(AND(AF148>=$V148,AF148<$U148),"Verde",IF(AND(AF148>=$U148,AF148<$T148),"Amarillo",IF(AND(AF148>=$T148,AF148>1.3),"Rojo",0))))))) -> Rojo | AH148: 36 | AI148: 31 | AJ148: =IF(AI148=0,0,IFERROR(AI148/AH148,"")) -> 0.86111111 | AK148: =IF(AJ148="","",IF(AJ148>1.3,"Rojo",IF($S148="Ascendente",IF(AND(AJ148=0,AJ148=0),0,IF(AND(AJ148<=$T148,AJ148>0),"Rojo",IF(AND(AJ148>$T148,AJ148<=$U148),"Amarillo",IF(AND(AJ148>$U148,AJ148<=$V148),"Verde")))),IF($S148="Descendente",IF(AND(AJ148>=$V148,AJ148<$U148),"Verde",IF(AND(AJ148>=$U148,AJ148<$T148),"Amarillo",IF(AND(AJ148>=$T148,AJ148>1.3),"Rojo",0))))))) -> Rojo | AL148: 36 | AM148: 24 | AN148: =IF(AM148=0,0,IFERROR(AM148/AL148,"")) -> 0.66666667 | AO148: =IF(AN148="","",IF(AN148>1.3,"Rojo",IF($S148="Ascendente",IF(AND(AN148=0,AN148=0),0,IF(AND(AN148<=$T148,AN148>0),"Rojo",IF(AND(AN148>$T148,AN148<=$U148),"Amarillo",IF(AND(AN148>$U148,AN148<=$V148),"Verde")))),IF($S148="Descendente",IF(AND(AN148>=$V148,AN148<$U148),"Verde",IF(AND(AN148>=$U148,AN148<$T148),"Amarillo",IF(AND(AN148>=$T148,AN148>1.3),"Rojo",0))))))) -> Rojo | AP148: 0.77 | AQ148: =IF(AP148=0,0,IFERROR(AP148/X148,"")) -> 0.85555556 | AR148: =IF(AQ148="","",IF(AQ148>1.3,"Rojo",IF($S148="Ascendente",IF(AND(AQ148=0,AQ148=0),0,IF(AND(AQ148<=$T148,AQ148>0),"Rojo",IF(AND(AQ148>$T148,AQ148<=$U148),"Amarillo",IF(AND(AQ148>$U148,AQ148<=$V148),"Verde")))),IF($S148="Descendente",IF(AND(AQ148>=$V148,AQ148<$U148),"Verde",IF(AND(AQ148>=$U148,AQ148<$T148),"Amarillo",IF(AND(AQ148>=$T148,AQ148>1.3),"Rojo",0))))))) -> Rojo
A149: Santiago de Anaya | B149: 2024 | C149: 4to trimestre | D149: EJE 1: UN GOBIERNO CERCANO, JUSTO Y HONESTO DE LA MANO CON EL PUEBLO DE SANTIAGO DE ANAYA | E149: MBB002- SANTIAGO DE ANAYA UN MUNICIPIO QUE BUSCA EL BIENESTAR DEL PUEBLO. | F149: SISTEMA DIF MUNICIPAL | G149: Actividad 1.6 | H149: Realizar tomas de radiografías solicitadas por los usuarios | I149: MBB00209 | J149: Porcentaje de servicios de radiología ofrecidos a la población | K149: %SR=(Servicios de radiología realizados / Total de servicios proyectados)*100 | L149: Mide el total de servicios de radiología e imagen ofrecidos a la población vulnerable que necesito del servicio sobre los servicios proyectados | M149: Gestión | N149: Eficiencia | O149: Trimestral | P149: 39% 75 | Q149: 2024 | R149: Registro de servicios de radiología. Programa Operativo Anual de Sistema Dif Municipal | S149: Ascendente | T149: 0-50% | U149: 51-80% | V149: 81-100% | W149: 0.9 | X149: 0.9 | Y149: Porcentaje | Z149: 1 | AA149: =5/6 -> 0.83333333 | AB149: 0.83 | AC149: Verde | AD149: 410 | AE149: 178 | AF149: =IF(AE149=0,0,IFERROR(AE149/AD149,"")) -> 0.43414634 | AG149: =IF(AF149="","",IF(AF149>1.3,"Rojo",IF($S149="Ascendente",IF(AND(AF149=0,AF149=0),0,IF(AND(AF149<=$T149,AF149>0),"Rojo",IF(AND(AF149>$T149,AF149<=$U149),"Amarillo",IF(AND(AF149>$U149,AF149<=$V149),"Verde")))),IF($S149="Descendente",IF(AND(AF149>=$V149,AF149<$U149),"Verde",IF(AND(AF149>=$U149,AF149<$T149),"Amarillo",IF(AND(AF149>=$T149,AF149>1.3),"Rojo",0))))))) -> Rojo | AH149: 400 | AI149: 0 | AJ149: =IF(AI149=0,0,IFERROR(AI149/AH149,"")) -> 0 | AK149: =IF(AJ149="","",IF(AJ149>1.3,"Rojo",IF($S149="Ascendente",IF(AND(AJ149=0,AJ149=0),0,IF(AND(AJ149<=$T149,AJ149>0),"Rojo",IF(AND(AJ149>$T149,AJ149<=$U149),"Amarillo",IF(AND(AJ149>$U149,AJ149<=$V149),"Verde")))),IF($S149="Descendente",IF(AND(AJ149>=$V149,AJ149<$U149),"Verde",IF(AND(AJ149>=$U149,AJ149<$T149),"Amarillo",IF(AND(AJ149>=$T149,AJ149>1.3),"Rojo",0))))))) -> 0 | AL149: 330 | AM149: 248 | AN149: =IF(AM149=0,0,IFERROR(AM149/AL149,"")) -> 0.75151515 | AO149: =IF(AN149="","",IF(AN149>1.3,"Rojo",IF($S149="Ascendente",IF(AND(AN149=0,AN149=0),0,IF(AND(AN149<=$T149,AN149>0),"Rojo",IF(AND(AN149>$T149,AN149<=$U149),"Amarillo",IF(AND(AN149>$U149,AN149<=$V149),"Verde")))),IF($S149="Descendente",IF(AND(AN149>=$V149,AN149<$U149),"Verde",IF(AND(AN149>=$U149,AN149<$T149),"Amarillo",IF(AND(AN149>=$T149,AN149>1.3),"Rojo",0))))))) -> Rojo | AP149: 0.55 | AQ149: =IF(AP149=0,0,IFERROR(AP149/X149,"")) -> 0.61111111 | AR149: =IF(AQ149="","",IF(AQ149>1.3,"Rojo",IF($S149="Ascendente",IF(AND(AQ149=0,AQ149=0),0,IF(AND(AQ149<=$T149,AQ149>0),"Rojo",IF(AND(AQ149>$T149,AQ149<=$U149),"Amarillo",IF(AND(AQ149>$U149,AQ149<=$V149),"Verde")))),IF($S149="Descendente",IF(AND(AQ149>=$V149,AQ149<$U149),"Verde",IF(AND(AQ149>=$U149,AQ149<$T149),"Amarillo",IF(AND(AQ149>=$T149,AQ149>1.3),"Rojo",0))))))) -> Rojo
A150: Santiago de Anaya | B150: 2024 | C150: 4to trimestre | D150: EJE 1: UN GOBIERNO CERCANO, JUSTO Y HONESTO DE LA MANO CON EL PUEBLO DE SANTIAGO DE ANAYA | E150: MBB002- SANTIAGO DE ANAYA UN MUNICIPIO QUE BUSCA EL BIENESTAR DEL PUEBLO. | F150: SISTEMA DIF MUNICIPAL | G150: Actividad 1.7 | H150: Ofrecer diagnóstico y tratamiento a través de técnicas y procedimientos dentales a la población. | I150: MBB00210 | J150: Porcentaje de pacientes beneficiados con servicios dentales. | K150: %SD=(Total de consultas o servicios dentales otorgadas / Total de consultas proyectadas)*100 | L150: Se refiere al porcentaje de consultas y o servicios dentales otorgadas a la población, dando atención a la población vulnerable. | M150: Gestión | N150: Eficiencia | O150: Trimestral | P150: 0 | Q150: 2024 | R150: Lista de pacientes. Programa Operativo Anual de Sistema Dif Municipal | S150: Ascendente | T150: 0-60% | U150: 61-80% | V150: 81-100% | W150: 0.9 | X150: 0.75 | Y150: Porcentaje | Z150: 100 | AA150: 1 | AB150: 1 | AC150: verde | AD150: 72 | AE150: 44 | AF150: =IF(AE150=0,0,IFERROR(AE150/AD150,"")) -> 0.61111111 | AG150: =IF(AF150="","",IF(AF150>1.3,"Rojo",IF($S150="Ascendente",IF(AND(AF150=0,AF150=0),0,IF(AND(AF150<=$T150,AF150>0),"Rojo",IF(AND(AF150>$T150,AF150<=$U150),"Amarillo",IF(AND(AF150>$U150,AF150<=$V150),"Verde")))),IF($S150="Descendente",IF(AND(AF150>=$V150,AF150<$U150),"Verde",IF(AND(AF150>=$U150,AF150<$T150),"Amarillo",IF(AND(AF150>=$T150,AF150>1.3),"Rojo",0))))))) -> Rojo | AH150: 72 | AI150: 48 | AJ150: =IF(AI150=0,0,IFERROR(AI150/AH150,"")) -> 0.66666667 | AK150: =IF(AJ150="","",IF(AJ150>1.3,"Rojo",IF($S150="Ascendente",IF(AND(AJ150=0,AJ150=0),0,IF(AND(AJ150<=$T150,AJ150>0),"Rojo",IF(AND(AJ150>$T150,AJ150<=$U150),"Amarillo",IF(AND(AJ150>$U150,AJ150<=$V150),"Verde")))),IF($S150="Descendente",IF(AND(AJ150>=$V150,AJ150<$U150),"Verde",IF(AND(AJ150>=$U150,AJ150<$T150),"Amarillo",IF(AND(AJ150>=$T150,AJ150>1.3),"Rojo",0))))))) -> Rojo | AL150: 60 | AM150: 18 | AN150: =IF(AM150=0,0,IFERROR(AM150/AL150,"")) -> 0.3 | AO150: =IF(AN150="","",IF(AN150>1.3,"Rojo",IF($S150="Ascendente",IF(AND(AN150=0,AN150=0),0,IF(AND(AN150<=$T150,AN150>0),"Rojo",IF(AND(AN150>$T150,AN150<=$U150),"Amarillo",IF(AND(AN150>$U150,AN150<=$V150),"Verde")))),IF($S150="Descendente",IF(AND(AN150>=$V150,AN150<$U150),"Verde",IF(AND(AN150>=$U150,AN150<$T150),"Amarillo",IF(AND(AN150>=$T150,AN150>1.3),"Rojo",0))))))) -> Rojo | AP150: 0.6 | AQ150: =IF(AP150=0,0,IFERROR(AP150/X150,"")) -> 0.8 | AR150: =IF(AQ150="","",IF(AQ150>1.3,"Rojo",IF($S150="Ascendente",IF(AND(AQ150=0,AQ150=0),0,IF(AND(AQ150<=$T150,AQ150>0),"Rojo",IF(AND(AQ150>$T150,AQ150<=$U150),"Amarillo",IF(AND(AQ150>$U150,AQ150<=$V150),"Verde")))),IF($S150="Descendente",IF(AND(AQ150>=$V150,AQ150<$U150),"Verde",IF(AND(AQ150>=$U150,AQ150<$T150),"Amarillo",IF(AND(AQ150>=$T150,AQ150>1.3),"Rojo",0))))))) -> Rojo
A151: Santiago de Anaya | B151: 2024 | C151: 4to trimestre | D151: EJE 1: UN GOBIERNO CERCANO, JUSTO Y HONESTO DE LA MANO CON EL PUEBLO DE SANTIAGO DE ANAYA | E151: MBB002- SANTIAGO DE ANAYA UN MUNICIPIO QUE BUSCA EL BIENESTAR DEL PUEBLO. | F151: SISTEMA DIF MUNICIPAL | G151: Actividad 1.8 | H151: Beneficiar a pacientes y acompañantes que requieren servicios de traslados programados para asistir a una cita médica de especialidad en la Ciudad de Pachuca y en la Ciudad de México a través de proporcionarles traslado en vehículo oficial. | I151: MBB00211 | J151: Porcentaje de traslados realizados a pacientes que lo solicitaron. | K151: %TR=(Total de traslados realizados / Total de traslados proyectados)*100 | L151: Se refiere al porcentaje de traslados realizados a población vulnerable dentro y fuera del municipio. | M151: Gestión | N151: Eficiencia | O151: Trimestral | P151: 100% 832 | Q151: 2024 | R151: Bitácora de traslados. Programa Operativo Anual de Sistema Dif Municipal | S151: Ascendente | T151: 0-60% | U151: 61-80% | V151: 81-100% | W151: 0.9 | X151: 1 | Y151: Porcentaje | Z151: 0 | AA151: 0 | AB151: 0 | AD151: 30 | AE151: 0 | AF151: =IF(AE151=0,0,IFERROR(AE151/AD151,"")) -> 0 | AG151: =IF(AF151="","",IF(AF151>1.3,"Rojo",IF($S151="Ascendente",IF(AND(AF151=0,AF151=0),0,IF(AND(AF151<=$T151,AF151>0),"Rojo",IF(AND(AF151>$T151,AF151<=$U151),"Amarillo",IF(AND(AF151>$U151,AF151<=$V151),"Verde")))),IF($S151="Descendente",IF(AND(AF151>=$V151,AF151<$U151),"Verde",IF(AND(AF151>=$U151,AF151<$T151),"Amarillo",IF(AND(AF151>=$T151,AF151>1.3),"Rojo",0))))))) -> 0 | AH151: 30 | AI151: 0 | AJ151: =IF(AI151=0,0,IFERROR(AI151/AH151,"")) -> 0 | AK151: =IF(AJ151="","",IF(AJ151>1.3,"Rojo",IF($S151="Ascendente",IF(AND(AJ151=0,AJ151=0),0,IF(AND(AJ151<=$T151,AJ151>0),"Rojo",IF(AND(AJ151>$T151,AJ151<=$U151),"Amarillo",IF(AND(AJ151>$U151,AJ151<=$V151),"Verde")))),IF($S151="Descendente",IF(AND(AJ151>=$V151,AJ151<$U151),"Verde",IF(AND(AJ151>=$U151,AJ151<$T151),"Amarillo",IF(AND(AJ151>=$T151,AJ151>1.3),"Rojo",0))))))) -> 0 | AL151: 143 | AM151: 143 | AN151: =IF(AM151=0,0,IFERROR(AM151/AL151,"")) -> 1 | AO151: =IF(AN151="","",IF(AN151>1.3,"Rojo",IF($S151="Ascendente",IF(AND(AN151=0,AN151=0),0,IF(AND(AN151<=$T151,AN151>0),"Rojo",IF(AND(AN151>$T151,AN151<=$U151),"Amarillo",IF(AND(AN151>$U151,AN151<=$V151),"Verde")))),IF($S151="Descendente",IF(AND(AN151>=$V151,AN151<$U151),"Verde",IF(AND(AN151>=$U151,AN151<$T151),"Amarillo",IF(AND(AN151>=$T151,AN151>1.3),"Rojo",0))))))) -> Rojo | AP151: 1 | AQ151: =IF(AP151=0,0,IFERROR(AP151/X151,"")) -> 1 | AR151: =IF(AQ151="","",IF(AQ151>1.3,"Rojo",IF($S151="Ascendente",IF(AND(AQ151=0,AQ151=0),0,IF(AND(AQ151<=$T151,AQ151>0),"Rojo",IF(AND(AQ151>$T151,AQ151<=$U151),"Amarillo",IF(AND(AQ151>$U151,AQ151<=$V151),"Verde")))),IF($S151="Descendente",IF(AND(AQ151>=$V151,AQ151<$U151),"Verde",IF(AND(AQ151>=$U151,AQ151<$T151),"Amarillo",IF(AND(AQ151>=$T151,AQ151>1.3),"Rojo",0))))))) -> Rojo
A152: Santiago de Anaya | B152: 2024 | C152: 4to trimestre | D152: EJE 1: UN GOBIERNO CERCANO, JUSTO Y HONESTO DE LA MANO CON EL PUEBLO DE SANTIAGO DE ANAYA | E152: MBB002- SANTIAGO DE ANAYA UN MUNICIPIO QUE BUSCA EL BIENESTAR DEL PUEBLO. | F152: DESARROLLO SOCIAL | G152: Componente 2 | H152: Generar programas subsidiados, en el cual el ayuntamiento Municipal apoya con un % del costo unitarios por los productos distintos a entregar. | I152: MBB00212 | J152: Porcentaje de programas sociales realizados en favor de los grupos vulnerables | K152: %PPR=(Total de programas sociales ofrecidos/total de programas sociales programados)*100 | L152: Este indicador se refiere a la cantidad de programas sociales que se ofrecen en el gobienro municipal en favor de las personas más vulnerables | M152: Gestión | N152: Eficacia | O152: Semestral | P152: No disponible | Q152: No disponible | R152: Lista de beneficiarios. Programa Operativo Anual de Desarrollo Socia | S152: Ascendente | T152: 0-50% | U152: 51-80% | V152: 81-100% | W152: 0.8 | Y152: Porcentaje | Z152: 1 | AA152: =3/10 -> 0.3 | AB152: 0.3 | AC152: Rojo | AD152: 260 | AE152: 0 | AF152: =IF(AE152=0,0,IFERROR(AE152/AD152,"")) -> 0 | AG152: =IF(AF152="","",IF(AF152>1.3,"Rojo",IF($S152="Ascendente",IF(AND(AF152=0,AF152=0),0,IF(AND(AF152<=$T152,AF152>0),"Rojo",IF(AND(AF152>$T152,AF152<=$U152),"Amarillo",IF(AND(AF152>$U152,AF152<=$V152),"Verde")))),IF($S152="Descendente",IF(AND(AF152>=$V152,AF152<$U152),"Verde",IF(AND(AF152>=$U152,AF152<$T152),"Amarillo",IF(AND(AF152>=$T152,AF152>1.3),"Rojo",0))))))) -> 0 | AH152: 300 | AI152: 0 | AJ152: =IF(AI152=0,0,IFERROR(AI152/AH152,"")) -> 0 | AK152: =IF(AJ152="","",IF(AJ152>1.3,"Rojo",IF($S152="Ascendente",IF(AND(AJ152=0,AJ152=0),0,IF(AND(AJ152<=$T152,AJ152>0),"Rojo",IF(AND(AJ152>$T152,AJ152<=$U152),"Amarillo",IF(AND(AJ152>$U152,AJ152<=$V152),"Verde")))),IF($S152="Descendente",IF(AND(AJ152>=$V152,AJ152<$U152),"Verde",IF(AND(AJ152>=$U152,AJ152<$T152),"Amarillo",IF(AND(AJ152>=$T152,AJ152>1.3),"Rojo",0))))))) -> 0 | AL152: 320 | AM152: 0 | AN152: =IF(AM152=0,0,IFERROR(AM152/AL152,"")) -> 0 | AO152: =IF(AN152="","",IF(AN152>1.3,"Rojo",IF($S152="Ascendente",IF(AND(AN152=0,AN152=0),0,IF(AND(AN152<=$T152,AN152>0),"Rojo",IF(AND(AN152>$T152,AN152<=$U152),"Amarillo",IF(AND(AN152>$U152,AN152<=$V152),"Verde")))),IF($S152="Descendente",IF(AND(AN152>=$V152,AN152<$U152),"Verde",IF(AND(AN152>=$U152,AN152<$T152),"Amarillo",IF(AND(AN152>=$T152,AN152>1.3),"Rojo",0))))))) -> 0 | AP152: 0 | AQ152: =IF(AP152=0,0,IFERROR(AP152/X152,"")) -> 0 | AR152: =IF(AQ152="","",IF(AQ152>1.3,"Rojo",IF($S152="Ascendente",IF(AND(AQ152=0,AQ152=0),0,IF(AND(AQ152<=$T152,AQ152>0),"Rojo",IF(AND(AQ152>$T152,AQ152<=$U152),"Amarillo",IF(AND(AQ152>$U152,AQ152<=$V152),"Verde")))),IF($S152="Descendente",IF(AND(AQ152>=$V152,AQ152<$U152),"Verde",IF(AND(AQ152>=$U152,AQ152<$T152),"Amarillo",IF(AND(AQ152>=$T152,AQ152>1.3),"Rojo",0))))))) -> 0
A153: Santiago de Anaya | B153: 2024 | C153: 4to trimestre | D153: EJE 1: UN GOBIERNO CERCANO, JUSTO Y HONESTO DE LA MANO CON EL PUEBLO DE SANTIAGO DE ANAYA | E153: MBB002- SANTIAGO DE ANAYA UN MUNICIPIO QUE BUSCA EL BIENESTAR DEL PUEBLO. | F153: DESARROLLO SOCIAL | G153: Actividad.2.1 | H153: Entregar apoyo de productos subsidiados para el mejoramiento de la vivienda como lo son tinacos, calentadores solares, laminas y tazas WC. | I153: MBB00213 | J153: Porcentaje de familias beneficiadas con programas de mejoramiento de vivienda | K153: %FBP=(Total de familias beneficiadas con el programa/Total de familias proyectadas a beneficiar)*100 | L153: Se refiere al porcentaje de familias del municipio que se benefician con algun programa de mejoramiento de vivienda (tinacos, calentadores solares, laminas, colchones) de acuerdo a las familias programas. | M153: Gestión | N153: Eficiencia | O153: Trimestral | P153: 100 371% | Q153: 2024 | R153: Lista de beneficiarios./Programa Operativo Anual de Desarrollo Socia/Informes mensuales | S153: Ascendente | T153: 0-60% | U153: 61-80% | V153: 81-100% | W153: 0.9 | X153: 0.8 | Y153: Porcentaje | Z153: 1 | AA153: 1 | AB153: 1 | AC153: Verde | AD153: 60 | AE153: 23 | AF153: =IF(AE153=0,0,IFERROR(AE153/AD153,"")) -> 0.38333333 | AG153: =IF(AF153="","",IF(AF153>1.3,"Rojo",IF($S153="Ascendente",IF(AND(AF153=0,AF153=0),0,IF(AND(AF153<=$T153,AF153>0),"Rojo",IF(AND(AF153>$T153,AF153<=$U153),"Amarillo",IF(AND(AF153>$U153,AF153<=$V153),"Verde")))),IF($S153="Descendente",IF(AND(AF153>=$V153,AF153<$U153),"Verde",IF(AND(AF153>=$U153,AF153<$T153),"Amarillo",IF(AND(AF153>=$T153,AF153>1.3),"Rojo",0))))))) -> Rojo | AH153: 60 | AI153: 14 | AJ153: =IF(AI153=0,0,IFERROR(AI153/AH153,"")) -> 0.23333333 | AK153: =IF(AJ153="","",IF(AJ153>1.3,"Rojo",IF($S153="Ascendente",IF(AND(AJ153=0,AJ153=0),0,IF(AND(AJ153<=$T153,AJ153>0),"Rojo",IF(AND(AJ153>$T153,AJ153<=$U153),"Amarillo",IF(AND(AJ153>$U153,AJ153<=$V153),"Verde")))),IF($S153="Descendente",IF(AND(AJ153>=$V153,AJ153<$U153),"Verde",IF(AND(AJ153>=$U153,AJ153<$T153),"Amarillo",IF(AND(AJ153>=$T153,AJ153>1.3),"Rojo",0))))))) -> Rojo | AL153: 60 | AM153: 15 | AN153: =IF(AM153=0,0,IFERROR(AM153/AL153,"")) -> 0.25 | AO153: =IF(AN153="","",IF(AN153>1.3,"Rojo",IF($S153="Ascendente",IF(AND(AN153=0,AN153=0),0,IF(AND(AN153<=$T153,AN153>0),"Rojo",IF(AND(AN153>$T153,AN153<=$U153),"Amarillo",IF(AND(AN153>$U153,AN153<=$V153),"Verde")))),IF($S153="Descendente",IF(AND(AN153>=$V153,AN153<$U153),"Verde",IF(AND(AN153>=$U153,AN153<$T153),"Amarillo",IF(AND(AN153>=$T153,AN153>1.3),"Rojo",0))))))) -> Rojo | AP153: 0.47 | AQ153: =IF(AP153=0,0,IFERROR(AP153/X153,"")) -> 0.5875 | AR153: =IF(AQ153="","",IF(AQ153>1.3,"Rojo",IF($S153="Ascendente",IF(AND(AQ153=0,AQ153=0),0,IF(AND(AQ153<=$T153,AQ153>0),"Rojo",IF(AND(AQ153>$T153,AQ153<=$U153),"Amarillo",IF(AND(AQ153>$U153,AQ153<=$V153),"Verde")))),IF($S153="Descendente",IF(AND(AQ153>=$V153,AQ153<$U153),"Verde",IF(AND(AQ153>=$U153,AQ153<$T153),"Amarillo",IF(AND(AQ153>=$T153,AQ153>1.3),"Rojo",0))))))) -> Rojo
A154: Santiago de Anaya | B154: 2024 | C154: 4to trimestre | D154: EJE 1: UN GOBIERNO CERCANO, JUSTO Y HONESTO DE LA MANO CON EL PUEBLO DE SANTIAGO DE ANAYA | E154: MBB002- SANTIAGO DE ANAYA UN MUNICIPIO QUE BUSCA EL BIENESTAR DEL PUEBLO. | F154: DESARROLLO SOCIAL | G154: Actividad.2.2 | H154: Disminuir la pobreza a través de la dotación de infraestructura básica a los hogares más vulnerables. | I154: MBB00214 | J154: Porcentaje de personas beneficiadas con el programa de cuarto dormitorio y piso firme. | K154: %CD= (Total de beneficiarios con cuarto dormitorio / Total de personas candidatas al programa) *100 | L154: Se refiere al porcentaje de población que se beneficia con el programa de cuarto dormitorio y piso firme de acuerdo a las reglas de operación del programa. | M154: Gestión | N154: Eficiencia | O154: Trimestral | P154: 0 | Q154: 2024 | R154: Lista de beneficiarios./Programa Operativo Anual de Desarrollo Socia/Informes mensuales | S154: Ascendente | T154: 0-50% | U154: 51-75% | V154: 76-100% | W154: 0.8 | X154: 1 | Y154: Porcentaje | Z154: 0 | AA154: 0 | AB154: 0 | AC154: Rojo | AD154: 172 | AE154: 172 | AF154: =IF(AE154=0,0,IFERROR(AE154/AD154,"")) -> 1 | AG154: =IF(AF154="","",IF(AF154>1.3,"Rojo",IF($S154="Ascendente",IF(AND(AF154=0,AF154=0),0,IF(AND(AF154<=$T154,AF154>0),"Rojo",IF(AND(AF154>$T154,AF154<=$U154),"Amarillo",IF(AND(AF154>$U154,AF154<=$V154),"Verde")))),IF($S154="Descendente",IF(AND(AF154>=$V154,AF154<$U154),"Verde",IF(AND(AF154>=$U154,AF154<$T154),"Amarillo",IF(AND(AF154>=$T154,AF154>1.3),"Rojo",0))))))) -> Rojo | AH154: 180 | AI154: 119 | AJ154: =IF(AI154=0,0,IFERROR(AI154/AH154,"")) -> 0.66111111 | AK154: =IF(AJ154="","",IF(AJ154>1.3,"Rojo",IF($S154="Ascendente",IF(AND(AJ154=0,AJ154=0),0,IF(AND(AJ154<=$T154,AJ154>0),"Rojo",IF(AND(AJ154>$T154,AJ154<=$U154),"Amarillo",IF(AND(AJ154>$U154,AJ154<=$V154),"Verde")))),IF($S154="Descendente",IF(AND(AJ154>=$V154,AJ154<$U154),"Verde",IF(AND(AJ154>=$U154,AJ154<$T154),"Amarillo",IF(AND(AJ154>=$T154,AJ154>1.3),"Rojo",0))))))) -> Rojo | AL154: 261 | AM154: 261 | AN154: =IF(AM154=0,0,IFERROR(AM154/AL154,"")) -> 1 | AO154: =IF(AN154="","",IF(AN154>1.3,"Rojo",IF($S154="Ascendente",IF(AND(AN154=0,AN154=0),0,IF(AND(AN154<=$T154,AN154>0),"Rojo",IF(AND(AN154>$T154,AN154<=$U154),"Amarillo",IF(AND(AN154>$U154,AN154<=$V154),"Verde")))),IF($S154="Descendente",IF(AND(AN154>=$V154,AN154<$U154),"Verde",IF(AND(AN154>=$U154,AN154<$T154),"Amarillo",IF(AND(AN154>=$T154,AN154>1.3),"Rojo",0))))))) -> Rojo | AP154: 0.92 | AQ154: =IF(AP154=0,0,IFERROR(AP154/X154,"")) -> 0.92 | AR154: =IF(AQ154="","",IF(AQ154>1.3,"Rojo",IF($S154="Ascendente",IF(AND(AQ154=0,AQ154=0),0,IF(AND(AQ154<=$T154,AQ154>0),"Rojo",IF(AND(AQ154>$T154,AQ154<=$U154),"Amarillo",IF(AND(AQ154>$U154,AQ154<=$V154),"Verde")))),IF($S154="Descendente",IF(AND(AQ154>=$V154,AQ154<$U154),"Verde",IF(AND(AQ154>=$U154,AQ154<$T154),"Amarillo",IF(AND(AQ154>=$T154,AQ154>1.3),"Rojo",0))))))) -> Rojo
A155: Santiago de Anaya | B155: 2024 | C155: 4to trimestre | D155: EJE 1: UN GOBIERNO CERCANO, JUSTO Y HONESTO DE LA MANO CON EL PUEBLO DE SANTIAGO DE ANAYA | E155: MBB002- SANTIAGO DE ANAYA UN MUNICIPIO QUE BUSCA EL BIENESTAR DEL PUEBLO. | F155: DESARROLLO SOCIAL | G155: Actividad.2.3 | H155: Apoyar la economía de las familias con alta marginación en pobreza y poder adquirir estos artículos para poder cubrir su necesidad en sus viviendas. | I155: MBB00215 | J155: Porcentaje de beneficiarios con la Expo-Economía social | K155: %BES= (Total de ciudadanos que adquirieron productos a bajo costo / Total de personas que proyectan beneficiar )*100 | L155: Se refiere al porcentaje de beneficiados con la Expo Economía Social para la adquisición de productos diversos como lo son calentadores solares, tinacos y tanques de almacenamiento, colchones, camas y herramientas de trabajo. | M155: Gestión | N155: Eficiencia | O155: Trimestral | P155: 100% 393 | Q155: 2024 | R155: Lista de beneficiarios./Programa Operativo Anual de Desarrollo Socia/Informes mensuales | S155: Ascendente | T155: 0-60% | U155: 61-80% | V155: 81-100% | W155: 0.9 | X155: 1 | Y155: Porcentaje | Z155: 100 | AA155: =22/15 -> 1.4666667 | AB155: 1.47 | AC155: Verde | AD155: 46 | AE155: 46 | AF155: =IF(AE155=0,0,IFERROR(AE155/AD155,"")) -> 1 | AG155: =IF(AF155="","",IF(AF155>1.3,"Rojo",IF($S155="Ascendente",IF(AND(AF155=0,AF155=0),0,IF(AND(AF155<=$T155,AF155>0),"Rojo",IF(AND(AF155>$T155,AF155<=$U155),"Amarillo",IF(AND(AF155>$U155,AF155<=$V155),"Verde")))),IF($S155="Descendente",IF(AND(AF155>=$V155,AF155<$U155),"Verde",IF(AND(AF155>=$U155,AF155<$T155),"Amarillo",IF(AND(AF155>=$T155,AF155>1.3),"Rojo",0))))))) -> Rojo | AH155: 57 | AI155: 57 | AJ155: =IF(AI155=0,0,IFERROR(AI155/AH155,"")) -> 1 | AK155: =IF(AJ155="","",IF(AJ155>1.3,"Rojo",IF($S155="Ascendente",IF(AND(AJ155=0,AJ155=0),0,IF(AND(AJ155<=$T155,AJ155>0),"Rojo",IF(AND(AJ155>$T155,AJ155<=$U155),"Amarillo",IF(AND(AJ155>$U155,AJ155<=$V155),"Verde")))),IF($S155="Descendente",IF(AND(AJ155>=$V155,AJ155<$U155),"Verde",IF(AND(AJ155>=$U155,AJ155<$T155),"Amarillo",IF(AND(AJ155>=$T155,AJ155>1.3),"Rojo",0))))))) -> Rojo | AL155: 57 | AM155: 56 | AN155: =IF(AM155=0,0,IFERROR(AM155/AL155,"")) -> 0.98245614 | AO155: =IF(AN155="","",IF(AN155>1.3,"Rojo",IF($S155="Ascendente",IF(AND(AN155=0,AN155=0),0,IF(AND(AN155<=$T155,AN155>0),"Rojo",IF(AND(AN155>$T155,AN155<=$U155),"Amarillo",IF(AND(AN155>$U155,AN155<=$V155),"Verde")))),IF($S155="Descendente",IF(AND(AN155>=$V155,AN155<$U155),"Verde",IF(AND(AN155>=$U155,AN155<$T155),"Amarillo",IF(AND(AN155>=$T155,AN155>1.3),"Rojo",0))))))) -> Rojo | AP155: 0.98 | AQ155: =IF(AP155=0,0,IFERROR(AP155/X155,"")) -> 0.98 | AR155: =IF(AQ155="","",IF(AQ155>1.3,"Rojo",IF($S155="Ascendente",IF(AND(AQ155=0,AQ155=0),0,IF(AND(AQ155<=$T155,AQ155>0),"Rojo",IF(AND(AQ155>$T155,AQ155<=$U155),"Amarillo",IF(AND(AQ155>$U155,AQ155<=$V155),"Verde")))),IF($S155="Descendente",IF(AND(AQ155>=$V155,AQ155<$U155),"Verde",IF(AND(AQ155>=$U155,AQ155<$T155),"Amarillo",IF(AND(AQ155>=$T155,AQ155>1.3),"Rojo",0))))))) -> Rojo
A156: Santiago de Anaya | B156: 2024 | C156: 4to trimestre | D156: EJE 1: UN GOBIERNO CERCANO, JUSTO Y HONESTO DE LA MANO CON EL PUEBLO DE SANTIAGO DE ANAYA | E156: MBB002- SANTIAGO DE ANAYA UN MUNICIPIO QUE BUSCA EL BIENESTAR DEL PUEBLO. | F156: ENLACE DE ATENCIÓN DEL ADULTO MAYOR | G156: Componente 3 | H156: Generar acciones en favor de los adultos mayores del municipio para el cuidado de sus derechos, salud y esparcimiento. | I156: MBB00216 | J156: Porcentaje de acciones realizadas que integran a la población adulta | K156: %ARAD= (Total de acciones realizadas/Total de acciones programadas)*100 | L156: Este indicador presenta el numero de actividades que se realizan en favor de los adultos mayores dentro del municipio. | M156: Gestión | N156: Eficiencia | O156: Trimestral | P156: 100% 6 | Q156: 2024 | R156: Programa Operativo Anual de Enlace municipal para la atención de las personas adultas mayores/ Reportes mensuales | S156: Ascendente | T156: 0-60% | U156: 61-80% | V156: 81-100% | W156: 0.9 | X156: 1 | Y156: Porcentaje | Z156: 0 | AA156: 0 | AB156: 0 | AD156: 0 | AE156: 0 | AF156: =IF(AE156=0,0,IFERROR(AE156/AD156,"")) -> 0 | AG156: =IF(AF156="","",IF(AF156>1.3,"Rojo",IF($S156="Ascendente",IF(AND(AF156=0,AF156=0),0,IF(AND(AF156<=$T156,AF156>0),"Rojo",IF(AND(AF156>$T156,AF156<=$U156),"Amarillo",IF(AND(AF156>$U156,AF156<=$V156),"Verde")))),IF($S156="Descendente",IF(AND(AF156>=$V156,AF156<$U156),"Verde",IF(AND(AF156>=$U156,AF156<$T156),"Amarillo",IF(AND(AF156>=$T156,AF156>1.3),"Rojo",0))))))) -> 0 | AH156: 1 | AI156: 1 | AJ156: =IF(AI156=0,0,IFERROR(AI156/AH156,"")) -> 1 | AK156: =IF(AJ156="","",IF(AJ156>1.3,"Rojo",IF($S156="Ascendente",IF(AND(AJ156=0,AJ156=0),0,IF(AND(AJ156<=$T156,AJ156>0),"Rojo",IF(AND(AJ156>$T156,AJ156<=$U156),"Amarillo",IF(AND(AJ156>$U156,AJ156<=$V156),"Verde")))),IF($S156="Descendente",IF(AND(AJ156>=$V156,AJ156<$U156),"Verde",IF(AND(AJ156>=$U156,AJ156<$T156),"Amarillo",IF(AND(AJ156>=$T156,AJ156>1.3),"Rojo",0))))))) -> Rojo | AL156: 1 | AM156: 1 | AN156: =IF(AM156=0,0,IFERROR(AM156/AL156,"")) -> 1 | AO156: =IF(AN156="","",IF(AN156>1.3,"Rojo",IF($S156="Ascendente",IF(AND(AN156=0,AN156=0),0,IF(AND(AN156<=$T156,AN156>0),"Rojo",IF(AND(AN156>$T156,AN156<=$U156),"Amarillo",IF(AND(AN156>$U156,AN156<=$V156),"Verde")))),IF($S156="Descendente",IF(AND(AN156>=$V156,AN156<$U156),"Verde",IF(AND(AN156>=$U156,AN156<$T156),"Amarillo",IF(AND(AN156>=$T156,AN156>1.3),"Rojo",0))))))) -> Rojo | AP156: 1 | AQ156: =IF(AP156=0,0,IFERROR(AP156/X156,"")) -> 1 | AR156: =IF(AQ156="","",IF(AQ156>1.3,"Rojo",IF($S156="Ascendente",IF(AND(AQ156=0,AQ156=0),0,IF(AND(AQ156<=$T156,AQ156>0),"Rojo",IF(AND(AQ156>$T156,AQ156<=$U156),"Amarillo",IF(AND(AQ156>$U156,AQ156<=$V156),"Verde")))),IF($S156="Descendente",IF(AND(AQ156>=$V156,AQ156<$U156),"Verde",IF(AND(AQ156>=$U156,AQ156<$T156),"Amarillo",IF(AND(AQ156>=$T156,AQ156>1.3),"Rojo",0))))))) -> Rojo
A157: Santiago de Anaya | B157: 2024 | C157: 4to trimestre | D157: EJE 1: UN GOBIERNO CERCANO, JUSTO Y HONESTO DE LA MANO CON EL PUEBLO DE SANTIAGO DE ANAYA | E157: MBB002- SANTIAGO DE ANAYA UN MUNICIPIO QUE BUSCA EL BIENESTAR DEL PUEBLO. | F157: ENLACE DE ATENCIÓN DEL ADULTO MAYOR | G157: Actividad 3.1 | H157: Contribuir para que las y los adultos mayores se informen sobre la prevención y los cuidados de los padecimientos crónicos degenerativos más comunes | I157: MBB00217 | J157: Porcentaje de sesiones para la atención de los adultos mayores. | K157: %TB=(Total de sesiones realizadas / Total de sesiones programados) *100 | L157: Se refiere al total de sesiones realizadas con actividades fisicas, dinamicas, manualidades, talleres preventivos e informativos con los grupos de las diferentes comunidades del municipio, para fomentar una cultura de respeto y trato digno, fortalecer lazos familiares, asi como fomentar las acciones tendientes a procurar una atencion oportuna y de calidad a los adultos mayores. | M157: Gestión | N157: Eficiencia | O157: Trimestral | P157: 1 | Q157: 2024 | R157: Lista de asistencia y Memoria Fotográfica. Programa Operativo Anual de Enlace municipal para la atención de las personas adultas mayores | S157: Ascendente | T157: 0-60% | U157: 61-80% | V157: 81-80% | W157: 0.9 | X157: 0.8 | Y157: Porcentaje | Z157: 100 2779 | AA157: =3915/2779 -> 1.4087801 | AB157: 1.41 | AC157: Verde | AD157: 1041 | AE157: 1041 | AF157: =IF(AE157=0,0,IFERROR(AE157/AD157,"")) -> 1 | AG157: =IF(AF157="","",IF(AF157>1.3,"Rojo",IF($S157="Ascendente",IF(AND(AF157=0,AF157=0),0,IF(AND(AF157<=$T157,AF157>0),"Rojo",IF(AND(AF157>$T157,AF157<=$U157),"Amarillo",IF(AND(AF157>$U157,AF157<=$V157),"Verde")))),IF($S157="Descendente",IF(AND(AF157>=$V157,AF157<$U157),"Verde",IF(AND(AF157>=$U157,AF157<$T157),"Amarillo",IF(AND(AF157>=$T157,AF157>1.3),"Rojo",0))))))) -> Rojo | AH157: 1655 | AI157: 1041 | AJ157: =IF(AI157=0,0,IFERROR(AI157/AH157,"")) -> 0.62900302 | AK157: =IF(AJ157="","",IF(AJ157>1.3,"Rojo",IF($S157="Ascendente",IF(AND(AJ157=0,AJ157=0),0,IF(AND(AJ157<=$T157,AJ157>0),"Rojo",IF(AND(AJ157>$T157,AJ157<=$U157),"Amarillo",IF(AND(AJ157>$U157,AJ157<=$V157),"Verde")))),IF($S157="Descendente",IF(AND(AJ157>=$V157,AJ157<$U157),"Verde",IF(AND(AJ157>=$U157,AJ157<$T157),"Amarillo",IF(AND(AJ157>=$T157,AJ157>1.3),"Rojo",0))))))) -> Rojo | AL157: 2484 | AM157: 1146 | AN157: =IF(AM157=0,0,IFERROR(AM157/AL157,"")) -> 0.46135266 | AO157: =IF(AN157="","",IF(AN157>1.3,"Rojo",IF($S157="Ascendente",IF(AND(AN157=0,AN157=0),0,IF(AND(AN157<=$T157,AN157>0),"Rojo",IF(AND(AN157>$T157,AN157<=$U157),"Amarillo",IF(AND(AN157>$U157,AN157<=$V157),"Verde")))),IF($S157="Descendente",IF(AND(AN157>=$V157,AN157<$U157),"Verde",IF(AND(AN157>=$U157,AN157<$T157),"Amarillo",IF(AND(AN157>=$T157,AN157>1.3),"Rojo",0))))))) -> Rojo | AP157: 0.46 | AQ157: =IF(AP157=0,0,IFERROR(AP157/X157,"")) -> 0.575 | AR157: =IF(AQ157="","",IF(AQ157>1.3,"Rojo",IF($S157="Ascendente",IF(AND(AQ157=0,AQ157=0),0,IF(AND(AQ157<=$T157,AQ157>0),"Rojo",IF(AND(AQ157>$T157,AQ157<=$U157),"Amarillo",IF(AND(AQ157>$U157,AQ157<=$V157),"Verde")))),IF($S157="Descendente",IF(AND(AQ157>=$V157,AQ157<$U157),"Verde",IF(AND(AQ157>=$U157,AQ157<$T157),"Amarillo",IF(AND(AQ157>=$T157,AQ157>1.3),"Rojo",0))))))) -> Rojo
A158: Santiago de Anaya | B158: 2024 | C158: 4to trimestre | D158: EJE 1: UN GOBIERNO CERCANO, JUSTO Y HONESTO DE LA MANO CON EL PUEBLO DE SANTIAGO DE ANAYA | E158: MBB002- SANTIAGO DE ANAYA UN MUNICIPIO QUE BUSCA EL BIENESTAR DEL PUEBLO. | F158: ENLACE DE ATENCIÓN DEL ADULTO MAYOR | G158: Actividad 3.2 | H158: Otorgar terapia ocupacional para reducir los riesgos de depresión en los Adultos Mayores | I158: MBB00218 | J158: Porcentaje de talleres realizados para la elaboración de manualidades | K158: %TR= (Total de talleres realizados / Total de talleres progrados) *100 | L158: Se refiere al porcentaje de asistentes en los talleres de elaboración de manualidades que sirven como terapia ocupacional. | M158: Gestión | N158: Eficiencia | O158: Trimestral | P158: 1 | Q158: 2024 | R158: Enlace municipal para la atención de las personas adultas mayores / lista de asistencia y memoria fotográfica. | S158: Ascendente | T158: 0-60% | U158: 61-80% | V158: 81-80% | W158: 0.9 | X158: 1 | Y158: Porcentaje | Z158: 100% 18 | AA158: =46/18 -> 2.5555556 | AB158: 2.56 | AC158: Verde | AD158: 21 | AE158: 21 | AF158: =IF(AE158=0,0,IFERROR(AE158/AD158,"")) -> 1 | AG158: =IF(AF158="","",IF(AF158>1.3,"Rojo",IF($S158="Ascendente",IF(AND(AF158=0,AF158=0),0,IF(AND(AF158<=$T158,AF158>0),"Rojo",IF(AND(AF158>$T158,AF158<=$U158),"Amarillo",IF(AND(AF158>$U158,AF158<=$V158),"Verde")))),IF($S158="Descendente",IF(AND(AF158>=$V158,AF158<$U158),"Verde",IF(AND(AF158>=$U158,AF158<$T158),"Amarillo",IF(AND(AF158>=$T158,AF158>1.3),"Rojo",0))))))) -> Rojo | AH158: 23 | AI158: 23 | AJ158: =IF(AI158=0,0,IFERROR(AI158/AH158,"")) -> 1 | AK158: =IF(AJ158="","",IF(AJ158>1.3,"Rojo",IF($S158="Ascendente",IF(AND(AJ158=0,AJ158=0),0,IF(AND(AJ158<=$T158,AJ158>0),"Rojo",IF(AND(AJ158>$T158,AJ158<=$U158),"Amarillo",IF(AND(AJ158>$U158,AJ158<=$V158),"Verde")))),IF($S158="Descendente",IF(AND(AJ158>=$V158,AJ158<$U158),"Verde",IF(AND(AJ158>=$U158,AJ158<$T158),"Amarillo",IF(AND(AJ158>=$T158,AJ158>1.3),"Rojo",0))))))) -> Rojo | AL158: 23 | AM158: 23 | AN158: =IF(AM158=0,0,IFERROR(AM158/AL158,"")) -> 1 | AO158: =IF(AN158="","",IF(AN158>1.3,"Rojo",IF($S158="Ascendente",IF(AND(AN158=0,AN158=0),0,IF(AND(AN158<=$T158,AN158>0),"Rojo",IF(AND(AN158>$T158,AN158<=$U158),"Amarillo",IF(AND(AN158>$U158,AN158<=$V158),"Verde")))),IF($S158="Descendente",IF(AND(AN158>=$V158,AN158<$U158),"Verde",IF(AND(AN158>=$U158,AN158<$T158),"Amarillo",IF(AND(AN158>=$T158,AN158>1.3),"Rojo",0))))))) -> Rojo | AP158: 1 | AQ158: =IF(AP158=0,0,IFERROR(AP158/X158,"")) -> 1 | AR158: =IF(AQ158="","",IF(AQ158>1.3,"Rojo",IF($S158="Ascendente",IF(AND(AQ158=0,AQ158=0),0,IF(AND(AQ158<=$T158,AQ158>0),"Rojo",IF(AND(AQ158>$T158,AQ158<=$U158),"Amarillo",IF(AND(AQ158>$U158,AQ158<=$V158),"Verde")))),IF($S158="Descendente",IF(AND(AQ158>=$V158,AQ158<$U158),"Verde",IF(AND(AQ158>=$U158,AQ158<$T158),"Amarillo",IF(AND(AQ158>=$T158,AQ158>1.3),"Rojo",0))))))) -> Rojo
A159: Santiago de Anaya | B159: 2024 | C159: 4to trimestre | D159: EJE 1: UN GOBIERNO CERCANO, JUSTO Y HONESTO DE LA MANO CON EL PUEBLO DE SANTIAGO DE ANAYA | E159: MBB002- SANTIAGO DE ANAYA UN MUNICIPIO QUE BUSCA EL BIENESTAR DEL PUEBLO. | F159: IMJUVE Y DEPORTE | G159: Componente 4 | H159: Promover el desarrollo de actividades que fomenten hábitos de cultura física y deportiva en la población del municipio asi como el bienestar de los jovenes. | I159: MBB00219 | J159: Porcentaje de actividades que promueven el deporte y la participación activa de los jovenes | K159: %ARDJ=(Total de actividades realizadas/Total de actividades programadas)*100 | L159: Este indicador representa el numero de servicios que se brindan en la Instacia Municipal de la Juventud | M159: Gestión | N159: Eficiencia | O159: Trimestral | P159: 100 13% | Q159: 2024 | R159: Listas de asistencia, , evidencia fotográfica. Programa Operativo Anual IMJUVE y Deporte | S159: Ascendente | T159: 0-60% | U159: 61-80% | V159: 81-80% | W159: 0.9 | X159: 0.75 | Y159: Porcentaje | Z159: 0 | AA159: 0 | AB159: 0 | AC159: Rojo | AD159: 756 | AE159: 756 | AF159: =IF(AE159=0,0,IFERROR(AE159/AD159,"")) -> 1 | AG159: =IF(AF159="","",IF(AF159>1.3,"Rojo",IF($S159="Ascendente",IF(AND(AF159=0,AF159=0),0,IF(AND(AF159<=$T159,AF159>0),"Rojo",IF(AND(AF159>$T159,AF159<=$U159),"Amarillo",IF(AND(AF159>$U159,AF159<=$V159),"Verde")))),IF($S159="Descendente",IF(AND(AF159>=$V159,AF159<$U159),"Verde",IF(AND(AF159>=$U159,AF159<$T159),"Amarillo",IF(AND(AF159>=$T159,AF159>1.3),"Rojo",0))))))) -> Rojo | AH159: 855 | AI159: 285 | AJ159: =IF(AI159=0,0,IFERROR(AI159/AH159,"")) -> 0.33333333 | AK159: =IF(AJ159="","",IF(AJ159>1.3,"Rojo",IF($S159="Ascendente",IF(AND(AJ159=0,AJ159=0),0,IF(AND(AJ159<=$T159,AJ159>0),"Rojo",IF(AND(AJ159>$T159,AJ159<=$U159),"Amarillo",IF(AND(AJ159>$U159,AJ159<=$V159),"Verde")))),IF($S159="Descendente",IF(AND(AJ159>=$V159,AJ159<$U159),"Verde",IF(AND(AJ159>=$U159,AJ159<$T159),"Amarillo",IF(AND(AJ159>=$T159,AJ159>1.3),"Rojo",0))))))) -> Rojo | AL159: 855 | AM159: 390 | AN159: =IF(AM159=0,0,IFERROR(AM159/AL159,"")) -> 0.45614035 | AO159: =IF(AN159="","",IF(AN159>1.3,"Rojo",IF($S159="Ascendente",IF(AND(AN159=0,AN159=0),0,IF(AND(AN159<=$T159,AN159>0),"Rojo",IF(AND(AN159>$T159,AN159<=$U159),"Amarillo",IF(AND(AN159>$U159,AN159<=$V159),"Verde")))),IF($S159="Descendente",IF(AND(AN159>=$V159,AN159<$U159),"Verde",IF(AND(AN159>=$U159,AN159<$T159),"Amarillo",IF(AND(AN159>=$T159,AN159>1.3),"Rojo",0))))))) -> Rojo | AP159: 0.36 | AQ159: =IF(AP159=0,0,IFERROR(AP159/X159,"")) -> 0.48 | AR159: =IF(AQ159="","",IF(AQ159>1.3,"Rojo",IF($S159="Ascendente",IF(AND(AQ159=0,AQ159=0),0,IF(AND(AQ159<=$T159,AQ159>0),"Rojo",IF(AND(AQ159>$T159,AQ159<=$U159),"Amarillo",IF(AND(AQ159>$U159,AQ159<=$V159),"Verde")))),IF($S159="Descendente",IF(AND(AQ159>=$V159,AQ159<$U159),"Verde",IF(AND(AQ159>=$U159,AQ159<$T159),"Amarillo",IF(AND(AQ159>=$T159,AQ159>1.3),"Rojo",0))))))) -> Rojo
A160: Santiago de Anaya | B160: 2024 | C160: 4to trimestre | D160: EJE 1: UN GOBIERNO CERCANO, JUSTO Y HONESTO DE LA MANO CON EL PUEBLO DE SANTIAGO DE ANAYA | E160: MBB002- SANTIAGO DE ANAYA UN MUNICIPIO QUE BUSCA EL BIENESTAR DEL PUEBLO. | F160: IMJUVE Y DEPORTE | G160: Actividad 4.1 | H160: Impulsar el bienestar integral de los jóvenes Santiaguenses para el desarrollo de sus capacidades, competencias y habilidades promoviendo su bienestar físico, económico y social. | I160: MBB00220 | J160: Porcentaje de servicios ofecidos para las juventudes Santiaguenses | K160: %(Total de servicios brindados/Total de servicios disponibles)*100 | L160: Este indicador representa el numero de acciones que realiza la administración municipal en favor del deporte y de las juventudes. | M160: Gestión | N160: Eficiencia | O160: Trimestral | P160: 100% 8 | Q160: 2024 | R160: Listas de asistencia, evidencia fotográfica/Programa Operativo Anual IMJUVE y Deporte | S160: Ascendente | T160: 0-60% | U160: 61-80% | V160: 81-80% | W160: 0.9 | X160: 0.75 | Y160: Porcentaje | Z160: 1 | AA160: 1 | AB160: 1 | AC160: Verde | AD160: 285 | AE160: 285 | AF160: =IF(AE160=0,0,IFERROR(AE160/AD160,"")) -> 1 | AG160: =IF(AF160="","",IF(AF160>1.3,"Rojo",IF($S160="Ascendente",IF(AND(AF160=0,AF160=0),0,IF(AND(AF160<=$T160,AF160>0),"Rojo",IF(AND(AF160>$T160,AF160<=$U160),"Amarillo",IF(AND(AF160>$U160,AF160<=$V160),"Verde")))),IF($S160="Descendente",IF(AND(AF160>=$V160,AF160<$U160),"Verde",IF(AND(AF160>=$U160,AF160<$T160),"Amarillo",IF(AND(AF160>=$T160,AF160>1.3),"Rojo",0))))))) -> Rojo | AH160: 756 | AI160: 756 | AJ160: =IF(AI160=0,0,IFERROR(AI160/AH160,"")) -> 1 | AK160: =IF(AJ160="","",IF(AJ160>1.3,"Rojo",IF($S160="Ascendente",IF(AND(AJ160=0,AJ160=0),0,IF(AND(AJ160<=$T160,AJ160>0),"Rojo",IF(AND(AJ160>$T160,AJ160<=$U160),"Amarillo",IF(AND(AJ160>$U160,AJ160<=$V160),"Verde")))),IF($S160="Descendente",IF(AND(AJ160>=$V160,AJ160<$U160),"Verde",IF(AND(AJ160>=$U160,AJ160<$T160),"Amarillo",IF(AND(AJ160>=$T160,AJ160>1.3),"Rojo",0))))))) -> Rojo | AL160: 2400 | AM160: 756 | AN160: =IF(AM160=0,0,IFERROR(AM160/AL160,"")) -> 0.315 | AO160: =IF(AN160="","",IF(AN160>1.3,"Rojo",IF($S160="Ascendente",IF(AND(AN160=0,AN160=0),0,IF(AND(AN160<=$T160,AN160>0),"Rojo",IF(AND(AN160>$T160,AN160<=$U160),"Amarillo",IF(AND(AN160>$U160,AN160<=$V160),"Verde")))),IF($S160="Descendente",IF(AND(AN160>=$V160,AN160<$U160),"Verde",IF(AND(AN160>=$U160,AN160<$T160),"Amarillo",IF(AND(AN160>=$T160,AN160>1.3),"Rojo",0))))))) -> Rojo | AP160: 0.33 | AQ160: =IF(AP160=0,0,IFERROR(AP160/X160,"")) -> 0.44 | AR160: =IF(AQ160="","",IF(AQ160>1.3,"Rojo",IF($S160="Ascendente",IF(AND(AQ160=0,AQ160=0),0,IF(AND(AQ160<=$T160,AQ160>0),"Rojo",IF(AND(AQ160>$T160,AQ160<=$U160),"Amarillo",IF(AND(AQ160>$U160,AQ160<=$V160),"Verde")))),IF($S160="Descendente",IF(AND(AQ160>=$V160,AQ160<$U160),"Verde",IF(AND(AQ160>=$U160,AQ160<$T160),"Amarillo",IF(AND(AQ160>=$T160,AQ160>1.3),"Rojo",0))))))) -> Rojo
A161: Santiago de Anaya | B161: 2024 | C161: 4to trimestre | D161: EJE 1: UN GOBIERNO CERCANO, JUSTO Y HONESTO DE LA MANO CON EL PUEBLO DE SANTIAGO DE ANAYA | E161: MBB002- SANTIAGO DE ANAYA UN MUNICIPIO QUE BUSCA EL BIENESTAR DEL PUEBLO. | F161: IMJUVE Y DEPORTE | G161: Actividad 4.2 | H161: Incrementar los espacios deportivos que brinden condiciones aptas para practicar deporte. | I161: MBB00221 | J161: Porcentaje de mantenimientos realizados a los espacios deportivos en el municipio. | K161: %MED= (Total de espacios deportivos que reciben mantenimiento / Total de espacios deportivos en el Municipio)*100 | L161: Se refiere al porcentaje de centros deportivos acondicionados con la intervención del municipio. | M161: Gestión | N161: Eficacia | O161: Trimestral | P161: 60% 3 | Q161: 2024 | R161: Reportes mensuales, Evidencia fotográfica. Programa Operativo Anual IMJUVE y Deporte | S161: Ascendente | T161: 0-50% | U161: 51-75% | V161: 76-100% | W161: 0.85 | X161: 1 | Y161: Porcentaje | Z161: 0 | AA161: 0 | AB161: 0 | AC161: Rojo | AD161: 23 | AE161: 18 | AF161: =IF(AE161=0,0,IFERROR(AE161/AD161,"")) -> 0.7826087 | AG161: =IF(AF161="","",IF(AF161>1.3,"Rojo",IF($S161="Ascendente",IF(AND(AF161=0,AF161=0),0,IF(AND(AF161<=$T161,AF161>0),"Rojo",IF(AND(AF161>$T161,AF161<=$U161),"Amarillo",IF(AND(AF161>$U161,AF161<=$V161),"Verde")))),IF($S161="Descendente",IF(AND(AF161>=$V161,AF161<$U161),"Verde",IF(AND(AF161>=$U161,AF161<$T161),"Amarillo",IF(AND(AF161>=$T161,AF161>1.3),"Rojo",0))))))) -> Rojo | AH161: 0 | AI161: 0 | AJ161: =IF(AI161=0,0,IFERROR(AI161/AH161,"")) -> 0 | AK161: =IF(AJ161="","",IF(AJ161>1.3,"Rojo",IF($S161="Ascendente",IF(AND(AJ161=0,AJ161=0),0,IF(AND(AJ161<=$T161,AJ161>0),"Rojo",IF(AND(AJ161>$T161,AJ161<=$U161),"Amarillo",IF(AND(AJ161>$U161,AJ161<=$V161),"Verde")))),IF($S161="Descendente",IF(AND(AJ161>=$V161,AJ161<$U161),"Verde",IF(AND(AJ161>=$U161,AJ161<$T161),"Amarillo",IF(AND(AJ161>=$T161,AJ161>1.3),"Rojo",0))))))) -> 0 | AL161: 23 | AM161: 23 | AN161: =IF(AM161=0,0,IFERROR(AM161/AL161,"")) -> 1 | AO161: =IF(AN161="","",IF(AN161>1.3,"Rojo",IF($S161="Ascendente",IF(AND(AN161=0,AN161=0),0,IF(AND(AN161<=$T161,AN161>0),"Rojo",IF(AND(AN161>$T161,AN161<=$U161),"Amarillo",IF(AND(AN161>$U161,AN161<=$V161),"Verde")))),IF($S161="Descendente",IF(AND(AN161>=$V161,AN161<$U161),"Verde",IF(AND(AN161>=$U161,AN161<$T161),"Amarillo",IF(AND(AN161>=$T161,AN161>1.3),"Rojo",0))))))) -> Rojo | AP161: 1 | AQ161: =IF(AP161=0,0,IFERROR(AP161/X161,"")) -> 1 | AR161: =IF(AQ161="","",IF(AQ161>1.3,"Rojo",IF($S161="Ascendente",IF(AND(AQ161=0,AQ161=0),0,IF(AND(AQ161<=$T161,AQ161>0),"Rojo",IF(AND(AQ161>$T161,AQ161<=$U161),"Amarillo",IF(AND(AQ161>$U161,AQ161<=$V161),"Verde")))),IF($S161="Descendente",IF(AND(AQ161>=$V161,AQ161<$U161),"Verde",IF(AND(AQ161>=$U161,AQ161<$T161),"Amarillo",IF(AND(AQ161>=$T161,AQ161>1.3),"Rojo",0))))))) -> Rojo
A162: Santiago de Anaya | B162: 2024 | C162: 4to trimestre | D162: EJE 1: UN GOBIERNO CERCANO, JUSTO Y HONESTO DE LA MANO CON EL PUEBLO DE SANTIAGO DE ANAYA | E162: MBB002- SANTIAGO DE ANAYA UN MUNICIPIO QUE BUSCA EL BIENESTAR DEL PUEBLO. | F162: COMUNIDADES INDÍGENAS | G162: Componente 5 | H162: Contribuir de forma sólida para el rescate de las culturas de los pueblos indígenas del Municipio, sabiendo que cada comunidad tiene algo representativo que preservar. | I162: MBB00222 | J162: Porcentaje de localidades del municipio que han sido registradas como comunidades indígenas. | K162: %LRCI= (Total de localidades registradas como comunidades indígenas / Total de comunidades en el Municipio)*100 | L162: Indica el numero de localidades que se han registrado como comunidades indígenas mediante un procedimiento formal ante las Instancias correspondientes. | M162: Gestión | N162: Eficacia | O162: Semestral | P162: =15/23 -> 0.65217391 | Q162: 2024 | R162: Ley de Derechos y Cultura Indígena para el Estado de Hidalgo. Constancias de registro | S162: Ascendente | T162: 0-65% | U162: 66-90% | V162: 91-100% | W162: 0.95 | X162: 0.85 | Y162: Porcentaje | Z162: 100% 15 | AA162: 1 | AB162: 1 | AC162: Verde | AD162: 6 | AE162: 5 | AF162: =IF(AE162=0,0,IFERROR(AE162/AD162,"")) -> 0.83333333 | AG162: =IF(AF162="","",IF(AF162>1.3,"Rojo",IF($S162="Ascendente",IF(AND(AF162=0,AF162=0),0,IF(AND(AF162<=$T162,AF162>0),"Rojo",IF(AND(AF162>$T162,AF162<=$U162),"Amarillo",IF(AND(AF162>$U162,AF162<=$V162),"Verde")))),IF($S162="Descendente",IF(AND(AF162>=$V162,AF162<$U162),"Verde",IF(AND(AF162>=$U162,AF162<$T162),"Amarillo",IF(AND(AF162>=$T162,AF162>1.3),"Rojo",0))))))) -> Rojo | AH162: 6 | AI162: 4 | AJ162: =IF(AI162=0,0,IFERROR(AI162/AH162,"")) -> 0.66666667 | AK162: =IF(AJ162="","",IF(AJ162>1.3,"Rojo",IF($S162="Ascendente",IF(AND(AJ162=0,AJ162=0),0,IF(AND(AJ162<=$T162,AJ162>0),"Rojo",IF(AND(AJ162>$T162,AJ162<=$U162),"Amarillo",IF(AND(AJ162>$U162,AJ162<=$V162),"Verde")))),IF($S162="Descendente",IF(AND(AJ162>=$V162,AJ162<$U162),"Verde",IF(AND(AJ162>=$U162,AJ162<$T162),"Amarillo",IF(AND(AJ162>=$T162,AJ162>1.3),"Rojo",0))))))) -> Rojo | AL162: 6 | AM162: 5 | AN162: =IF(AM162=0,0,IFERROR(AM162/AL162,"")) -> 0.83333333 | AO162: =IF(AN162="","",IF(AN162>1.3,"Rojo",IF($S162="Ascendente",IF(AND(AN162=0,AN162=0),0,IF(AND(AN162<=$T162,AN162>0),"Rojo",IF(AND(AN162>$T162,AN162<=$U162),"Amarillo",IF(AND(AN162>$U162,AN162<=$V162),"Verde")))),IF($S162="Descendente",IF(AND(AN162>=$V162,AN162<$U162),"Verde",IF(AND(AN162>=$U162,AN162<$T162),"Amarillo",IF(AND(AN162>=$T162,AN162>1.3),"Rojo",0))))))) -> Rojo | AP162: 0.83 | AQ162: =IF(AP162=0,0,IFERROR(AP162/X162,"")) -> 0.97647059 | AR162: =IF(AQ162="","",IF(AQ162>1.3,"Rojo",IF($S162="Ascendente",IF(AND(AQ162=0,AQ162=0),0,IF(AND(AQ162<=$T162,AQ162>0),"Rojo",IF(AND(AQ162>$T162,AQ162<=$U162),"Amarillo",IF(AND(AQ162>$U162,AQ162<=$V162),"Verde")))),IF($S162="Descendente",IF(AND(AQ162>=$V162,AQ162<$U162),"Verde",IF(AND(AQ162>=$U162,AQ162<$T162),"Amarillo",IF(AND(AQ162>=$T162,AQ162>1.3),"Rojo",0))))))) -> Rojo
A163: Santiago de Anaya | B163: 2024 | C163: 4to trimestre | D163: EJE 1: UN GOBIERNO CERCANO, JUSTO Y HONESTO DE LA MANO CON EL PUEBLO DE SANTIAGO DE ANAYA | E163: MBB002- SANTIAGO DE ANAYA UN MUNICIPIO QUE BUSCA EL BIENESTAR DEL PUEBLO. | F163: COMUNIDADES INDÍGENAS | G163: Actividad 5.1 | H163: Promover un representante indígena ante el municipio de cada comunidad, para asistencia a Foros y Consultas Indígenas. | I163: MBB00223 | J163: Porcentaje de representantes indígenas promovidos en las comunidades. | K163: %RI= (Total de comunidades con representantes indígenas / Total de comunidades registradas como indígenas) *100 | L163: Se refiere al porcentaje de comunidades que tienen a una figura como representante de su comunidad indígena, por lo general es el delegado municipal. | M163: Gestión | N163: Eficiencia | O163: Trimestral | P163: 0.66 | Q163: 2024 | R163: Programa Operativo Anual Comunidades Indígenas. Informes mensuales. Actas o minutas. | S163: Ascendente | T163: 0-66% | U163: 67-85% | V163: 86-100% | W163: 0.9 | X163: 1 | Y163: Porcentaje | Z163: 100% 960 | AA163: 1 | AB163: 1 | AC163: Verde | AD163: 144 | AE163: 144 | AF163: =IF(AE163=0,0,IFERROR(AE163/AD163,"")) -> 1 | AG163: =IF(AF163="","",IF(AF163>1.3,"Rojo",IF($S163="Ascendente",IF(AND(AF163=0,AF163=0),0,IF(AND(AF163<=$T163,AF163>0),"Rojo",IF(AND(AF163>$T163,AF163<=$U163),"Amarillo",IF(AND(AF163>$U163,AF163<=$V163),"Verde")))),IF($S163="Descendente",IF(AND(AF163>=$V163,AF163<$U163),"Verde",IF(AND(AF163>=$U163,AF163<$T163),"Amarillo",IF(AND(AF163>=$T163,AF163>1.3),"Rojo",0))))))) -> Rojo | AH163: 1 | AI163: 1 | AJ163: =IF(AI163=0,0,IFERROR(AI163/AH163,"")) -> 1 | AK163: =IF(AJ163="","",IF(AJ163>1.3,"Rojo",IF($S163="Ascendente",IF(AND(AJ163=0,AJ163=0),0,IF(AND(AJ163<=$T163,AJ163>0),"Rojo",IF(AND(AJ163>$T163,AJ163<=$U163),"Amarillo",IF(AND(AJ163>$U163,AJ163<=$V163),"Verde")))),IF($S163="Descendente",IF(AND(AJ163>=$V163,AJ163<$U163),"Verde",IF(AND(AJ163>=$U163,AJ163<$T163),"Amarillo",IF(AND(AJ163>=$T163,AJ163>1.3),"Rojo",0))))))) -> Rojo | AL163: 211 | AM163: 211 | AN163: =IF(AM163=0,0,IFERROR(AM163/AL163,"")) -> 1 | AO163: =IF(AN163="","",IF(AN163>1.3,"Rojo",IF($S163="Ascendente",IF(AND(AN163=0,AN163=0),0,IF(AND(AN163<=$T163,AN163>0),"Rojo",IF(AND(AN163>$T163,AN163<=$U163),"Amarillo",IF(AND(AN163>$U163,AN163<=$V163),"Verde")))),IF($S163="Descendente",IF(AND(AN163>=$V163,AN163<$U163),"Verde",IF(AND(AN163>=$U163,AN163<$T163),"Amarillo",IF(AND(AN163>=$T163,AN163>1.3),"Rojo",0))))))) -> Rojo | AP163: 1 | AQ163: =IF(AP163=0,0,IFERROR(AP163/X163,"")) -> 1 | AR163: =IF(AQ163="","",IF(AQ163>1.3,"Rojo",IF($S163="Ascendente",IF(AND(AQ163=0,AQ163=0),0,IF(AND(AQ163<=$T163,AQ163>0),"Rojo",IF(AND(AQ163>$T163,AQ163<=$U163),"Amarillo",IF(AND(AQ163>$U163,AQ163<=$V163),"Verde")))),IF($S163="Descendente",IF(AND(AQ163>=$V163,AQ163<$U163),"Verde",IF(AND(AQ163>=$U163,AQ163<$T163),"Amarillo",IF(AND(AQ163>=$T163,AQ163>1.3),"Rojo",0))))))) -> Rojo
A164: Santiago de Anaya | B164: 2024 | C164: 4to trimestre | D164: EJE 1: UN GOBIERNO CERCANO, JUSTO Y HONESTO DE LA MANO CON EL PUEBLO DE SANTIAGO DE ANAYA | E164: MBB002- SANTIAGO DE ANAYA UN MUNICIPIO QUE BUSCA EL BIENESTAR DEL PUEBLO. | F164: COMUNIDADES INDÍGENAS | G164: Actividad 5.2 | H164: Implementar talleres para enseñar la lengua materna a toda persona que quiera aprender a hablar, leer y escribir. | I164: MBB00224 | J164: Porcentaje de talleres realizados de la lengua materna hñahñú. | K164: %TLM= (Total de talleres impartidos / Total de talleres proyectados a realizar) *100 | L164: Se refiere al porcentaje de talleres que buscan el rescate de la lengua materna Hñahñú en nuestro municipio para preservar la lengua. | M164: Gestión | N164: Eficiencia | O164: Trimestral | P164: 0 | Q164: 2024 | R164: Informes mensuales, Listas de asistencia. Programa Operativo Anual Comunidades Indígenas. | S164: Ascendente | T164: 0-50% | U164: 51-75% | V164: 76-100% | W164: 0.8 | X164: 1 | Y164: Porcentaje | Z164: 100% 45 | AA164: =30/45 -> 0.66666667 | AB164: 0.67 | AC164: Amarillo | AD164: 72 | AE164: 72 | AF164: =IF(AE164=0,0,IFERROR(AE164/AD164,"")) -> 1 | AG164: =IF(AF164="","",IF(AF164>1.3,"Rojo",IF($S164="Ascendente",IF(AND(AF164=0,AF164=0),0,IF(AND(AF164<=$T164,AF164>0),"Rojo",IF(AND(AF164>$T164,AF164<=$U164),"Amarillo",IF(AND(AF164>$U164,AF164<=$V164),"Verde")))),IF($S164="Descendente",IF(AND(AF164>=$V164,AF164<$U164),"Verde",IF(AND(AF164>=$U164,AF164<$T164),"Amarillo",IF(AND(AF164>=$T164,AF164>1.3),"Rojo",0))))))) -> Rojo | AH164: 93 | AI164: 93 | AJ164: =IF(AI164=0,0,IFERROR(AI164/AH164,"")) -> 1 | AK164: =IF(AJ164="","",IF(AJ164>1.3,"Rojo",IF($S164="Ascendente",IF(AND(AJ164=0,AJ164=0),0,IF(AND(AJ164<=$T164,AJ164>0),"Rojo",IF(AND(AJ164>$T164,AJ164<=$U164),"Amarillo",IF(AND(AJ164>$U164,AJ164<=$V164),"Verde")))),IF($S164="Descendente",IF(AND(AJ164>=$V164,AJ164<$U164),"Verde",IF(AND(AJ164>=$U164,AJ164<$T164),"Amarillo",IF(AND(AJ164>=$T164,AJ164>1.3),"Rojo",0))))))) -> Rojo | AL164: 118 | AM164: 118 | AN164: =IF(AM164=0,0,IFERROR(AM164/AL164,"")) -> 1 | AO164: =IF(AN164="","",IF(AN164>1.3,"Rojo",IF($S164="Ascendente",IF(AND(AN164=0,AN164=0),0,IF(AND(AN164<=$T164,AN164>0),"Rojo",IF(AND(AN164>$T164,AN164<=$U164),"Amarillo",IF(AND(AN164>$U164,AN164<=$V164),"Verde")))),IF($S164="Descendente",IF(AND(AN164>=$V164,AN164<$U164),"Verde",IF(AND(AN164>=$U164,AN164<$T164),"Amarillo",IF(AND(AN164>=$T164,AN164>1.3),"Rojo",0))))))) -> Rojo | AP164: 1 | AQ164: =IF(AP164=0,0,IFERROR(AP164/X164,"")) -> 1 | AR164: =IF(AQ164="","",IF(AQ164>1.3,"Rojo",IF($S164="Ascendente",IF(AND(AQ164=0,AQ164=0),0,IF(AND(AQ164<=$T164,AQ164>0),"Rojo",IF(AND(AQ164>$T164,AQ164<=$U164),"Amarillo",IF(AND(AQ164>$U164,AQ164<=$V164),"Verde")))),IF($S164="Descendente",IF(AND(AQ164>=$V164,AQ164<$U164),"Verde",IF(AND(AQ164>=$U164,AQ164<$T164),"Amarillo",IF(AND(AQ164>=$T164,AQ164>1.3),"Rojo",0))))))) -> Rojo
A165: Santiago de Anaya | B165: 2024 | C165: 4to trimestre | D165: EJE 1: UN GOBIERNO CERCANO, JUSTO Y HONESTO DE LA MANO CON EL PUEBLO DE SANTIAGO DE ANAYA | E165: MBB002- SANTIAGO DE ANAYA UN MUNICIPIO QUE BUSCA EL BIENESTAR DEL PUEBLO. | F165: INSTANCIA MUNICIPAL PARA EL DESARROLLO DE LAS MUJERES | G165: Componente 6 | H165: Contribuir al desarrollo integral de las mujeres Santiaguenses promoviendo la igualdad de género y el pleno respeto a sus derechos. | I165: MBB00225 | J165: Porcentaje de acciones para fortalecer a las mujeres Santiaguenses | K165: %ARM=(Total de acciones realizadas/ Total de acciones programadas)*100 | L165: Este indicador representa el numero de acciones que se realizan en favor de las mujeres Santiaguenses a través de la Instacia Municipal para el Desarrollo de las Mujeres | M165: Gestión | N165: Calidad | O165: Semestral | P165: 100% 6 | Q165: 2024 | R165: Programa Operativo Anual Instancia Municipal para el Desarrollo de lasMujeres. Publicaciones, listas de asistencia | S165: Ascendente | T165: 0-60% | U165: 61-80% | V165: 81-100% | W165: 0.9 | X165: 1 | Y165: Porcentaje | Z165: 1 | AA165: =45/15 -> 3 | AB165: 3 | AC165: Verde | AD165: 1 | AE165: 1 | AF165: =IF(AE165=0,0,IFERROR(AE165/AD165,"")) -> 1 | AG165: =IF(AF165="","",IF(AF165>1.3,"Rojo",IF($S165="Ascendente",IF(AND(AF165=0,AF165=0),0,IF(AND(AF165<=$T165,AF165>0),"Rojo",IF(AND(AF165>$T165,AF165<=$U165),"Amarillo",IF(AND(AF165>$U165,AF165<=$V165),"Verde")))),IF($S165="Descendente",IF(AND(AF165>=$V165,AF165<$U165),"Verde",IF(AND(AF165>=$U165,AF165<$T165),"Amarillo",IF(AND(AF165>=$T165,AF165>1.3),"Rojo",0))))))) -> Rojo | AH165: 1 | AI165: 1 | AJ165: =IF(AI165=0,0,IFERROR(AI165/AH165,"")) -> 1 | AK165: =IF(AJ165="","",IF(AJ165>1.3,"Rojo",IF($S165="Ascendente",IF(AND(AJ165=0,AJ165=0),0,IF(AND(AJ165<=$T165,AJ165>0),"Rojo",IF(AND(AJ165>$T165,AJ165<=$U165),"Amarillo",IF(AND(AJ165>$U165,AJ165<=$V165),"Verde")))),IF($S165="Descendente",IF(AND(AJ165>=$V165,AJ165<$U165),"Verde",IF(AND(AJ165>=$U165,AJ165<$T165),"Amarillo",IF(AND(AJ165>=$T165,AJ165>1.3),"Rojo",0))))))) -> Rojo | AL165: 1 | AM165: 1 | AN165: =IF(AM165=0,0,IFERROR(AM165/AL165,"")) -> 1 | AO165: =IF(AN165="","",IF(AN165>1.3,"Rojo",IF($S165="Ascendente",IF(AND(AN165=0,AN165=0),0,IF(AND(AN165<=$T165,AN165>0),"Rojo",IF(AND(AN165>$T165,AN165<=$U165),"Amarillo",IF(AND(AN165>$U165,AN165<=$V165),"Verde")))),IF($S165="Descendente",IF(AND(AN165>=$V165,AN165<$U165),"Verde",IF(AND(AN165>=$U165,AN165<$T165),"Amarillo",IF(AND(AN165>=$T165,AN165>1.3),"Rojo",0))))))) -> Rojo | AP165: 1 | AQ165: =IF(AP165=0,0,IFERROR(AP165/X165,"")) -> 1 | AR165: =IF(AQ165="","",IF(AQ165>1.3,"Rojo",IF($S165="Ascendente",IF(AND(AQ165=0,AQ165=0),0,IF(AND(AQ165<=$T165,AQ165>0),"Rojo",IF(AND(AQ165>$T165,AQ165<=$U165),"Amarillo",IF(AND(AQ165>$U165,AQ165<=$V165),"Verde")))),IF($S165="Descendente",IF(AND(AQ165>=$V165,AQ165<$U165),"Verde",IF(AND(AQ165>=$U165,AQ165<$T165),"Amarillo",IF(AND(AQ165>=$T165,AQ165>1.3),"Rojo",0))))))) -> Rojo
A166: Santiago de Anaya | B166: 2024 | C166: 4to trimestre | D166: EJE 1: UN GOBIERNO CERCANO, JUSTO Y HONESTO DE LA MANO CON EL PUEBLO DE SANTIAGO DE ANAYA | E166: MBB002- SANTIAGO DE ANAYA UN MUNICIPIO QUE BUSCA EL BIENESTAR DEL PUEBLO. | F166: INSTANCIA MUNICIPAL PARA EL DESARROLLO DE LAS MUJERES | G166: Actividad 6.1 | H166: Generar conciencia para prevenir y movilizar la opinión publica en conjunto con el gobierno municipal y población santiaguense | I166: MBB00226 | J166: Porcentaje de capacitaciones realizadas para la erradicación de la violencia de genero en el gobierno municipal. | K166: %CR= (Total de capacitaciones realizadas / Total de capacitaciones proyectadas) *100 | L166: Se refiere al porcentaje de capacitaciones en temas de erradicación de la violencia de genero realizadas e la administración municipal | M166: Gestión | N166: Eficiencia | O166: Trimestral | P166: 0.28 | Q166: 2024 | R166: Programa Operativo Anual Instancia Municipal para el Desarrollo de lasMujeres. Publicaciones, listas de asistencia | S166: Ascendente | T166: 0-50% | U166: 51-75% | V166: 76-100% | W166: 0.85 | X166: 1 | Y166: Porcentaje | Z166: 1 | AA166: =17/6 -> 2.8333333 | AB166: 2.83 | AC166: Verde | AD166: 192 | AE166: 192 | AF166: =IF(AE166=0,0,IFERROR(AE166/AD166,"")) -> 1 | AG166: =IF(AF166="","",IF(AF166>1.3,"Rojo",IF($S166="Ascendente",IF(AND(AF166=0,AF166=0),0,IF(AND(AF166<=$T166,AF166>0),"Rojo",IF(AND(AF166>$T166,AF166<=$U166),"Amarillo",IF(AND(AF166>$U166,AF166<=$V166),"Verde")))),IF($S166="Descendente",IF(AND(AF166>=$V166,AF166<$U166),"Verde",IF(AND(AF166>=$U166,AF166<$T166),"Amarillo",IF(AND(AF166>=$T166,AF166>1.3),"Rojo",0))))))) -> Rojo | AH166: 192 | AI166: 132 | AJ166: =IF(AI166=0,0,IFERROR(AI166/AH166,"")) -> 0.6875 | AK166: =IF(AJ166="","",IF(AJ166>1.3,"Rojo",IF($S166="Ascendente",IF(AND(AJ166=0,AJ166=0),0,IF(AND(AJ166<=$T166,AJ166>0),"Rojo",IF(AND(AJ166>$T166,AJ166<=$U166),"Amarillo",IF(AND(AJ166>$U166,AJ166<=$V166),"Verde")))),IF($S166="Descendente",IF(AND(AJ166>=$V166,AJ166<$U166),"Verde",IF(AND(AJ166>=$U166,AJ166<$T166),"Amarillo",IF(AND(AJ166>=$T166,AJ166>1.3),"Rojo",0))))))) -> Rojo | AL166: 192 | AM166: 103 | AN166: =IF(AM166=0,0,IFERROR(AM166/AL166,"")) -> 0.53645833 | AO166: =IF(AN166="","",IF(AN166>1.3,"Rojo",IF($S166="Ascendente",IF(AND(AN166=0,AN166=0),0,IF(AND(AN166<=$T166,AN166>0),"Rojo",IF(AND(AN166>$T166,AN166<=$U166),"Amarillo",IF(AND(AN166>$U166,AN166<=$V166),"Verde")))),IF($S166="Descendente",IF(AND(AN166>=$V166,AN166<$U166),"Verde",IF(AND(AN166>=$U166,AN166<$T166),"Amarillo",IF(AND(AN166>=$T166,AN166>1.3),"Rojo",0))))))) -> Rojo | AP166: 0.81 | AQ166: =IF(AP166=0,0,IFERROR(AP166/X166,"")) -> 0.81 | AR166: =IF(AQ166="","",IF(AQ166>1.3,"Rojo",IF($S166="Ascendente",IF(AND(AQ166=0,AQ166=0),0,IF(AND(AQ166<=$T166,AQ166>0),"Rojo",IF(AND(AQ166>$T166,AQ166<=$U166),"Amarillo",IF(AND(AQ166>$U166,AQ166<=$V166),"Verde")))),IF($S166="Descendente",IF(AND(AQ166>=$V166,AQ166<$U166),"Verde",IF(AND(AQ166>=$U166,AQ166<$T166),"Amarillo",IF(AND(AQ166>=$T166,AQ166>1.3),"Rojo",0))))))) -> Rojo
A167: Santiago de Anaya | B167: 2024 | C167: 4to trimestre | D167: EJE 1: UN GOBIERNO CERCANO, JUSTO Y HONESTO DE LA MANO CON EL PUEBLO DE SANTIAGO DE ANAYA | E167: MBB002- SANTIAGO DE ANAYA UN MUNICIPIO QUE BUSCA EL BIENESTAR DEL PUEBLO. | F167: INSTANCIA MUNICIPAL PARA EL DESARROLLO DE LAS MUJERES | G167: Actividad 6.2 | H167: Brindar asistencia psicológica y jurídica a las mujeres que necesitan y darle herramientas para su actuar. | I167: MBB00227 | J167: Porcentaje de asesorias psicológicas y jurídicas realizadas a mujeres. | K167: %APR=(Total de asesorías realizadas/Total de asesorías solicitadas/programadas)*100 | L167: Indica la capacidad de atender la solicitud de asesoría psicológica y jurídica para las mujeres del municipio. | M167: Gestión | N167: Eficiencia | O167: Trimestral | P167: 0.42 | Q167: 2024 | R167: Programa Operativo Anual Instancia Municipal para el Desarrollo de lasMujeres. Publicaciones, listas de asistencia | S167: Ascendente | T167: 0-50% | U167: 51-75% | V167: 76-100% | W167: 0.85 | X167: 0.85 | Y167: Porcentaje | Z167: 1 | AA167: =64/45 -> 1.4222222 | AB167: 1.42 | AC167: Verde | AD167: 1 | AE167: 1 | AF167: =IF(AE167=0,0,IFERROR(AE167/AD167,"")) -> 1 | AG167: =IF(AF167="","",IF(AF167>1.3,"Rojo",IF($S167="Ascendente",IF(AND(AF167=0,AF167=0),0,IF(AND(AF167<=$T167,AF167>0),"Rojo",IF(AND(AF167>$T167,AF167<=$U167),"Amarillo",IF(AND(AF167>$U167,AF167<=$V167),"Verde")))),IF($S167="Descendente",IF(AND(AF167>=$V167,AF167<$U167),"Verde",IF(AND(AF167>=$U167,AF167<$T167),"Amarillo",IF(AND(AF167>=$T167,AF167>1.3),"Rojo",0))))))) -> Rojo | AH167: 1 | AI167: 0 | AJ167: =IF(AI167=0,0,IFERROR(AI167/AH167,"")) -> 0 | AK167: =IF(AJ167="","",IF(AJ167>1.3,"Rojo",IF($S167="Ascendente",IF(AND(AJ167=0,AJ167=0),0,IF(AND(AJ167<=$T167,AJ167>0),"Rojo",IF(AND(AJ167>$T167,AJ167<=$U167),"Amarillo",IF(AND(AJ167>$U167,AJ167<=$V167),"Verde")))),IF($S167="Descendente",IF(AND(AJ167>=$V167,AJ167<$U167),"Verde",IF(AND(AJ167>=$U167,AJ167<$T167),"Amarillo",IF(AND(AJ167>=$T167,AJ167>1.3),"Rojo",0))))))) -> 0 | AL167: 1 | AM167: 1 | AN167: =IF(AM167=0,0,IFERROR(AM167/AL167,"")) -> 1 | AO167: =IF(AN167="","",IF(AN167>1.3,"Rojo",IF($S167="Ascendente",IF(AND(AN167=0,AN167=0),0,IF(AND(AN167<=$T167,AN167>0),"Rojo",IF(AND(AN167>$T167,AN167<=$U167),"Amarillo",IF(AND(AN167>$U167,AN167<=$V167),"Verde")))),IF($S167="Descendente",IF(AND(AN167>=$V167,AN167<$U167),"Verde",IF(AND(AN167>=$U167,AN167<$T167),"Amarillo",IF(AND(AN167>=$T167,AN167>1.3),"Rojo",0))))))) -> Rojo | AP167: 0.75 | AQ167: =IF(AP167=0,0,IFERROR(AP167/X167,"")) -> 0.88235294 | AR167: =IF(AQ167="","",IF(AQ167>1.3,"Rojo",IF($S167="Ascendente",IF(AND(AQ167=0,AQ167=0),0,IF(AND(AQ167<=$T167,AQ167>0),"Rojo",IF(AND(AQ167>$T167,AQ167<=$U167),"Amarillo",IF(AND(AQ167>$U167,AQ167<=$V167),"Verde")))),IF($S167="Descendente",IF(AND(AQ167>=$V167,AQ167<$U167),"Verde",IF(AND(AQ167>=$U167,AQ167<$T167),"Amarillo",IF(AND(AQ167>=$T167,AQ167>1.3),"Rojo",0))))))) -> Rojo
A168: Santiago de Anaya | B168: 2024 | C168: 4to trimestre | D168: EJE 1: UN GOBIERNO CERCANO, JUSTO Y HONESTO DE LA MANO CON EL PUEBLO DE SANTIAGO DE ANAYA | E168: MBB002- SANTIAGO DE ANAYA UN MUNICIPIO QUE BUSCA EL BIENESTAR DEL PUEBLO. | F168: SIPINNA | G168: Componente 7 | H168: Realizar diversas acciones encaminadas a la protección y difusión de los derechos de las Niñas, Niños y Adolescentes. | I168: MBB00228 | J168: Porcentaje de acciones para contribuir al fortalecimiento de la protección de los derechos de las niñas, niños y adolescentes de Santiago de Anaya. | K168: %(Total de acciones realizadas/Total de acciones programadas)*100 | L168: Este indicador representa el numero de acciones que se realizan en favor de garantizar lo derechos de los niños, niñas y adolescentes. | M168: Gestión | N168: Calidad | O168: Trimestral | P168: 100% 9 | Q168: 2024 | R168: Programa Operativo Anual SIPINNA | S168: Ascendente | T168: 0-60% | U168: 61-80% | V168: 81-100% | W168: 0.9 | X168: 0.75 | Y168: Porcentaje | Z168: 100 | AA168: =11/12 -> 0.91666667 | AB168: 0.92 | AC168: Verde | AD168: 18 | AE168: 36 | AF168: =IF(AE168=0,0,IFERROR(AE168/AD168,"")) -> 2 | AG168: =IF(AF168="","",IF(AF168>1.3,"Rojo",IF($S168="Ascendente",IF(AND(AF168=0,AF168=0),0,IF(AND(AF168<=$T168,AF168>0),"Rojo",IF(AND(AF168>$T168,AF168<=$U168),"Amarillo",IF(AND(AF168>$U168,AF168<=$V168),"Verde")))),IF($S168="Descendente",IF(AND(AF168>=$V168,AF168<$U168),"Verde",IF(AND(AF168>=$U168,AF168<$T168),"Amarillo",IF(AND(AF168>=$T168,AF168>1.3),"Rojo",0))))))) -> Rojo | AH168: 18 | AI168: 0 | AJ168: =IF(AI168=0,0,IFERROR(AI168/AH168,"")) -> 0 | AK168: =IF(AJ168="","",IF(AJ168>1.3,"Rojo",IF($S168="Ascendente",IF(AND(AJ168=0,AJ168=0),0,IF(AND(AJ168<=$T168,AJ168>0),"Rojo",IF(AND(AJ168>$T168,AJ168<=$U168),"Amarillo",IF(AND(AJ168>$U168,AJ168<=$V168),"Verde")))),IF($S168="Descendente",IF(AND(AJ168>=$V168,AJ168<$U168),"Verde",IF(AND(AJ168>=$U168,AJ168<$T168),"Amarillo",IF(AND(AJ168>=$T168,AJ168>1.3),"Rojo",0))))))) -> 0 | AL168: 36 | AM168: 10 | AN168: =IF(AM168=0,0,IFERROR(AM168/AL168,"")) -> 0.27777778 | AO168: =IF(AN168="","",IF(AN168>1.3,"Rojo",IF($S168="Ascendente",IF(AND(AN168=0,AN168=0),0,IF(AND(AN168<=$T168,AN168>0),"Rojo",IF(AND(AN168>$T168,AN168<=$U168),"Amarillo",IF(AND(AN168>$U168,AN168<=$V168),"Verde")))),IF($S168="Descendente",IF(AND(AN168>=$V168,AN168<$U168),"Verde",IF(AND(AN168>=$U168,AN168<$T168),"Amarillo",IF(AND(AN168>=$T168,AN168>1.3),"Rojo",0))))))) -> Rojo | AP168: 0.42 | AQ168: =IF(AP168=0,0,IFERROR(AP168/X168,"")) -> 0.56 | AR168: =IF(AQ168="","",IF(AQ168>1.3,"Rojo",IF($S168="Ascendente",IF(AND(AQ168=0,AQ168=0),0,IF(AND(AQ168<=$T168,AQ168>0),"Rojo",IF(AND(AQ168>$T168,AQ168<=$U168),"Amarillo",IF(AND(AQ168>$U168,AQ168<=$V168),"Verde")))),IF($S168="Descendente",IF(AND(AQ168>=$V168,AQ168<$U168),"Verde",IF(AND(AQ168>=$U168,AQ168<$T168),"Amarillo",IF(AND(AQ168>=$T168,AQ168>1.3),"Rojo",0))))))) -> Rojo
A169: Santiago de Anaya | B169: 2024 | C169: 4to trimestre | D169: EJE 1: UN GOBIERNO CERCANO, JUSTO Y HONESTO DE LA MANO CON EL PUEBLO DE SANTIAGO DE ANAYA | E169: MBB002- SANTIAGO DE ANAYA UN MUNICIPIO QUE BUSCA EL BIENESTAR DEL PUEBLO. | F169: SIPINNA | G169: Actividad 7.1 | H169: Difundir en los distintos medios de comunicación sobre los derechos de Niñas, Niños y Adolescentes. | I169: MBB00229 | J169: Porcentaje de difusiones de información sobre la protección y difusión de los derechos de las NNA y prevención de violencia. | K169: %DR=(Total de difusiones realizadas/Total de difusiones programadas)*100 | L169: Se refiere al cumplimiento de difusiones en diferentes medios de comunicación, sobre los derechos de los NNA, como lo son Facebook, WhatsApp. | M169: Gestión | N169: Eficiencia | O169: Trimestral | P169: 0.25 | Q169: 2024 | R169: Programa Operativo Anual SIPINNA, Publicaciones en páginas oficiales | S169: Ascendente | T169: 0-50% | U169: 51-75% | V169: 76-100% | W169: 0.85 | X169: 1 | Y169: Porcentaje | Z169: 1 | AA169: =35/90 -> 0.38888889 | AB169: 0.39 | AC169: rojo | AD169: 48 | AE169: 48 | AF169: =IF(AE169=0,0,IFERROR(AE169/AD169,"")) -> 1 | AG169: =IF(AF169="","",IF(AF169>1.3,"Rojo",IF($S169="Ascendente",IF(AND(AF169=0,AF169=0),0,IF(AND(AF169<=$T169,AF169>0),"Rojo",IF(AND(AF169>$T169,AF169<=$U169),"Amarillo",IF(AND(AF169>$U169,AF169<=$V169),"Verde")))),IF($S169="Descendente",IF(AND(AF169>=$V169,AF169<$U169),"Verde",IF(AND(AF169>=$U169,AF169<$T169),"Amarillo",IF(AND(AF169>=$T169,AF169>1.3),"Rojo",0))))))) -> Rojo | AH169: 1 | AI169: 1 | AJ169: =IF(AI169=0,0,IFERROR(AI169/AH169,"")) -> 1 | AK169: =IF(AJ169="","",IF(AJ169>1.3,"Rojo",IF($S169="Ascendente",IF(AND(AJ169=0,AJ169=0),0,IF(AND(AJ169<=$T169,AJ169>0),"Rojo",IF(AND(AJ169>$T169,AJ169<=$U169),"Amarillo",IF(AND(AJ169>$U169,AJ169<=$V169),"Verde")))),IF($S169="Descendente",IF(AND(AJ169>=$V169,AJ169<$U169),"Verde",IF(AND(AJ169>=$U169,AJ169<$T169),"Amarillo",IF(AND(AJ169>=$T169,AJ169>1.3),"Rojo",0))))))) -> Rojo | AL169: 44 | AM169: 44 | AN169: =IF(AM169=0,0,IFERROR(AM169/AL169,"")) -> 1 | AO169: =IF(AN169="","",IF(AN169>1.3,"Rojo",IF($S169="Ascendente",IF(AND(AN169=0,AN169=0),0,IF(AND(AN169<=$T169,AN169>0),"Rojo",IF(AND(AN169>$T169,AN169<=$U169),"Amarillo",IF(AND(AN169>$U169,AN169<=$V169),"Verde")))),IF($S169="Descendente",IF(AND(AN169>=$V169,AN169<$U169),"Verde",IF(AND(AN169>=$U169,AN169<$T169),"Amarillo",IF(AND(AN169>=$T169,AN169>1.3),"Rojo",0))))))) -> Rojo | AP169: 1 | AQ169: =IF(AP169=0,0,IFERROR(AP169/X169,"")) -> 1 | AR169: =IF(AQ169="","",IF(AQ169>1.3,"Rojo",IF($S169="Ascendente",IF(AND(AQ169=0,AQ169=0),0,IF(AND(AQ169<=$T169,AQ169>0),"Rojo",IF(AND(AQ169>$T169,AQ169<=$U169),"Amarillo",IF(AND(AQ169>$U169,AQ169<=$V169),"Verde")))),IF($S169="Descendente",IF(AND(AQ169>=$V169,AQ169<$U169),"Verde",IF(AND(AQ169>=$U169,AQ169<$T169),"Amarillo",IF(AND(AQ169>=$T169,AQ169>1.3),"Rojo",0))))))) -> Rojo
A170: Santiago de Anaya | B170: 2024 | C170: 4to trimestre | D170: EJE 1: UN GOBIERNO CERCANO, JUSTO Y HONESTO DE LA MANO CON EL PUEBLO DE SANTIAGO DE ANAYA | E170: MBB002- SANTIAGO DE ANAYA UN MUNICIPIO QUE BUSCA EL BIENESTAR DEL PUEBLO. | F170: SIPINNA | G170: Actividad 7.2 | H170: Realizar conferencias, Platicas y/o talleres con temas para Erradicar el castigo como estilo de crianza en los niños, niñas y adolescentes. | I170: MBB00230 | J170: Porcentaje de talleres enfocados a promover los derechos de las niñas, niños y adolescentes. | K170: %CR=(Total de talleres realizados/Total de talleres programados )*100 | L170: Se refiere al porcentaje de talleres /o conferencias realizadas para el reconocimiento sobre los derechos de los NNA orientado principalmente a Instituciones educativas nivel básico. | M170: Gestión | N170: Eficiencia | O170: Trimestral | P170: 0.75 | Q170: 2024 | R170: Listas de asistentes, evidencia fotográfica, Programa Operativo Anual SIPINNA | S170: Ascendente | T170: 0-60% | U170: 61-80% | V170: 81-100% | W170: 0.9 | X170: 0.8 | Y170: Porcentaje | Z170: 1 | AA170: =5/3 -> 1.6666667 | AB170: 1.67 | AC170: Verde | AD170: 12 | AE170: 12 | AF170: =IF(AE170=0,0,IFERROR(AE170/AD170,"")) -> 1 | AG170: =IF(AF170="","",IF(AF170>1.3,"Rojo",IF($S170="Ascendente",IF(AND(AF170=0,AF170=0),0,IF(AND(AF170<=$T170,AF170>0),"Rojo",IF(AND(AF170>$T170,AF170<=$U170),"Amarillo",IF(AND(AF170>$U170,AF170<=$V170),"Verde")))),IF($S170="Descendente",IF(AND(AF170>=$V170,AF170<$U170),"Verde",IF(AND(AF170>=$U170,AF170<$T170),"Amarillo",IF(AND(AF170>=$T170,AF170>1.3),"Rojo",0))))))) -> Rojo | AH170: 12 | AI170: 10 | AJ170: =IF(AI170=0,0,IFERROR(AI170/AH170,"")) -> 0.83333333 | AK170: =IF(AJ170="","",IF(AJ170>1.3,"Rojo",IF($S170="Ascendente",IF(AND(AJ170=0,AJ170=0),0,IF(AND(AJ170<=$T170,AJ170>0),"Rojo",IF(AND(AJ170>$T170,AJ170<=$U170),"Amarillo",IF(AND(AJ170>$U170,AJ170<=$V170),"Verde")))),IF($S170="Descendente",IF(AND(AJ170>=$V170,AJ170<$U170),"Verde",IF(AND(AJ170>=$U170,AJ170<$T170),"Amarillo",IF(AND(AJ170>=$T170,AJ170>1.3),"Rojo",0))))))) -> Rojo | AL170: 34 | AM170: 34 | AN170: =IF(AM170=0,0,IFERROR(AM170/AL170,"")) -> 1 | AO170: =IF(AN170="","",IF(AN170>1.3,"Rojo",IF($S170="Ascendente",IF(AND(AN170=0,AN170=0),0,IF(AND(AN170<=$T170,AN170>0),"Rojo",IF(AND(AN170>$T170,AN170<=$U170),"Amarillo",IF(AND(AN170>$U170,AN170<=$V170),"Verde")))),IF($S170="Descendente",IF(AND(AN170>=$V170,AN170<$U170),"Verde",IF(AND(AN170>=$U170,AN170<$T170),"Amarillo",IF(AND(AN170>=$T170,AN170>1.3),"Rojo",0))))))) -> Rojo | AP170: 0.75 | AQ170: =IF(AP170=0,0,IFERROR(AP170/X170,"")) -> 0.9375 | AR170: =IF(AQ170="","",IF(AQ170>1.3,"Rojo",IF($S170="Ascendente",IF(AND(AQ170=0,AQ170=0),0,IF(AND(AQ170<=$T170,AQ170>0),"Rojo",IF(AND(AQ170>$T170,AQ170<=$U170),"Amarillo",IF(AND(AQ170>$U170,AQ170<=$V170),"Verde")))),IF($S170="Descendente",IF(AND(AQ170>=$V170,AQ170<$U170),"Verde",IF(AND(AQ170>=$U170,AQ170<$T170),"Amarillo",IF(AND(AQ170>=$T170,AQ170>1.3),"Rojo",0))))))) -> Rojo
A171: Santiago de Anaya | B171: 2024 | C171: 4to trimestre | D171: EJE TRANSVERSAL SERVICIOS PÚBLICOS MUNICIPALES INTEGRALES Y SOSTENIBLES | E171: MBB002- SANTIAGO DE ANAYA UN MUNICIPIO QUE BUSCA EL BIENESTAR DEL PUEBLO. | F171: SIPINNA | G171: Actividad 7.3 | H171: Brindar Asesoría Jurídica a quien ejerza la patria Potestad, Tutela o Guarda y custodia de Niñas, Niños y Adolescentes. | I171: MBB00231 | J171: Porcentaje de asesorías jurídicas realizadas para hacer valer y respectar los derechos de las NNA. | K171: %AJ=(Total de asesorías realizadas/Total de asesorías solicitadas y programadas)*100 | L171: Se refiere al porcentaje de asesorías jurídicas otorgadas a familiares de NNA para hacer valer y respectar los derechos de las NNA | M171: Gestión | N171: Eficiencia | O171: Trimestral | P171: 0.28 | Q171: 2024 | R171: Listas de asistentes, evidencia fotáfica/ Programa Operativo Anual SIPINNA. | S171: Ascendente | T171: 0-50% | U171: 51-75% | V171: 76-100% | W171: 0.85 | X171: 0.8 | Y171: Porcentaje | Z171: 12 | AA171: 0 | AB171: =IF(AA171=0,0,IFERROR(AA171/Z171,"")) -> 0 | AC171: =IF(AB171="","",IF(AB171>1.3,"Rojo",IF($S171="Ascendente",IF(AND(AB171=0,AB171=0),0,IF(AND(AB171<=$T171,AB171>0),"Rojo",IF(AND(AB171>$T171,AB171<=$U171),"Amarillo",IF(AND(AB171>$U171,AB171<=$V171),"Verde")))),IF($S171="Descendente",IF(AND(AB171>=$V171,AB171<$U171),"Verde",IF(AND(AB171>=$U171,AB171<$T171),"Amarillo",IF(AND(AB171>=$T171,AB171>1.3),"Rojo",0))))))) -> 0 | AD171: 12 | AE171: 12 | AF171: =IF(AE171=0,0,IFERROR(AE171/AD171,"")) -> 1 | AG171: =IF(AF171="","",IF(AF171>1.3,"Rojo",IF($S171="Ascendente",IF(AND(AF171=0,AF171=0),0,IF(AND(AF171<=$T171,AF171>0),"Rojo",IF(AND(AF171>$T171,AF171<=$U171),"Amarillo",IF(AND(AF171>$U171,AF171<=$V171),"Verde")))),IF($S171="Descendente",IF(AND(AF171>=$V171,AF171<$U171),"Verde",IF(AND(AF171>=$U171,AF171<$T171),"Amarillo",IF(AND(AF171>=$T171,AF171>1.3),"Rojo",0))))))) -> Rojo | AH171: 12 | AI171: 10 | AJ171: =IF(AI171=0,0,IFERROR(AI171/AH171,"")) -> 0.83333333 | AK171: =IF(AJ171="","",IF(AJ171>1.3,"Rojo",IF($S171="Ascendente",IF(AND(AJ171=0,AJ171=0),0,IF(AND(AJ171<=$T171,AJ171>0),"Rojo",IF(AND(AJ171>$T171,AJ171<=$U171),"Amarillo",IF(AND(AJ171>$U171,AJ171<=$V171),"Verde")))),IF($S171="Descendente",IF(AND(AJ171>=$V171,AJ171<$U171),"Verde",IF(AND(AJ171>=$U171,AJ171<$T171),"Amarillo",IF(AND(AJ171>=$T171,AJ171>1.3),"Rojo",0))))))) -> Rojo | AL171: 34 | AM171: 34 | AN171: =IF(AM171=0,0,IFERROR(AM171/AL171,"")) -> 1 | AO171: =IF(AN171="","",IF(AN171>1.3,"Rojo",IF($S171="Ascendente",IF(AND(AN171=0,AN171=0),0,IF(AND(AN171<=$T171,AN171>0),"Rojo",IF(AND(AN171>$T171,AN171<=$U171),"Amarillo",IF(AND(AN171>$U171,AN171<=$V171),"Verde")))),IF($S171="Descendente",IF(AND(AN171>=$V171,AN171<$U171),"Verde",IF(AND(AN171>=$U171,AN171<$T171),"Amarillo",IF(AND(AN171>=$T171,AN171>1.3),"Rojo",0))))))) -> Rojo | AP171: 0.71 | AQ171: =IF(AP171=0,0,IFERROR(AP171/X171,"")) -> 0.8875 | AR171: =IF(AQ171="","",IF(AQ171>1.3,"Rojo",IF($S171="Ascendente",IF(AND(AQ171=0,AQ171=0),0,IF(AND(AQ171<=$T171,AQ171>0),"Rojo",IF(AND(AQ171>$T171,AQ171<=$U171),"Amarillo",IF(AND(AQ171>$U171,AQ171<=$V171),"Verde")))),IF($S171="Descendente",IF(AND(AQ171>=$V171,AQ171<$U171),"Verde",IF(AND(AQ171>=$U171,AQ171<$T171),"Amarillo",IF(AND(AQ171>=$T171,AQ171>1.3),"Rojo",0))))))) -> Rojo
A172: Santiago de Anaya | B172: 2024 | C172: 4to trimestre | D172: EJE TRANSVERSAL SERVICIOS PÚBLICOS MUNICIPALES INTEGRALES Y SOSTENIBLES | E172: Programa Operativo de Administración Municipal | F172: Administración Municipal | G172: COMPONENTE 5. | H172: Ampliar, rehabilitar y dar mantenimiento adecuado a la red de alumbrado público en las comunidades del municipio | I172: ADMON169 | J172: Porcentaje de servicios realizados para mejorar el alumbrado público en las diferentes comunidades. | K172: PSAP= (Total de acciones para atender los servicios de alumbrado público / Total de acciones proyectadas para los servicios de alumbrado publico)*100 | L172: Se refiere al porcentaje de acciones encaminadas a mejorar los servicios de alumbrado público. | M172: Gestión | N172: Eficiencia | O172: Semestral | P172: No disponible | Q172: No disponible | R172: Bitácoras, reportes mensuales e Informe de Gobierno. POA. | S172: Ascendente | T172: 0.7 | U172: 0.8 | V172: 1 | W172: 0.8 | X172: 1 | Y172: Porcentaje | Z172: 0 | AA172: 0 | AB172: =IF(AA172=0,0,IFERROR(AA172/Z172,"")) -> 0 | AC172: =IF(AB172="","",IF(AB172>1.3,"Rojo",IF($S172="Ascendente",IF(AND(AB172=0,AB172=0),0,IF(AND(AB172<=$T172,AB172>0),"Rojo",IF(AND(AB172>$T172,AB172<=$U172),"Amarillo",IF(AND(AB172>$U172,AB172<=$V172),"Verde")))),IF($S172="Descendente",IF(AND(AB172>=$V172,AB172<$U172),"Verde",IF(AND(AB172>=$U172,AB172<$T172),"Amarillo",IF(AND(AB172>=$T172,AB172>1.3),"Rojo",0))))))) -> 0 | AD172: 1 | AE172: 1 | AF172: =IF(AE172=0,0,IFERROR(AE172/AD172,"")) -> 1 | AG172: =IF(AF172="","",IF(AF172>1.3,"Rojo",IF($S172="Ascendente",IF(AND(AF172=0,AF172=0),0,IF(AND(AF172<=$T172,AF172>0),"Rojo",IF(AND(AF172>$T172,AF172<=$U172),"Amarillo",IF(AND(AF172>$U172,AF172<=$V172),"Verde")))),IF($S172="Descendente",IF(AND(AF172>=$V172,AF172<$U172),"Verde",IF(AND(AF172>=$U172,AF172<$T172),"Amarillo",IF(AND(AF172>=$T172,AF172>1.3),"Rojo",0))))))) -> Verde | AH172: 0 | AI172: 0 | AJ172: =IF(AI172=0,0,IFERROR(AI172/AH172,"")) -> 0 | AK172: =IF(AJ172="","",IF(AJ172>1.3,"Rojo",IF($S172="Ascendente",IF(AND(AJ172=0,AJ172=0),0,IF(AND(AJ172<=$T172,AJ172>0),"Rojo",IF(AND(AJ172>$T172,AJ172<=$U172),"Amarillo",IF(AND(AJ172>$U172,AJ172<=$V172),"Verde")))),IF($S172="Descendente",IF(AND(AJ172>=$V172,AJ172<$U172),"Verde",IF(AND(AJ172>=$U172,AJ172<$T172),"Amarillo",IF(AND(AJ172>=$T172,AJ172>1.3),"Rojo",0))))))) -> 0 | AL172: 1 | AM172: 1 | AN172: =IF(AM172=0,0,IFERROR(AM172/AL172,"")) -> 1 | AO172: =IF(AN172="","",IF(AN172>1.3,"Rojo",IF($S172="Ascendente",IF(AND(AN172=0,AN172=0),0,IF(AND(AN172<=$T172,AN172>0),"Rojo",IF(AND(AN172>$T172,AN172<=$U172),"Amarillo",IF(AND(AN172>$U172,AN172<=$V172),"Verde")))),IF($S172="Descendente",IF(AND(AN172>=$V172,AN172<$U172),"Verde",IF(AND(AN172>=$U172,AN172<$T172),"Amarillo",IF(AND(AN172>=$T172,AN172>1.3),"Rojo",0))))))) -> Verde | AP172: 1 | AQ172: =IF(AP172=0,0,IFERROR(AP172/X172,"")) -> 1 | AR172: =IF(AQ172="","",IF(AQ172>1.3,"Rojo",IF($S172="Ascendente",IF(AND(AQ172=0,AQ172=0),0,IF(AND(AQ172<=$T172,AQ172>0),"Rojo",IF(AND(AQ172>$T172,AQ172<=$U172),"Amarillo",IF(AND(AQ172>$U172,AQ172<=$V172),"Verde")))),IF($S172="Descendente",IF(AND(AQ172>=$V172,AQ172<$U172),"Verde",IF(AND(AQ172>=$U172,AQ172<$T172),"Amarillo",IF(AND(AQ172>=$T172,AQ172>1.3),"Rojo",0))))))) -> Verde
A173: Santiago de Anaya | B173: 2024 | C173: 4to trimestre | D173: EJE TRANSVERSAL SERVICIOS PÚBLICOS MUNICIPALES INTEGRALES Y SOSTENIBLES | E173: Programa Operativo de Administración Municipal | F173: Administración Municipal | G173: ACTIVIDAD 5.1. | H173: Suministrar luminarias con tecnología LED para el alumbrado público en las comunidades del municipio. | I173: ADMON170 | J173: Porcentaje de lámparas nuevas instaladas en las diferentes comunidades. | K173: PLI= (Total de instalación de lámparas realizadas / Total de instalaciones de lámparas proyectadas) *100 | L173: Se refiere al porcentaje de instalaciones y/o mantenimiento de lámparas a las diferentes comunidades. | M173: Gestión | N173: Eficiencia | O173: Trimestral | P173: 100% 624 Servicios | Q173: 2023 | R173: Bitácoras, reportes mensuales e Informe de Gobierno. POA. | S173: Ascendente | T173: 0.65 | U173: 0.8 | V173: 1 | W173: 0.9 | X173: 0.75 | Y173: Porcentaje | Z173: 32 | AA173: 0 | AB173: =IF(AA173=0,0,IFERROR(AA173/Z173,"")) -> 0 | AC173: =IF(AB173="","",IF(AB173>1.3,"Rojo",IF($S173="Ascendente",IF(AND(AB173=0,AB173=0),0,IF(AND(AB173<=$T173,AB173>0),"Rojo",IF(AND(AB173>$T173,AB173<=$U173),"Amarillo",IF(AND(AB173>$U173,AB173<=$V173),"Verde")))),IF($S173="Descendente",IF(AND(AB173>=$V173,AB173<$U173),"Verde",IF(AND(AB173>=$U173,AB173<$T173),"Amarillo",IF(AND(AB173>=$T173,AB173>1.3),"Rojo",0))))))) -> 0 | AD173: 48 | AE173: 48 | AF173: =IF(AE173=0,0,IFERROR(AE173/AD173,"")) -> 1 | AG173: =IF(AF173="","",IF(AF173>1.3,"Rojo",IF($S173="Ascendente",IF(AND(AF173=0,AF173=0),0,IF(AND(AF173<=$T173,AF173>0),"Rojo",IF(AND(AF173>$T173,AF173<=$U173),"Amarillo",IF(AND(AF173>$U173,AF173<=$V173),"Verde")))),IF($S173="Descendente",IF(AND(AF173>=$V173,AF173<$U173),"Verde",IF(AND(AF173>=$U173,AF173<$T173),"Amarillo",IF(AND(AF173>=$T173,AF173>1.3),"Rojo",0))))))) -> Verde | AH173: 48 | AI173: 0 | AJ173: =IF(AI173=0,0,IFERROR(AI173/AH173,"")) -> 0 | AK173: =IF(AJ173="","",IF(AJ173>1.3,"Rojo",IF($S173="Ascendente",IF(AND(AJ173=0,AJ173=0),0,IF(AND(AJ173<=$T173,AJ173>0),"Rojo",IF(AND(AJ173>$T173,AJ173<=$U173),"Amarillo",IF(AND(AJ173>$U173,AJ173<=$V173),"Verde")))),IF($S173="Descendente",IF(AND(AJ173>=$V173,AJ173<$U173),"Verde",IF(AND(AJ173>=$U173,AJ173<$T173),"Amarillo",IF(AND(AJ173>=$T173,AJ173>1.3),"Rojo",0))))))) -> 0 | AL173: 40 | AM173: 12 | AN173: =IF(AM173=0,0,IFERROR(AM173/AL173,"")) -> 0.3 | AO173: =IF(AN173="","",IF(AN173>1.3,"Rojo",IF($S173="Ascendente",IF(AND(AN173=0,AN173=0),0,IF(AND(AN173<=$T173,AN173>0),"Rojo",IF(AND(AN173>$T173,AN173<=$U173),"Amarillo",IF(AND(AN173>$U173,AN173<=$V173),"Verde")))),IF($S173="Descendente",IF(AND(AN173>=$V173,AN173<$U173),"Verde",IF(AND(AN173>=$U173,AN173<$T173),"Amarillo",IF(AND(AN173>=$T173,AN173>1.3),"Rojo",0))))))) -> Rojo | AP173: 0.33 | AQ173: =IF(AP173=0,0,IFERROR(AP173/X173,"")) -> 0.44 | AR173: =IF(AQ173="","",IF(AQ173>1.3,"Rojo",IF($S173="Ascendente",IF(AND(AQ173=0,AQ173=0),0,IF(AND(AQ173<=$T173,AQ173>0),"Rojo",IF(AND(AQ173>$T173,AQ173<=$U173),"Amarillo",IF(AND(AQ173>$U173,AQ173<=$V173),"Verde")))),IF($S173="Descendente",IF(AND(AQ173>=$V173,AQ173<$U173),"Verde",IF(AND(AQ173>=$U173,AQ173<$T173),"Amarillo",IF(AND(AQ173>=$T173,AQ173>1.3),"Rojo",0))))))) -> Rojo
A174: Santiago de Anaya | B174: 2024 | C174: 4to trimestre | D174: EJE TRANSVERSAL SERVICIOS PÚBLICOS MUNICIPALES INTEGRALES Y SOSTENIBLES | E174: Programa Operativo de Administración Municipal | F174: Administración Municipal | G174: COMPONENTE 6 | H174: Fortalecer el desarrollo institucional y profesionalización de los servidores públicos vinculados a la gobernanza | I174: ADMON171 | J174: Porcentaje de capacitaciones realizadas en temas de competencia y habilidades generales. | K174: PSPC=(Total de capacitaciones impartidas al persona del ayuntamiento / Total de capacitaciones programadas a los servidores públicos)*100 | L174: Mide el avance de capacitaciones para la detención de áreas de oportunidad de los servidores públicos. | M174: Gestión | N174: Eficiencia | O174: Semestral | P174: No disponible | Q174: No disponible | R174: Listas de asistencia, Constancias. Reportes de capacitación. | S174: Ascendente | T174: 0.6 | U174: 0.8 | V174: 1 | W174: 0.8 | X174: 0.8 | Y174: Porcentaje | Z174: 1 | AA174: 1 | AB174: =IF(AA174=0,0,IFERROR(AA174/Z174,"")) -> 1 | AC174: =IF(AB174="","",IF(AB174>1.3,"Rojo",IF($S174="Ascendente",IF(AND(AB174=0,AB174=0),0,IF(AND(AB174<=$T174,AB174>0),"Rojo",IF(AND(AB174>$T174,AB174<=$U174),"Amarillo",IF(AND(AB174>$U174,AB174<=$V174),"Verde")))),IF($S174="Descendente",IF(AND(AB174>=$V174,AB174<$U174),"Verde",IF(AND(AB174>=$U174,AB174<$T174),"Amarillo",IF(AND(AB174>=$T174,AB174>1.3),"Rojo",0))))))) -> Verde | AD174: 3 | AE174: 3 | AF174: =IF(AE174=0,0,IFERROR(AE174/AD174,"")) -> 1 | AG174: =IF(AF174="","",IF(AF174>1.3,"Rojo",IF($S174="Ascendente",IF(AND(AF174=0,AF174=0),0,IF(AND(AF174<=$T174,AF174>0),"Rojo",IF(AND(AF174>$T174,AF174<=$U174),"Amarillo",IF(AND(AF174>$U174,AF174<=$V174),"Verde")))),IF($S174="Descendente",IF(AND(AF174>=$V174,AF174<$U174),"Verde",IF(AND(AF174>=$U174,AF174<$T174),"Amarillo",IF(AND(AF174>=$T174,AF174>1.3),"Rojo",0))))))) -> Verde | AH174: 2 | AI174: 1 | AJ174: =IF(AI174=0,0,IFERROR(AI174/AH174,"")) -> 0.5 | AK174: =IF(AJ174="","",IF(AJ174>1.3,"Rojo",IF($S174="Ascendente",IF(AND(AJ174=0,AJ174=0),0,IF(AND(AJ174<=$T174,AJ174>0),"Rojo",IF(AND(AJ174>$T174,AJ174<=$U174),"Amarillo",IF(AND(AJ174>$U174,AJ174<=$V174),"Verde")))),IF($S174="Descendente",IF(AND(AJ174>=$V174,AJ174<$U174),"Verde",IF(AND(AJ174>=$U174,AJ174<$T174),"Amarillo",IF(AND(AJ174>=$T174,AJ174>1.3),"Rojo",0))))))) -> Rojo | AL174: 2 | AM174: 2 | AN174: =IF(AM174=0,0,IFERROR(AM174/AL174,"")) -> 1 | AO174: =IF(AN174="","",IF(AN174>1.3,"Rojo",IF($S174="Ascendente",IF(AND(AN174=0,AN174=0),0,IF(AND(AN174<=$T174,AN174>0),"Rojo",IF(AND(AN174>$T174,AN174<=$U174),"Amarillo",IF(AND(AN174>$U174,AN174<=$V174),"Verde")))),IF($S174="Descendente",IF(AND(AN174>=$V174,AN174<$U174),"Verde",IF(AND(AN174>=$U174,AN174<$T174),"Amarillo",IF(AND(AN174>=$T174,AN174>1.3),"Rojo",0))))))) -> Verde | AP174: 0.75 | AQ174: =IF(AP174=0,0,IFERROR(AP174/X174,"")) -> 0.9375 | AR174: =IF(AQ174="","",IF(AQ174>1.3,"Rojo",IF($S174="Ascendente",IF(AND(AQ174=0,AQ174=0),0,IF(AND(AQ174<=$T174,AQ174>0),"Rojo",IF(AND(AQ174>$T174,AQ174<=$U174),"Amarillo",IF(AND(AQ174>$U174,AQ174<=$V174),"Verde")))),IF($S174="Descendente",IF(AND(AQ174>=$V174,AQ174<$U174),"Verde",IF(AND(AQ174>=$U174,AQ174<$T174),"Amarillo",IF(AND(AQ174>=$T174,AQ174>1.3),"Rojo",0))))))) -> Verde
A175: Santiago de Anaya | B175: 2024 | C175: 4to trimestre | D175: EJE TRANSVERSAL SERVICIOS PÚBLICOS MUNICIPALES INTEGRALES Y SOSTENIBLES | E175: Programa Operativo de Administración Municipal | F175: Administración Municipal | G175: ACTIVIDAD 6.1 | H175: Realizar y elaborar procedimientos de detección de necesidades de capacitación. | I175: ADMON172 | J175: Porcentaje de servidores públicos capacitados en el ayuntamiento. | K175: PDC=( Total de servidores públicos que se capacitan / Total de personal de ayuntamiento Municipal)*100 . | L175: Se refiere al porcentaje del personal interesado en tomar una capacitación en los diversos temas para su mejor desarrollo de sus funciones así como la profesionalización municipal. | M175: Gestión | N175: Eficiencia | O175: Trimestral | P175: No disponible | Q175: No disponible | R175: Reporte generado de la detección de necesidades. | S175: Ascendente | T175: 0.7 | U175: 0.8 | V175: 1 | W175: 0.8 | X175: 0.8 | Y175: Porcentaje | Z175: 1 | AA175: 1 | AB175: =IF(AA175=0,0,IFERROR(AA175/Z175,"")) -> 1 | AC175: =IF(AB175="","",IF(AB175>1.3,"Rojo",IF($S175="Ascendente",IF(AND(AB175=0,AB175=0),0,IF(AND(AB175<=$T175,AB175>0),"Rojo",IF(AND(AB175>$T175,AB175<=$U175),"Amarillo",IF(AND(AB175>$U175,AB175<=$V175),"Verde")))),IF($S175="Descendente",IF(AND(AB175>=$V175,AB175<$U175),"Verde",IF(AND(AB175>=$U175,AB175<$T175),"Amarillo",IF(AND(AB175>=$T175,AB175>1.3),"Rojo",0))))))) -> Verde | AD175: 0 | AE175: 0 | AF175: =IF(AE175=0,0,IFERROR(AE175/AD175,"")) -> 0 | AG175: =IF(AF175="","",IF(AF175>1.3,"Rojo",IF($S175="Ascendente",IF(AND(AF175=0,AF175=0),0,IF(AND(AF175<=$T175,AF175>0),"Rojo",IF(AND(AF175>$T175,AF175<=$U175),"Amarillo",IF(AND(AF175>$U175,AF175<=$V175),"Verde")))),IF($S175="Descendente",IF(AND(AF175>=$V175,AF175<$U175),"Verde",IF(AND(AF175>=$U175,AF175<$T175),"Amarillo",IF(AND(AF175>=$T175,AF175>1.3),"Rojo",0))))))) -> 0 | AH175: 1 | AI175: 1 | AJ175: =IF(AI175=0,0,IFERROR(AI175/AH175,"")) -> 1 | AK175: =IF(AJ175="","",IF(AJ175>1.3,"Rojo",IF($S175="Ascendente",IF(AND(AJ175=0,AJ175=0),0,IF(AND(AJ175<=$T175,AJ175>0),"Rojo",IF(AND(AJ175>$T175,AJ175<=$U175),"Amarillo",IF(AND(AJ175>$U175,AJ175<=$V175),"Verde")))),IF($S175="Descendente",IF(AND(AJ175>=$V175,AJ175<$U175),"Verde",IF(AND(AJ175>=$U175,AJ175<$T175),"Amarillo",IF(AND(AJ175>=$T175,AJ175>1.3),"Rojo",0))))))) -> Verde | AL175: 180 | AM175: 70 | AN175: =IF(AM175=0,0,IFERROR(AM175/AL175,"")) -> 0.38888889 | AO175: =IF(AN175="","",IF(AN175>1.3,"Rojo",IF($S175="Ascendente",IF(AND(AN175=0,AN175=0),0,IF(AND(AN175<=$T175,AN175>0),"Rojo",IF(AND(AN175>$T175,AN175<=$U175),"Amarillo",IF(AND(AN175>$U175,AN175<=$V175),"Verde")))),IF($S175="Descendente",IF(AND(AN175>=$V175,AN175<$U175),"Verde",IF(AND(AN175>=$U175,AN175<$T175),"Amarillo",IF(AND(AN175>=$T175,AN175>1.3),"Rojo",0))))))) -> Rojo | AP175: =150/220 -> 0.68181818 | AQ175: =IF(AP175=0,0,IFERROR(AP175/X175,"")) -> 0.85227273 | AR175: =IF(AQ175="","",IF(AQ175>1.3,"Rojo",IF($S175="Ascendente",IF(AND(AQ175=0,AQ175=0),0,IF(AND(AQ175<=$T175,AQ175>0),"Rojo",IF(AND(AQ175>$T175,AQ175<=$U175),"Amarillo",IF(AND(AQ175>$U175,AQ175<=$V175),"Verde")))),IF($S175="Descendente",IF(AND(AQ175>=$V175,AQ175<$U175),"Verde",IF(AND(AQ175>=$U175,AQ175<$T175),"Amarillo",IF(AND(AQ175>=$T175,AQ175>1.3),"Rojo",0))))))) -> Verde
A176: Santiago de Anaya | B176: 2024 | C176: 4to trimestre | D176: EJE TRANSVERSAL SERVICIOS PÚBLICOS MUNICIPALES INTEGRALES Y SOSTENIBLES | E176: Programa Operativo de Administración Municipal | F176: Administración Municipal | G176: COMPONENTE 7. | H176: Regularizar las unidades económicas mediante licencias de funcionamiento. | I176: ADMON173 | J176: Porcentaje de establecimientos comerciales regulados en el municipio | K176: PEC= (Total de establecimientos regulados/ Total de establecimientos económicos en el Municipio de Santiago de Anaya) *100 | L176: Se refiere al porcentaje de comercios que esta regulados mediante la otorgación de licencia de funcionamiento en el municipio sobre el total de establecimientos. | M176: Gestión | N176: Eficiencia | O176: Semestral | P176: No disponible | Q176: No disponible | R176: Reportes mensuales, POA, Informe de Gobierno | S176: Ascendente | T176: 0.6 | U176: 0.7 | V176: 1 | W176: 0.75 | X176: 1 | Y176: Porcentaje | Z176: 0 | AA176: 0 | AB176: =IF(AA176=0,0,IFERROR(AA176/Z176,"")) -> 0 | AC176: =IF(AB176="","",IF(AB176>1.3,"Rojo",IF($S176="Ascendente",IF(AND(AB176=0,AB176=0),0,IF(AND(AB176<=$T176,AB176>0),"Rojo",IF(AND(AB176>$T176,AB176<=$U176),"Amarillo",IF(AND(AB176>$U176,AB176<=$V176),"Verde")))),IF($S176="Descendente",IF(AND(AB176>=$V176,AB176<$U176),"Verde",IF(AND(AB176>=$U176,AB176<$T176),"Amarillo",IF(AND(AB176>=$T176,AB176>1.3),"Rojo",0))))))) -> 0 | AD176: 116 | AE176: 116 | AF176: =IF(AE176=0,0,IFERROR(AE176/AD176,"")) -> 1 | AG176: =IF(AF176="","",IF(AF176>1.3,"Rojo",IF($S176="Ascendente",IF(AND(AF176=0,AF176=0),0,IF(AND(AF176<=$T176,AF176>0),"Rojo",IF(AND(AF176>$T176,AF176<=$U176),"Amarillo",IF(AND(AF176>$U176,AF176<=$V176),"Verde")))),IF($S176="Descendente",IF(AND(AF176>=$V176,AF176<$U176),"Verde",IF(AND(AF176>=$U176,AF176<$T176),"Amarillo",IF(AND(AF176>=$T176,AF176>1.3),"Rojo",0))))))) -> Verde | AH176: 24 | AI176: 18 | AJ176: =IF(AI176=0,0,IFERROR(AI176/AH176,"")) -> 0.75 | AK176: =IF(AJ176="","",IF(AJ176>1.3,"Rojo",IF($S176="Ascendente",IF(AND(AJ176=0,AJ176=0),0,IF(AND(AJ176<=$T176,AJ176>0),"Rojo",IF(AND(AJ176>$T176,AJ176<=$U176),"Amarillo",IF(AND(AJ176>$U176,AJ176<=$V176),"Verde")))),IF($S176="Descendente",IF(AND(AJ176>=$V176,AJ176<$U176),"Verde",IF(AND(AJ176>=$U176,AJ176<$T176),"Amarillo",IF(AND(AJ176>=$T176,AJ176>1.3),"Rojo",0))))))) -> Verde | AL176: 49 | AM176: 31 | AN176: =IF(AM176=0,0,IFERROR(AM176/AL176,"")) -> 0.63265306 | AO176: =IF(AN176="","",IF(AN176>1.3,"Rojo",IF($S176="Ascendente",IF(AND(AN176=0,AN176=0),0,IF(AND(AN176<=$T176,AN176>0),"Rojo",IF(AND(AN176>$T176,AN176<=$U176),"Amarillo",IF(AND(AN176>$U176,AN176<=$V176),"Verde")))),IF($S176="Descendente",IF(AND(AN176>=$V176,AN176<$U176),"Verde",IF(AND(AN176>=$U176,AN176<$T176),"Amarillo",IF(AND(AN176>=$T176,AN176>1.3),"Rojo",0))))))) -> Amarillo | AP176: 0.95 | AQ176: =IF(AP176=0,0,IFERROR(AP176/X176,"")) -> 0.95 | AR176: =IF(AQ176="","",IF(AQ176>1.3,"Rojo",IF($S176="Ascendente",IF(AND(AQ176=0,AQ176=0),0,IF(AND(AQ176<=$T176,AQ176>0),"Rojo",IF(AND(AQ176>$T176,AQ176<=$U176),"Amarillo",IF(AND(AQ176>$U176,AQ176<=$V176),"Verde")))),IF($S176="Descendente",IF(AND(AQ176>=$V176,AQ176<$U176),"Verde",IF(AND(AQ176>=$U176,AQ176<$T176),"Amarillo",IF(AND(AQ176>=$T176,AQ176>1.3),"Rojo",0))))))) -> Verde
A177: Santiago de Anaya | B177: 2024 | C177: 4to trimestre | D177: EJE TRANSVERSAL SERVICIOS PÚBLICOS MUNICIPALES INTEGRALES Y SOSTENIBLES | E177: Programa Operativo de Administración Municipal | F177: Administración Municipal | G177: ACTIVIDAD 7.1 | H177: Fomentar el pago de licencias a los comercios establecidos y semi establecidos en el municipio. | I177: ADMON174 | J177: Porcentaje de licencias de funcionamiento otorgadas | K177: PLF= (Total de licencias de funcionamiento otorgadas / Total de licencias de funcionamiento proyectadas a otorgar) *100 | L177: Mide el porcentaje de licencias de funcionamiento otorgadas a comercios para regularizar y tener el padrón de funcionamientos. | M177: Gestión | N177: Eficiencia | O177: Trimestral | P177: No disponible | Q177: No disponible | R177: Reportes mensuales, POA, Informe de Gobierno | S177: Ascendente | T177: 0.75 | U177: 0.85 | V177: 1 | W177: 0.9 | X177: 0.9 | Y177: Porcentaje | Z177: 87 | AA177: 87 | AB177: =IF(AA177=0,0,IFERROR(AA177/Z177,"")) -> 1 | AC177: =IF(AB177="","",IF(AB177>1.3,"Rojo",IF($S177="Ascendente",IF(AND(AB177=0,AB177=0),0,IF(AND(AB177<=$T177,AB177>0),"Rojo",IF(AND(AB177>$T177,AB177<=$U177),"Amarillo",IF(AND(AB177>$U177,AB177<=$V177),"Verde")))),IF($S177="Descendente",IF(AND(AB177>=$V177,AB177<$U177),"Verde",IF(AND(AB177>=$U177,AB177<$T177),"Amarillo",IF(AND(AB177>=$T177,AB177>1.3),"Rojo",0))))))) -> Verde | AD177: 33 | AE177: 29 | AF177: =IF(AE177=0,0,IFERROR(AE177/AD177,"")) -> 0.87878788 | AG177: =IF(AF177="","",IF(AF177>1.3,"Rojo",IF($S177="Ascendente",IF(AND(AF177=0,AF177=0),0,IF(AND(AF177<=$T177,AF177>0),"Rojo",IF(AND(AF177>$T177,AF177<=$U177),"Amarillo",IF(AND(AF177>$U177,AF177<=$V177),"Verde")))),IF($S177="Descendente",IF(AND(AF177>=$V177,AF177<$U177),"Verde",IF(AND(AF177>=$U177,AF177<$T177),"Amarillo",IF(AND(AF177>=$T177,AF177>1.3),"Rojo",0))))))) -> Verde | AH177: 24 | AI177: 18 | AJ177: =IF(AI177=0,0,IFERROR(AI177/AH177,"")) -> 0.75 | AK177: =IF(AJ177="","",IF(AJ177>1.3,"Rojo",IF($S177="Ascendente",IF(AND(AJ177=0,AJ177=0),0,IF(AND(AJ177<=$T177,AJ177>0),"Rojo",IF(AND(AJ177>$T177,AJ177<=$U177),"Amarillo",IF(AND(AJ177>$U177,AJ177<=$V177),"Verde")))),IF($S177="Descendente",IF(AND(AJ177>=$V177,AJ177<$U177),"Verde",IF(AND(AJ177>=$U177,AJ177<$T177),"Amarillo",IF(AND(AJ177>=$T177,AJ177>1.3),"Rojo",0))))))) -> Rojo | AL177: 25 | AM177: 13 | AN177: =IF(AM177=0,0,IFERROR(AM177/AL177,"")) -> 0.52 | AO177: =IF(AN177="","",IF(AN177>1.3,"Rojo",IF($S177="Ascendente",IF(AND(AN177=0,AN177=0),0,IF(AND(AN177<=$T177,AN177>0),"Rojo",IF(AND(AN177>$T177,AN177<=$U177),"Amarillo",IF(AND(AN177>$U177,AN177<=$V177),"Verde")))),IF($S177="Descendente",IF(AND(AN177>=$V177,AN177<$U177),"Verde",IF(AND(AN177>=$U177,AN177<$T177),"Amarillo",IF(AND(AN177>=$T177,AN177>1.3),"Rojo",0))))))) -> Rojo | AP177: 0.79 | AQ177: =IF(AP177=0,0,IFERROR(AP177/X177,"")) -> 0.87777778 | AR177: =IF(AQ177="","",IF(AQ177>1.3,"Rojo",IF($S177="Ascendente",IF(AND(AQ177=0,AQ177=0),0,IF(AND(AQ177<=$T177,AQ177>0),"Rojo",IF(AND(AQ177>$T177,AQ177<=$U177),"Amarillo",IF(AND(AQ177>$U177,AQ177<=$V177),"Verde")))),IF($S177="Descendente",IF(AND(AQ177>=$V177,AQ177<$U177),"Verde",IF(AND(AQ177>=$U177,AQ177<$T177),"Amarillo",IF(AND(AQ177>=$T177,AQ177>1.3),"Rojo",0))))))) -> Verde
A178: Santiago de Anaya | B178: 2024 | C178: 4to trimestre | D178: EJE TRANSVERSAL SERVICIOS PÚBLICOS MUNICIPALES INTEGRALES Y SOSTENIBLES | E178: Programa Operativo de Administración Municipal | F178: Administración Municipal | G178: ACTIVIDAD 7.2 | H178: Regular los comercios semifijos a través de un análisis de posible autorización, y una recaudación mejor en favor del municipio. | I178: ADMON175 | J178: Porcentajes de permisos temporales entregados a comercios semifijos y ambulantes | K178: PPTC= (Total de permisos temporales entregados / Total de permisos temporales solicitados) * 100 | L178: Se refiere al porcentaje de cobro de piso en vía pública, comercio semifijo y ambulante para regularizar y controlar el comercio local | M178: Gestión | N178: Eficiencia | O178: Trimestral | P178: No disponible | Q178: No disponible | R178: Reportes mensuales, POA, Informe de Gobierno | S178: Ascendente | T178: 0.8 | U178: 0.9 | V178: 1 | W178: 1 | X178: 1 | Y178: Porcentaje | Z178: 12 | AA178: 9 | AB178: =IF(AA178=0,0,IFERROR(AA178/Z178,"")) -> 0.75 | AC178: =IF(AB178="","",IF(AB178>1.3,"Rojo",IF($S178="Ascendente",IF(AND(AB178=0,AB178=0),0,IF(AND(AB178<=$T178,AB178>0),"Rojo",IF(AND(AB178>$T178,AB178<=$U178),"Amarillo",IF(AND(AB178>$U178,AB178<=$V178),"Verde")))),IF($S178="Descendente",IF(AND(AB178>=$V178,AB178<$U178),"Verde",IF(AND(AB178>=$U178,AB178<$T178),"Amarillo",IF(AND(AB178>=$T178,AB178>1.3),"Rojo",0))))))) -> Rojo | AD178: 11 | AE178: 11 | AF178: =IF(AE178=0,0,IFERROR(AE178/AD178,"")) -> 1 | AG178: =IF(AF178="","",IF(AF178>1.3,"Rojo",IF($S178="Ascendente",IF(AND(AF178=0,AF178=0),0,IF(AND(AF178<=$T178,AF178>0),"Rojo",IF(AND(AF178>$T178,AF178<=$U178),"Amarillo",IF(AND(AF178>$U178,AF178<=$V178),"Verde")))),IF($S178="Descendente",IF(AND(AF178>=$V178,AF178<$U178),"Verde",IF(AND(AF178>=$U178,AF178<$T178),"Amarillo",IF(AND(AF178>=$T178,AF178>1.3),"Rojo",0))))))) -> Verde | AH178: 5 | AI178: 5 | AJ178: =IF(AI178=0,0,IFERROR(AI178/AH178,"")) -> 1 | AK178: =IF(AJ178="","",IF(AJ178>1.3,"Rojo",IF($S178="Ascendente",IF(AND(AJ178=0,AJ178=0),0,IF(AND(AJ178<=$T178,AJ178>0),"Rojo",IF(AND(AJ178>$T178,AJ178<=$U178),"Amarillo",IF(AND(AJ178>$U178,AJ178<=$V178),"Verde")))),IF($S178="Descendente",IF(AND(AJ178>=$V178,AJ178<$U178),"Verde",IF(AND(AJ178>=$U178,AJ178<$T178),"Amarillo",IF(AND(AJ178>=$T178,AJ178>1.3),"Rojo",0))))))) -> Verde | AL178: 10 | AM178: 10 | AN178: =IF(AM178=0,0,IFERROR(AM178/AL178,"")) -> 1 | AO178: =IF(AN178="","",IF(AN178>1.3,"Rojo",IF($S178="Ascendente",IF(AND(AN178=0,AN178=0),0,IF(AND(AN178<=$T178,AN178>0),"Rojo",IF(AND(AN178>$T178,AN178<=$U178),"Amarillo",IF(AND(AN178>$U178,AN178<=$V178),"Verde")))),IF($S178="Descendente",IF(AND(AN178>=$V178,AN178<$U178),"Verde",IF(AND(AN178>=$U178,AN178<$T178),"Amarillo",IF(AND(AN178>=$T178,AN178>1.3),"Rojo",0))))))) -> Verde | AP178: 0.94 | AQ178: =IF(AP178=0,0,IFERROR(AP178/X178,"")) -> 0.94 | AR178: =IF(AQ178="","",IF(AQ178>1.3,"Rojo",IF($S178="Ascendente",IF(AND(AQ178=0,AQ178=0),0,IF(AND(AQ178<=$T178,AQ178>0),"Rojo",IF(AND(AQ178>$T178,AQ178<=$U178),"Amarillo",IF(AND(AQ178>$U178,AQ178<=$V178),"Verde")))),IF($S178="Descendente",IF(AND(AQ178>=$V178,AQ178<$U178),"Verde",IF(AND(AQ178>=$U178,AQ178<$T178),"Amarillo",IF(AND(AQ178>=$T178,AQ178>1.3),"Rojo",0))))))) -> Verde
